 Dungeon Crawl Stone Soup version 0.24.0-1-gfbc8707 (webtiles) character file.

Game seed: 7530485103118726722, levelgen mode: deterministic

1679743 Vixiris the Conqueror (level 27, 193/273 HPs)
             Began as a Minotaur Berserker on Nov 15, 2019.
             Was a Priest of Trog.
             Escaped with the Orb
             ... and 3 runes on Nov 19, 2019!
             The game lasted 11:00:22 (74044 turns).

Vixiris the Conqueror (Minotaur Berserker)         Turns: 74044, Time: 11:00:22

Health: 193/273    AC: 33    Str: 21 (22) XL:     27
Magic:  22/22      EV: 31    Int: 11      God:    Trog [***...]
Gold:   4145       SH:  0    Dex: 37      Spells: 26/26 levels left

rFire    + + .     SeeInvis +   b - +9 executioner's axe (chop)
rCold    . . .     Gourm    .   (shield currently unavailable)
rNeg     + . .     Faith    .   k - +6 shadow dragon scales of the Desert {Str+6 Dex+4 Stlth++++}
rPois    .         Spirit   .   O - +0 hat "Oceuczae" {rElec rCorr Str-5 Dex+4}
rElec    +         Reflect  .   y - scarf {repulsion}
rCorr    +         Harm     .   g - +0 pair of fencer's gloves {Riposte Dex+3}
MR       ++++.                  v - +0 pair of boots "Moc Qyul" {Regen+ SInv}
Stlth    ++........             l - amulet "Bauczupo" {+Rage rN+ Int+5 Dex+4 Slay+2}
HPRegen  0.95/turn              D - ring of Pyemud {MR++ AC+3}
MPRegen  0.18/turn              K - ring of Nighad Cuno {rF+ Str-5 Dex+7 SInv}

@: repel missiles
A: retaliatory headbutt, horns 2, clumsy 1, fire resistance 1, mutation
resistance 1
0: Orb of Zot
}: 3/15 runes: decaying, serpentine, silver
a: Berserk, Trog's Hand, Renounce Religion, Evoke Berserk Rage


You escaped.
You worshipped Trog.
Trog was most pleased with you.
You were not hungry.

You visited 11 branches of the dungeon, and saw 51 of its levels.
You also visited: Ossuary and Gauntlet.

You collected 7215 gold pieces.
You spent 3070 gold pieces at shops.


Innate Abilities, Weirdness & Mutations

You reflexively headbutt those who attack you in melee.
You have a pair of horns on your head.
You are clumsy. (Dex -2)
Your flesh is heat resistant. (rF+)
You are somewhat resistant to further mutation.


   Skills:
 O Level 27 Fighting
 * Level 26.4(27) Axes
 - Level 21.5(26.4) Maces & Flails
 - Level 15.4 Throwing
 + Level 23.5 Armour
 + Level 22.0 Dodging


You had 26 spell levels left.
You didn't know any spells.
Your spell library contained the following spells:

 Spells                   Type           Power        Failure   Level  Hunger
 Corpse Rot               Necr           N/A          86%         2    ###....
 Song of Slaying          Chrm           #.......     86%         2    ###....
 Mephitic Cloud           Conj/Pois/Air  #.......     98%         3    ####...
 Regeneration             Chrm/Necr      #.........   98%         3    ####...
 Stone Arrow              Conj/Erth      #.....       98%         3    ####...
 Leda's Liquefaction      Hex/Erth       #.........   100%        4    #####..
 Summon Lightning Spire   Summ/Air       #.......     100%        4    #####..
 Silence                  Hex/Air        #.........   100%        5    ######.
 Summon Forest            Summ/Tloc      #.........   100%        5    ######.
 Hydra Form               Tmut           #.........   100%        6    #######
 Summon Hydra             Summ           #.........   100%        7    #######


Dungeon Overview and Level Annotations

Branches:
Dungeon (15/15)            Temple (1/1) D:4            Lair (6/6) D:11
  Swamp (4/4) Lair:2        Snake (4/4) Lair:4        Slime (0/5) Lair:5
    Orc (2/2) D:10            Elf (3/3) Orc:2        Vaults (5/5) D:13
  Crypt (1/3) Vaults:2     Depths (5/5) D:15            Zot (5/5) Depths:5
Ossuary (visited)         Gauntlet (visited)

Altars:
Ashenzari
Cheibriados
Dithmenos
Elyvilon
Fedhas
Gozag
Hepliaklqana
Kikubaaqudgha
Makhleb
Nemelex Xobeh
Okawaru
Qazlal
Ru
Sif Muna
Trog
Uskayaw
Vehumet
Wu Jian
Xom
Yredelemnul
Zin
The Shining One
Beogh
Jiyva

Shops:
D:5 (!!(   D:7 (   D:9 ?   D:15 :   Orc:2 :([*   Elf:1 ?   Vaults:4 !
Depths:2 [[[=   Depths:3 ?}=}   Depths:5 ![*:

Portals:
Hell: Depths:1 Depths:2 Depths:3 Depths:4 Depths:5
Abyss: Depths:3 Depths:4
Pandemonium: Depths:3
Ziggurat: Depths:2

Annotations:
D:7 1 runed translucent door
Lair:5 exclusion: 2 oklob plants
Snake:4 2 transporters, Kicir's ghost, adept GnFi

Inventory:

Hand Weapons
 a - a +9 great mace of electrocution {Trogger}
   (Trog gifted it to you on level 11 of the Dungeon)
 b - a +9 executioner's axe of chopping (weapon)
   (You subdued it on level 2 of the Elven Halls)
 C - a +5 antimagic battleaxe
   (Trog gifted it to you on level 4 of the Depths)
Missiles
 j - a throwing net {=f, !d}
 p - 4 silver javelins (quivered)
 P - 22 atropa-tipped darts
 R - 122 poisoned darts
 T - 10 curare-tipped darts
Armour
 g - the +0 pair of fencer's gloves (worn) {Riposte Dex+3}
   (You found it on level 3 of the Elven Halls)

   It affects your dexterity (+3).
 k - the +6 shadow dragon scales of the Desert (worn) {Str+6 Dex+4 Stlth++++}
   (You found it on level 2 of the Depths)

   It affects your strength (+6).
   It affects your dexterity (+4).
   It makes you much more stealthy.
 v - the +0 pair of boots "Moc Qyul" (worn) {Regen+ SInv}
   (You found it on level 2 of the Vaults)

   It lets you see invisible.
   It increases your rate of regeneration.
 y - a scarf of repulsion (worn)
   (You found it on level 4 of the Dungeon)
 O - the +0 hat "Oceuczae" (worn) {rElec rCorr Str-5 Dex+4}
   (You found it on level 4 of the Vaults)

   It affects your strength (-5).
   It affects your dexterity (+4).
   It insulates you from electricity.
   It provides partial protection from all sources of acid and corrosion.
Jewellery
 e - the ring of the Mage {Wiz MR++ Int+3}
   (You took it off a frost giant on level 4 of the Depths)

   [ring of wizardry]

   It improves your spell success rate.
   It affects your intelligence (+3).
   It affects your resistance to hostile enchantments.
 i - the ring "Haenwiol" {rC+ EV+5 Int+4 Dex-5, unknown}
   (You found it on level 3 of the Realm of Zot)

   [ring of evasion]

   It affects your evasion (+5).
   It affects your intelligence (+4).
   It affects your dexterity (-5).
   It protects you from cold.
 l - the amulet "Bauczupo" (around neck) {+Rage rN+ Int+5 Dex+4 Slay+2}
   (You found it on level 2 of the Vaults)

   [amulet of rage]

   It affects your intelligence (+5).
   It affects your dexterity (+4).
   It affects your accuracy and damage with ranged weapons and melee attacks
   (+2).
   It protects you from negative energy.
   It lets you go berserk.
 D - the ring of Pyemud (left hand) {MR++ AC+3}
   (You bought it in a shop on level 2 of the Depths)

   [ring of protection]

   It affects your AC (+3).
   It affects your resistance to hostile enchantments.
 K - the ring of Nighad Cuno (right hand) {rF+ Str-5 Dex+7 SInv}
   (You took it off a deep elf mage on level 3 of the Elven Halls)

   [ring of see invisible]

   It affects your strength (-5).
   It affects your dexterity (+7).
   It protects you from fire.
   It lets you see invisible.
Wands
 H - a wand of paralysis (32)
   (You found it in a Gauntlet)
 I - a wand of enslavement (35)
   (You found it on level 6 of the Dungeon)
 S - a wand of digging (13)
   (You found it on level 2 of the Swamp)
 U - a wand of clouds (7)
   (You found it on level 5 of the Lair of Beasts)
 Z - a wand of polymorph (9)
   (You found it on level 3 of the Depths)
Scrolls
 c - 4 scrolls of enchant armour
 d - 6 scrolls of fear
 f - a scroll of magic mapping {!r}
 h - 46 scrolls of identify
 r - 3 scrolls of holy word {!r}
 t - 25 scrolls of teleportation
 w - 25 scrolls of remove curse
 E - 8 scrolls of immolation {!r}
 G - 8 scrolls of fog
 Q - a scroll of silence
 V - 4 scrolls of blinking {!r}
 Y - a scroll of acquirement
Potions
 m - 8 potions of flight
 n - 8 potions of agility
 q - a potion of cancellation
 u - a potion of might
 x - 17 potions of curing
 z - a potion of resistance
 M - 2 potions of invisibility
 W - a potion of brilliance
Comestibles
 B - 31 rations

#.#.............#.#
#....###...###....#
#....#......>#....#
#....#.......#....#
#.#.............###
#.#......#......#
#.#.............## ##
#....#.......#...# #.
#....#@......#...# #.
##...###2..###..(#####.
##.............#......
#.............#.#####
###...###...###.# #####
###.###.# #.....#
#####.# #.#


You could see a lorocyproca (invisible).


Message History

Okay, then.
You start resting.
A hellion comes into view.
A great orb of eyes comes into view.
You climb upwards.
There is a stone staircase leading down here.
There is a stone staircase leading up here.
You climb upwards.
There is a stone staircase leading down here.
You feel much better.
Okay, then.
There is an open door here.
Your hearing returns.
There is an open door here.
There is a stone staircase leading up here.
You climb upwards.
There is a stone staircase leading down here.
Your skin crawls.
You feel resistant to hostile enchantments.
You feel somewhat more hungry.
There is a stone staircase leading up here.
You climb upwards.
There is a stone staircase leading down here.
A rakshasa comes into view. It is wielding a +0 whip.
You feel the effects of Trog's Hand fading.
There is an open door here.
Your skin stops crawling.
You feel less resistant to hostile enchantments.
The rakshasa gestures at you.
The orb of energy is repelled.
There is an open door here.
Your skin crawls.
You feel resistant to hostile enchantments.
You feel somewhat more hungry.
An ice devil comes into view.
The rakshasa weaves an illusion.
The ice devil shimmers and seems to become two!
The ice devil misses you. You furiously retaliate!
You headbutt the ice devil!
The rakshasa weaves an illusion.
The ice devil shimmers and seems to become two!
You feel the effects of Trog's Hand fading.
There is a stone staircase leading up here.
The ice devil completely misses you. You furiously retaliate!
You headbutt the ice devil, but do no damage.
You climb upwards.
There is a stone staircase leading down here.
Your skin stops crawling.
You feel less resistant to hostile enchantments.
Your skin crawls.
You feel resistant to hostile enchantments.
You are feeling hungry.
You eat one of the 32 rations.
That ration really hit the spot!
You feel the effects of Trog's Hand fading.
A Hell Sentinel comes into view.
The Hell Sentinel hits you!!
The Hell Sentinel hits you but does no damage.
Your skin stops crawling.
You feel less resistant to hostile enchantments.
The Hell Sentinel gestures at you. The iron shot hits you!!!!
Your skin crawls.
You feel resistant to hostile enchantments.
You feel quite a bit more hungry. The Hell Sentinel closely misses you.
You furiously retaliate!
You headbutt the Hell Sentinel, but do no damage.
You riposte.
You slice the Hell Sentinel!! The Hell Sentinel barely misses you.
Okay, then.
Press: ? - help, v - describe, . - travel
Here: a Hell Sentinel (moderately wounded)
The floor.
You slice the Hell Sentinel!! You headbutt the Hell Sentinel.
Press: ? - help, v - describe, . - travel A rock wall.
This square is covered in magical glow.
You hit the Hell Sentinel. The Hell Sentinel misses you.
You furiously retaliate!
You headbutt the Hell Sentinel! The Hell Sentinel barely misses you.
You slash the Hell Sentinel! The Hell Sentinel misses you.
You furiously retaliate!
You headbutt the Hell Sentinel, but do no damage.
The Hell Sentinel completely misses you.
You slice the Hell Sentinel!!
You headbutt the Hell Sentinel, but do no damage.
The Hell Sentinel closely misses you. You furiously retaliate!
You headbutt the Hell Sentinel, but do no damage.
The Hell Sentinel hits you!
You are struck by the Hell Sentinel's spines.
You slash the Hell Sentinel! You headbutt the Hell Sentinel!
You are struck by the Hell Sentinel's spines.
You slice the Hell Sentinel!!
You kill the Hell Sentinel!
Trog accepts your kill.
You feel the effects of Trog's Hand fading.
You see here a +0 club.
Your skin stops crawling.
You feel less resistant to hostile enchantments.
A lorocyproca comes into view.
You see here 14 stones.
There is a staircase leading out of the dungeon here.
You have escaped!

Action                   |  1- 3 |  4- 6 |  7- 9 | 10-12 | 13-15 | 16-18 | 19-21 | 22-24 | 25-27 || total
-------------------------+-------+-------+-------+-------+-------+-------+-------+-------+-------++-------
Melee: Mace              |    54 |    59 |   106 |       |       |   166 |       |       |       ||   385
       Headbutt          |     6 |    12 |    54 |    63 |   300 |   229 |   355 |   468 |   384 ||  1871
       Club              |       |       |   209 |    96 |       |       |       |       |       ||   305
       Morningstar       |       |       |       |   104 |   124 |       |       |       |       ||   228
       Great mace        |       |       |       |       |  1070 |   821 |  1144 |   153 |   199 ||  3387
       Executioner's axe |       |       |       |       |       |       |       |   861 |   589 ||  1450
       Battleaxe         |       |       |       |       |       |       |       |    17 |       ||    17
Throw: Javelin           |    22 |    52 |    48 |    26 |   299 |   273 |   133 |   182 |    83 ||  1118
       Boomerang         |       |       |    54 |     7 |    80 |   632 |       |     8 |   160 ||   941
       Dart              |       |       |    64 |     9 |    68 |   103 |   339 |     7 |       ||   590
Invok: Berserk           |     1 |     3 |     7 |     2 |    19 |     8 |    19 |     1 |     7 ||    67
       Trog's Hand       |     1 |     2 |     2 |     1 |     9 |    15 |     6 |     8 |    55 ||    99
       Brothers in Arms  |       |       |       |       |     4 |     3 |     5 |     2 |     2 ||    16
Evoke: Wand              |       |       |       |     2 |     7 |       |       |       |     1 ||    10
       Box of beasts     |       |       |       |       |     4 |       |       |       |       ||     4
       Sack of spiders   |       |       |       |       |       |     2 |     1 |       |       ||     3
       Phial of floods   |       |       |       |       |       |     1 |     1 |       |       ||     2
       Fan of gales      |       |       |       |       |       |       |     1 |       |       ||     1
  Use: Scroll            |       |     4 |     9 |    13 |    16 |    12 |     7 |     4 |    11 ||    76
       Potion            |       |       |     2 |     9 |    19 |     5 |     2 |     5 |    14 ||    56
 Stab: Confused          |       |       |       |       |       |     1 |       |       |       ||     1
       Distracted        |       |       |       |       |       |     1 |       |     5 |     6 ||    12
       Sleeping          |       |       |       |       |       |       |       |     3 |     8 ||    11
       Invisible         |       |       |       |       |       |       |       |       |     4 ||     4
  Eat: Chunk             |     2 |     3 |     9 |     7 |    12 |    13 |    20 |     4 |       ||    70
       Ration            |       |     3 |     3 |     1 |    21 |    14 |    11 |    12 |    16 ||    81
Armor: Animal skin       |     9 |       |       |       |       |       |       |       |       ||     9
       Ring mail         |     9 |    24 |     9 |       |       |       |       |       |       ||    42
       Chain mail        |       |       |   106 |    51 |     8 |       |       |       |       ||   165
       Plate armour      |       |       |       |       |   541 |   538 |    41 |       |       ||  1120
       Ice dragon scales |       |       |       |       |       |       |   162 |    89 |       ||   251
       Shadow dragon sca |       |       |       |       |       |       |       |   280 |   365 ||   645
Dodge: Dodged            |    36 |    54 |    91 |    65 |   807 |   966 |  1184 |  1294 |  1051 ||  5548
       Deflected         |       |       |     1 |       |    40 |   100 |    97 |    76 |    49 ||   363
Block: Shield            |       |       |   127 |    83 |    80 |       |       |       |       ||   290
       Rpst.: Executioner's axe |       |       |       |       |       |       |       |   191 |   143 ||   334
       Great mace        |       |       |       |       |       |       |       |     5 |    49 ||    54

Levels and vault maps discovered:
D:1:      minmay_arrival_open_corners, layout_basic, minmay_hexomino_p4
D:2:      layout_loops_corners, gammafunk_temple_overflow_wave, first_ration,
          chequers_ecumenical_altar_grove, corexii_item_surrounded_by_moat
D:3:      layout_loops_ring, nicolae_gozag_cash_rules_everything_around_me,
          serial_bayou_pond_b, hangedman_abyss_or_decor_stabs
D:4:      layout_gridville, minmay_temple_entry_arrows,
          gup_ossuary_entry_pyramid, nicolae_ru_great_annihilating_truth
D:5:      layout_layer_cave, serial_shops, shop, shop, shop, shop, uniq_ijyb
D:6:      layout_loops_ring, nrook_loot_triangle
D:7:      layout_basic, serial_shops, nicolae_shop_waterfront, the_bakery,
          lemuel_angel_altar
D:8:      layout_gridville, grunt_temple_overflow_growth_and_decay,
          kennysheep_little_box, uniq_prince_ribbit1
D:9:      layout_basic, overflow_temple_1_default, lemuel_doored_altar,
          serial_shops, nicolae_shop_waterfront, guppyfry_early_elven_hall
D:10:     layout_loops_ring, erik_orc_4, item_on_display_b
D:11:     layout_basic, minmay_lair_entry_grove, hangedman_decor_points,
          uniq_grum, uniq_urug
D:12:     layout_loops_ring
D:13:     layout_cave_pools, erik_vaults_2, grunt_qazlal_sundering,
          uniq_josephine
D:14:     layout_loops_ring, hangedman_decor_lopped, uniq_kirke
D:15:     gammafunk_depths_entry_grave, layout_long_grid, hex_tiny,
          serial_shops, nicolae_shop_stone
Temple:   nicolae_temple_figure_eight
Lair:1:   layout_small_grid
Lair:2:   beast_lair_carwin_large_3, layout_regular_city,
          palyth_hydra_swamp_entry
Lair:3:   wad_woods_structure_01, layout_regular_city
Lair:4:   layout_loops_ring, guppyfry_snake_entry_island, bh_chokoban,
          beast_lair_carwin_3
Lair:5:   dpeg_oklob_gauntlet, layout_gridlike, slime_altar_1,
          hangedman_lair_generics_rect, serial_bayou_shore_b, lemuel_fruit_tree
Lair:6:   cheibrodos_lair_end_hotspot, layout_small_grid, gauntlet_entry_generic
Swamp:1:  layout_falls_marsh, evilmike_swamp_ruin_house_2
Swamp:2:  layout_basic_swamp, evilmike_swamp_ruin_house_4,
          infiniplex_staircase_pool
Swamp:3:  cheibrodos_swamp_heart_of_darkness, layout_basic_swamp,
          evilmike_swamp_ruin_house_6
Swamp:4:  swamp_alternative, layout_basic_swamp, uniq_aizul
Snake:1:  nicolae_snake_hallway, layout_onion_interference
Snake:2:  layout_misc_corridors
Snake:3:  layout_rooms, nicolae_snake_single_loop
Snake:4:  johnstein_snake_rune_scales, layout_misc_corridors,
          gammafunk_ghost_arena, basic_altar, serial_bayou_shore_b
Orc:1:    orc_temple, layout_caves, serial_shops, nicolae_shop_stone,
          bh_open_orc_temple
Orc:2:    grunt_orc_cross, layout_diamond_mine, basic_altar
Elf:1:    minmay_elf_arrival_circle, layout_loops_cross, serial_shops, shop,
          minmay_elf_annihilation, nicolae_elf_glass_and_crystal_pillar_2
Elf:2:    layout_gridlike
Elf:3:    minmay_elf_hall_curves, layout_rooms, ebering_ghost_xom,
          grunt_megastairs_3, uniq_donald
Vaults:1: v_alt_pattern_4, nicolae_vaults_yaktaur_gun_rack,
          grunt_vaults_diagonal, nicolae_vaults_specimen_jars,
          ontoclasm_vaults_shuriken, v_pattern_4, vaults_room_door_hall,
          st_cells, grunt_vaults_funnel, vaults_room_grid, v_misc_25,
          vaults_room_fours, vaults_room_corners, serial_ice_h,
          layout_vaults_omnibox
Vaults:2: v_misc_33, hangedman_vaults_snaps, hangedman_vaults_restitches,
          hangedman_vaults_corner_blocks, vaults_room_door_hall,
          vaults_room_pools, v_alt_pattern_4, v_misc_8, st_check,
          ontoclasm_vaults_tryst, hangedman_vaults_capsules,
          hangedman_vaults_trim, layout_vaults_omnicross, uniq_asterion
Vaults:3: v_misc_23, v_rooms_1, v_misc_19, v_misc_8, vaults_mumra_hex,
          vaults_room_hangedman_quadrants, layout_vaults_omnigrid
Vaults:4: ontoclasm_vaults_ring_small, nicolae_vaults_little_squares_1,
          v_misc_18, v_misc_24, grunt_tower_of_power,
          ontoclasm_vaults_loading_screen, v_misc_10, ontoclasm_vaults_ligature,
          vaults_dpeg_ring, vaults_room_fours, layout_vaults_big_room,
          serial_shops, nicolae_shop_window_shopping, shop_coins, uniq_margery
Vaults:5: uniq_mennas
Crypt:1:  layout_chaotic_city, grunt_crypt_arrival_guarded_gate, uniq_frederick,
          uniq_bai_suzhen
Depths:1: layout_gridville, pf_hell_entry_great_geh, minmay_tree_intersection,
          serial_sigils_hangedman_stare, minmay_holes,
          chequers_serial_rivers_small_a, minmay_pinched_square, uniq_nikola
Depths:2: regret_index_dithmenos_brocken_genspenst, layout_cave_pools,
          enter_ziggurat_b, rand_demon_pan_entry_9, hangedman_coc_ice_floe,
          infiniplex_staircase_pillars_2, minmay_shoptagon
Depths:3: minmay_the_grid_octo_tiled_squarecenter
          [minmay_the_grid_octo_vomiting_pacman, minmay_the_grid_octo_horde,
          minmay_the_grid_octo_thin_diamonds,
          minmay_the_grid_octo_checkerflower,
          minmay_the_grid_square_5x5_megaprize_diamond,
          minmay_the_grid_square_5x5_forky,
          minmay_the_grid_square_5x5_two_walls_b,
          minmay_the_grid_square_5x5_pentomino_r,
          minmay_the_grid_square_5x5_tie], layout_gridlike, abyss_entry,
          nicolae_twisting_strands, pan_entry, serial_shops, kennysheep_mini,
          biasface_ghost_demon_polymorph, hell_entry,
          minmay_staircase_windowed_small, minmay_shop_grove, uniq_sojobo,
          uniq_enchantress
Depths:4: box_level_dp, abyss_entry, hell_entry
Depths:5: evilmike_zot_entry_argh, layout_gridlike, hell_entry, serial_shops,
          nicolae_shop_stone, nicolae_shop_trees, nicolae_shop_statue_plus,
          shop, hangedman_decor_push
Zot:1:    layout_onion, st_small_dragon_hoard_1, st_stairs_12
Zot:2:    kennysheep_ambush_hall, layout_onion_interference, st_stairs_4,
          lemuel_golem_globe
Zot:3:    layout_twisted_circle
Zot:4:    grunt_deathspiral_small, layout_concentric_octagons
Zot:5:    layout_misc_corridors, grunt_ministairs_2

Notes
Turn   | Place    | Note
-------+----------+-------------------------------------------
     0 | D:1      | Vixiris the Minotaur Berserker began the quest for the Orb.
     0 | D:1      | Reached XP level 1. HP: 19/19 MP: 0/0
    30 | D:1      | Identified a +0 club
    80 | D:1      | Reached XP level 2. HP: 27/27 MP: 1/1
   129 | D:1      | Identified a +0 club
   135 | D:1      | Identified a +0 club
   166 | D:1      | Identified a +0 dagger
   181 | D:1      | Reached skill level 4 in Maces & Flails
   223 | D:1      | Reached ** piety under Trog
   223 | D:1      | Reached skill level 4 in Fighting
   225 | D:1      | Reached skill level 3 in Armour
   247 | D:1      | Identified a +0 ring mail (You found it on level 1 of the
                  | Dungeon)
   450 | D:1      | Identified a +0 club
   452 | D:1      | Reached XP level 3. HP: 33/33 MP: 2/2
   566 | D:1      | Identified a +0 short sword
   674 | D:1      | Identified a +0 whip
  1030 | D:2      | Found a glowing silver altar of Zin.
  1030 | D:2      | Found a bloodstained altar of Trog.
  1082 | D:2      | Identified a +0 club
  1212 | D:2      | Reached XP level 4. HP: 40/40 MP: 3/3
  1305 | D:2      | Identified a +0 short sword
  1418 | D:2      | Reached skill level 3 in Dodging
  1619 | D:2      | Found a faded altar of an unknown god.
  1845 | D:2      | Identified an amulet of the acrobat (You found it on level
                  | 1 of the Dungeon)
  1854 | D:2      | Identified a +0 cloak (You found it on level 1 of the
                  | Dungeon)
  2003 | D:3      | You fall into a shaft and drop 1 floor!
  2009 | D:4      | Found a staircase to the Ecumenical Temple.
  2020 | D:4      | Identified a +0 giant spiked club
  2020 | D:4      | Noticed an ogre
  2040 | D:4      | Killed an ogre
  2040 | D:4      | Reached skill level 1 in Throwing
  2040 | D:4      | Reached XP level 5. HP: 47/47 MP: 4/4
  2050 | D:4      | Identified a cursed -1 hand axe (You found it on level 4 of
                  | the Dungeon)
  2051 | D:4      | Identified 3 scrolls of identify
  2051 | D:4      | Identified 2 scrolls of teleportation
  2052 | D:4      | Identified 3 scrolls of enchant weapon
  2053 | D:4      | Identified a scroll of amnesia
  2054 | D:4      | Identified a scroll of remove curse
  2055 | D:4      | Identified a +1 mace
  2099 | D:4      | Found a sand-covered staircase.
  2105 | Ossuary  | Entered an ossuary
  2105 | Ossuary  | Noticed a wraith
  2105 | Ossuary  | Noticed a wraith
  2105 | Ossuary  | Noticed a wraith
  2426 | Ossuary  | Reached *** piety under Trog
  2507 | Ossuary  | Noticed a wraith
  2515 | Ossuary  | Killed a wraith
  2515 | Ossuary  | Reached skill level 5 in Fighting
  2515 | Ossuary  | Reached skill level 5 in Maces & Flails
  2515 | Ossuary  | Reached skill level 2 in Throwing
  2515 | Ossuary  | Reached skill level 4 in Armour
  2515 | Ossuary  | Reached XP level 6. HP: 56/56 MP: 5/5
  2609 | D:4      | Reached skill level 4 in Dodging
  2677 | D:4      | Found a sacrificial altar of Ru.
  2677 | D:4      | Identified a +0 dagger
  2677 | D:4      | Identified a +0 robe
  2680 | D:4      | Identified a +0 club
  2829 | D:4      | Reached XP level 7. HP: 48/61 MP: 6/6
  3142 | D:4      | Identified a +0 club
  3142 | D:4      | Identified a +3 chain mail
  3143 | D:4      | Identified a +0 dagger
  3143 | D:4      | Identified a +0 robe
  3143 | D:4      | Identified a +0 hand axe
  3143 | D:4      | Identified a +0 leather armour
  3197 | D:4      | Identified a +2 shield (You found it on level 4 of the
                  | Dungeon)
  3207 | D:4      | Identified a scarf of repulsion (You found it on level 4 of
                  | the Dungeon)
  3373 | D:4      | Identified a cursed +0 scale mail (You found it on level 4
                  | of the Dungeon)
  3457 | D:4      | Identified a +0 club
  3459 | D:4      | Identified a +0 flail
  3461 | D:4      | Identified a +0 war axe
  3461 | D:4      | Identified a +0 club
  3469 | D:4      | Reached skill level 5 in Armour
  3469 | D:4      | Identified a +0 dagger
  3469 | D:4      | Identified a +0 robe
  3478 | D:4      | Reached skill level 3 in Throwing
  3735 | D:5      | Entered Level 5 of the Dungeon
  3735 | D:5      | Found Maeh Con's Distillery.
  3735 | D:5      | Identified a cursed -3 mace
  3752 | D:5      | Found Axtanil's Antique Weapon Shop.
  3754 | D:5      | Bought a potion of heal wounds for 75 gold pieces
  3770 | D:5      | Reached **** piety under Trog
  3867 | D:3      | Found an opulent altar of Gozag.
  3867 | D:3      | Identified a +0 whip
  3871 | D:3      | Reached skill level 6 in Maces & Flails
  3901 | D:3      | Reached skill level 6 in Fighting
  3930 | D:3      | Identified a ring of protection from magic (You found it on
                  | level 3 of the Dungeon)
  3938 | D:3      | Identified a +0 dagger
  3966 | D:3      | Identified a +2 dagger of venom
  4129 | D:3      | Identified a +0 club
  4218 | D:3      | Identified a +0 club
  4227 | D:3      | Identified a +0 club
  4229 | D:3      | Identified a +0 dagger
  4624 | D:5      | Identified a +0 halberd
  4625 | D:5      | Identified a +0 whip
  4625 | D:5      | Identified a +0 flail
  4626 | D:5      | Identified a +0 whip
  4626 | D:5      | Identified a +0 leather armour
  4627 | D:5      | Identified a +1 spear of venom
  4637 | D:5      | Identified a +0 spear
  4655 | D:5      | Reached skill level 5 in Dodging
  4685 | D:5      | Identified a +2 pair of boots (You found it on level 5 of
                  | the Dungeon)
  4717 | D:5      | Identified a +4 club
  4717 | D:5      | Identified a +0 scale mail
  4717 | D:5      | Noticed Ijyb
  4724 | D:5      | Killed Ijyb
  4724 | D:5      | Reached XP level 8. HP: 70/70 MP: 7/7
  4922 | D:5      | Found Qaonin's Distillery.
  4949 | D:5      | Bought a potion of curing for 36 gold pieces
  4949 | D:5      | Bought a potion of heal wounds for 60 gold pieces
  5022 | D:5      | Reached skill level 4 in Throwing
  5022 | D:5      | Reached skill level 6 in Armour
  5119 | D:5      | Found Mydghowerph's Antique Weapon Emporium.
  5349 | D:6      | Identified a cursed +0 long sword (You found it on level 6
                  | of the Dungeon)
  5354 | D:6      | Identified a +0 shortbow
  5732 | D:6      | Reached skill level 7 in Fighting
  5732 | D:6      | Reached skill level 7 in Maces & Flails
  5741 | D:6      | Identified a +0 spear
  5741 | D:6      | Identified a +0 halberd
  5742 | D:6      | Identified a +0 whip
  5990 | D:6      | Identified a +0 giant spiked club
  5996 | D:6      | Reached skill level 6 in Dodging
  6116 | D:6      | Reached XP level 9. HP: 74/79 MP: 8/8
  6198 | D:7      | Reached ***** piety under Trog
  6317 | D:7      | Identified a +0 short sword of venom
  6317 | D:7      | Identified a +0 shortbow
  6325 | D:7      | Identified a +0 short sword
  6329 | D:7      | Reached skill level 5 in Throwing
  6364 | D:7      | Identified a +0 club
  6365 | D:7      | Identified a +0 dagger
  6375 | D:7      | Reached skill level 7 in Armour
  6388 | D:7      | Found Quex Res's Weapon Boutique.
  6460 | D:7      | Found a white marble altar of Elyvilon.
  6460 | D:7      | Identified a +1 whip of holy wrath
  6460 | D:7      | Identified a +0 robe
  6460 | D:7      | Noticed an angel
  6461 | D:7      | Found a runed translucent door.
  6490 | D:7      | Identified a +0 shortbow
  6551 | D:7      | Identified a +0 dagger
  6551 | D:7      | Identified a +0 robe
  6932 | D:8      | Noticed Prince Ribbit
  6962 | D:8      | Killed Prince Ribbit
  6972 | D:8      | Identified a ring of dexterity (You found it on level 8 of
                  | the Dungeon)
  7193 | D:8      | Reached skill level 8 in Fighting
  7194 | D:8      | Reached skill level 8 in Maces & Flails
  7422 | D:8      | Identified 4 potions of flight
  7423 | D:8      | Identified 2 scrolls of fog
  7424 | D:8      | Identified 3 potions of agility
  7425 | D:8      | Identified 3 potions of brilliance
  7426 | D:8      | Identified 3 potions of haste
  7427 | D:8      | Identified 2 scrolls of immolation
  7428 | D:8      | Identified 2 scrolls of random uselessness
  7585 | D:8      | Identified a +0 short sword
  7585 | D:8      | Identified a +0 leather armour
  7585 | D:8      | Identified a +0 mace
  7585 | D:8      | Found a burning altar of Makhleb.
  7586 | D:8      | Identified a +0 club
  7591 | D:8      | Reached skill level 7 in Dodging
  7691 | D:8      | Found an ancient bone altar of Kikubaaqudgha.
  7693 | D:8      | Found a blossoming altar of Fedhas.
  7804 | D:9      | Found Xuntod's Magic Scroll Shoppe.
  7804 | D:9      | Identified a +0 giant club
  7804 | D:9      | Identified a +0 giant club
  7804 | D:9      | Noticed a two-headed ogre
  7831 | D:9      | HP: 17/81 [two-headed ogre/+0 giant club (14)]
  7832 | D:9      | Killed a two-headed ogre
  7832 | D:9      | Reached skill level 6 in Throwing
  7832 | D:9      | Reached skill level 8 in Armour
  7832 | D:9      | Reached XP level 10. HP: 34/90 MP: 9/9
  8043 | D:9      | Reached skill level 9 in Fighting
  8063 | D:9      | Reached skill level 9 in Maces & Flails
  8082 | D:9      | Reached skill level 8 in Dodging
  8231 | D:9      | Identified a +0 morningstar (You found it on level 9 of the
                  | Dungeon)
  8233 | D:9      | Reached skill level 9 in Armour
  8387 | D:9      | Identified a +0 giant club
  8387 | D:9      | Identified a +0 giant club
  8387 | D:9      | Noticed a two-headed ogre
  8397 | D:9      | Killed a two-headed ogre
  8397 | D:9      | Reached skill level 7 in Throwing
  8408 | D:9      | Identified a +0 giant club
  8408 | D:9      | Identified a +0 giant club
  8408 | D:9      | Noticed a two-headed ogre
  8412 | D:9      | Identified a +0 flail
  8413 | D:9      | Identified a +0 dagger
  8413 | D:9      | Noticed a deep elf mage
  8665 | D:9      | Identified a potion of degeneration
  8666 | D:9      | Identified a potion of berserk rage
  8705 | D:9      | Identified 2 potions of experience
  8705 | D:9      | Reached skill level 11 in Fighting
  8705 | D:9      | Reached skill level 11 in Maces & Flails
  8705 | D:9      | Reached skill level 10 in Armour
  8705 | D:9      | Reached skill level 9 in Dodging
  8705 | D:9      | Reached XP level 11. HP: 102/102 MP: 10/10
  8706 | D:9      | Reached skill level 12 in Fighting
  8706 | D:9      | Reached skill level 12 in Maces & Flails
  8706 | D:9      | Reached skill level 10 in Dodging
  8706 | D:9      | Reached XP level 12. HP: 112/112 MP: 11/11
  8707 | D:9      | Identified a potion of might
  8708 | D:9      | Identified 2 potions of resistance
  8709 | D:9      | Identified a scroll of enchant armour
  8710 | D:9      | Identified a scroll of holy word
  8711 | D:9      | Identified a scroll of magic mapping
  8712 | D:9      | Identified a scroll of blinking
  8718 | D:9      | Identified a scroll of fear
  8719 | D:9      | Identified 2 scrolls of summoning
  8719 | D:9      | Identified a +0 leather armour
  8729 | D:9      | Identified a +0 club
  8732 | D:9      | Identified a +0 flail
  8732 | D:9      | Identified a +0 falchion
  8733 | D:9      | Identified a +0 dagger
  8733 | D:9      | Identified a +0 robe
  8735 | D:9      | Identified a +0 dagger
  8735 | D:9      | Identified a +0 robe
  8813 | D:9      | Killed a two-headed ogre
  8867 | D:9      | Identified a cursed +4 short sword
  8867 | D:9      | Identified a +0 robe
  8868 | D:9      | Identified a +0 whip
  8868 | D:9      | Identified a +0 scale mail
  8873 | D:9      | Identified a +0 hand axe
  8873 | D:9      | Identified a +0 club
  8971 | D:9      | Found a radiant altar of Vehumet.
  9133 | D:9      | Reached skill level 11 in Armour
  9143 | D:9      | Identified a +0 long sword
  9143 | D:9      | Identified a +0 robe
  9147 | D:9      | Identified a cursed +3 dire flail
  9147 | D:9      | Identified a +0 robe
  9148 | D:9      | Identified a +4 morningstar
  9148 | D:9      | Identified a +0 robe
  9148 | D:9      | Identified a +3 trident of freezing
  9148 | D:9      | Identified a +0 robe
  9274 | D:9      | Identified a +0 short sword
  9464 | D:9      | Found a hide-covered altar of Uskayaw.
  9725 | D:9      | Identified an amulet of rage (You found it on level 9 of
                  | the Dungeon)
  9763 | D:10     | Entered Level 10 of the Dungeon
  9801 | D:10     | Identified a +0 hand axe
  9817 | D:10     | Identified a +0 falchion
  9817 | D:10     | Identified a +0 leather armour
  9894 | D:10     | Identified a +2 long sword of protection
  9894 | D:10     | Identified a +0 chain mail
  9915 | D:10     | Identified a +0 club
  9915 | D:10     | Identified a +0 ring mail
  9917 | D:10     | Identified a +0 hand axe
  9919 | D:10     | Identified a +0 hand axe
  9919 | D:10     | Identified a +0 leather armour
  9923 | D:10     | Identified a +0 dagger
  9923 | D:10     | Identified a +0 robe
  9923 | D:10     | Identified an uncursed ring of poison resistance
  9926 | D:10     | Identified a +0 dagger
  9926 | D:10     | Identified a +0 robe
  9926 | D:10     | Identified a +0 trident of protection
  9926 | D:10     | Identified a +0 ring mail
  9954 | D:10     | Identified a +0 dagger
  9954 | D:10     | Identified a cursed -3 mace
  9957 | D:10     | Identified a +0 dagger
  9957 | D:10     | Identified the +3 leather armour "Niahukk" {+Fly Str-2
                  | Int+4 Stlth+}
  9969 | D:10     | Reached XP level 13. HP: 105/119 MP: 12/12
  9986 | D:10     | Identified a +3 falchion
  9986 | D:10     | Identified a +0 scale mail
 10002 | D:10     | Identified a +0 scimitar
 10002 | D:10     | Identified a +0 plate armour
 10005 | D:10     | Identified a +0 dagger
 10005 | D:10     | Identified a +0 robe
 10005 | D:10     | Identified a +0 dagger
 10005 | D:10     | Identified a +0 robe
 10014 | D:10     | Identified a +0 flail
 10018 | D:10     | Received a gift from Trog
 10079 | D:10     | Identified a +0 hand axe
 10103 | D:10     | Found a staircase to the Orcish Mines.
 10144 | D:10     | Identified a +0 leather armour
 10145 | D:10     | Identified a +0 dagger
 10145 | D:10     | Identified a +0 robe
 10146 | D:10     | Identified a +0 flail
 10146 | D:10     | Identified a +0 mace
 10146 | D:10     | Identified a +0 ring mail
 10191 | D:10     | Identified a cursed -1 flail
 10191 | D:10     | Identified a +0 ring mail
 10241 | D:10     | Reached skill level 13 in Maces & Flails
 10815 | D:11     | Identified a +0 hand axe
 10815 | D:11     | Identified a +0 chain mail
 10815 | D:11     | Identified a +4 dagger
 10815 | D:11     | Identified a +0 robe
 10815 | D:11     | Identified a +0 dagger
 10815 | D:11     | Identified a +0 scale mail
 10899 | D:11     | Identified a +0 long sword
 10899 | D:11     | Identified a +0 leather armour
 10899 | D:11     | Identified a +0 buckler
 10905 | D:11     | Identified a +2 battleaxe
 10905 | D:11     | Identified a +0 chain mail
 10930 | D:11     | Reached skill level 13 in Fighting
 10932 | D:11     | Received a gift from Trog
 10943 | D:11     | Identified a +4 antimagic great mace (Trog gifted it to you
                  | on level 11 of the Dungeon)
 11069 | D:11     | Identified a +2 spear
 11069 | D:11     | Identified a +0 robe
 11069 | D:11     | Identified a +2 halberd
 11069 | D:11     | Identified a +0 robe
 11069 | D:11     | Identified a cursed +0 trident
 11069 | D:11     | Identified a +0 robe
 11072 | D:11     | Identified a +0 whip
 11072 | D:11     | Identified a +0 club
 11073 | D:11     | Identified a +0 dagger
 11073 | D:11     | Identified a +0 robe
 11074 | D:11     | Identified a +0 short sword
 11076 | D:11     | Identified a +0 dagger
 11076 | D:11     | Identified a +0 robe
 11097 | D:11     | Identified a +0 hand axe
 11097 | D:11     | Identified a +0 whip
 11097 | D:11     | Identified a +0 ring mail
 11097 | D:11     | Identified a +0 leather armour
 11107 | D:11     | Identified a +1 glaive
 11107 | D:11     | Identified a +0 animal skin
 11107 | D:11     | Noticed Grum
 11108 | D:11     | Killed Grum
 11108 | D:11     | Identified a cursed -3 morningstar
 11290 | D:11     | Identified a +2 scimitar
 11290 | D:11     | Identified a +0 scale mail
 11290 | D:11     | Noticed Urug
 11309 | D:11     | Killed Urug
 11310 | D:11     | Reached skill level 8 in Throwing
 11345 | D:11     | Found a staircase to the Lair.
 11629 | D:11     | Identified a +3 mace
 11629 | D:11     | Identified a +0 robe
 11629 | D:11     | Identified a +0 mace
 11629 | D:11     | Identified a +0 robe
 11629 | D:11     | Identified a +4 battleaxe
 11629 | D:11     | Identified a cursed +0 robe
 11634 | D:11     | Identified a +0 dagger
 11634 | D:11     | Identified a +0 robe
 11634 | D:11     | Identified a cursed +0 short sword
 11634 | D:11     | Identified a +0 robe
 12013 | D:11     | Identified a +0 long sword
 12013 | D:11     | Identified a +0 plate armour
 12018 | D:11     | Identified a +0 club
 12018 | D:11     | Identified a +0 scale mail
 12020 | D:11     | Identified a +0 trident
 12024 | D:11     | Identified a +4 dire flail
 12024 | D:11     | Identified a +0 robe
 12031 | D:11     | Identified a cursed +2 antimagic spear
 12031 | D:11     | Identified a +0 robe
 12038 | D:11     | Identified a cursed +3 short sword
 12038 | D:11     | Identified a +0 robe
 12061 | D:11     | Identified a +0 great mace
 12061 | D:11     | Identified a +0 ring mail
 12082 | D:11     | Identified a +3 great sword
 12082 | D:11     | Identified a +0 ring mail
 12438 | Lair:1   | Entered Level 1 of the Lair of Beasts
 12460 | Lair:1   | Reached skill level 11 in Dodging
 12546 | Lair:1   | Identified a +2 cloak (You found it on level 1 of the Lair
                  | of Beasts)
 12573 | Lair:1   | Reached skill level 14 in Maces & Flails
 12971 | Lair:1   | You fall into a shaft and drop 1 floor!
 13108 | Lair:2   | Reached skill level 12 in Armour
 13356 | Lair:2   | Reached skill level 14 in Fighting
 13764 | Lair:1   | Received a gift from Trog
 13768 | Lair:1   | Identified a +4 flail of crushing (Trog gifted it to you on
                  | level 1 of the Lair of Beasts)
 14550 | Lair:2   | Reached XP level 14. HP: 107/132 MP: 4/13
 14800 | Lair:2   | Found a staircase to the Swamp.
 15009 | Lair:3   | Got a pitted helmet
 15716 | Lair:3   | Reached skill level 9 in Throwing
 17286 | Lair:5   | Found a viscous altar of Jiyva.
 17286 | Lair:5   | Found a staircase to the Slime Pits.
 17489 | Lair:5   | Reached skill level 15 in Maces & Flails
 18116 | Lair:6   | Entered Level 6 of the Lair of Beasts
 18121 | Lair:6   | Found a gate leading to a gauntlet.
 18240 | Lair:6   | Received a gift from Trog
 18241 | Lair:6   | Got a brightly glowing dire flail {god gift}
 18242 | Lair:6   | Identified the +5 dire flail of Guile {drain, rElec rPois
                  | rC+} (Trog gifted it to you on level 6 of the Lair of
                  | Beasts)
 18327 | Gauntlet | Entered a Gauntlet
 18327 | Gauntlet | Found a transporter.
 18327 | Gauntlet | Found a large runed translucent door.
 18327 | Gauntlet | Found a large runed translucent door.
 18327 | Gauntlet | Found a large runed translucent door.
 18327 | Gauntlet | Found a large runed translucent door.
 18327 | Gauntlet | Found a runed translucent door.
 18327 | Gauntlet | Found a runed translucent door.
 18327 | Gauntlet | Found a large runed translucent door.
 18327 | Gauntlet | Found a large runed translucent door.
 18327 | Gauntlet | Found a large runed translucent door.
 18327 | Gauntlet | Found a large runed translucent door.
 18327 | Gauntlet | Found a large runed translucent door.
 18327 | Gauntlet | Found a large runed translucent door.
 18385 | Gauntlet | Found a large runed translucent door.
 18385 | Gauntlet | Found a large runed translucent door.
 18392 | Gauntlet | Found a transporter.
 18408 | Gauntlet | Found a transporter.
 18413 | Gauntlet | Found a transporter.
 18428 | Gauntlet | Found a transporter.
 18429 | Gauntlet | Noticed an entropy weaver
 18444 | Gauntlet | Found a transporter.
 18459 | Gauntlet | Found a transporter.
 18471 | Gauntlet | Found a transporter.
 18473 | Gauntlet | Found the +2 pair of boots of the Assassin {Detection Stab+
                  | Stlth++}
 18483 | Gauntlet | Found a transporter.
 18495 | Gauntlet | Found a transporter.
 18512 | Gauntlet | Found a transporter.
 18530 | Gauntlet | Found a transporter.
 18532 | Gauntlet | Found a transporter.
 18558 | Gauntlet | Found a large runed translucent door.
 18558 | Gauntlet | Found a large runed translucent door.
 18559 | Gauntlet | Found a runed translucent gate.
 18559 | Gauntlet | Found a runed translucent gate.
 18559 | Gauntlet | Found a runed translucent gate.
 18561 | Gauntlet | Found a transporter.
 18563 | Gauntlet | Found a transporter.
 18565 | Gauntlet | Found a transporter.
 18575 | Gauntlet | Found a large runed translucent door.
 18576 | Gauntlet | Found a large runed translucent door.
 18608 | Gauntlet | Found a transporter.
 18628 | Gauntlet | Found a transporter.
 18633 | Gauntlet | Got a faintly glowing robe
 18648 | Gauntlet | Identified the +2 robe of Jinocih {Dex+6} (You found it in
                  | a Gauntlet)
 18659 | Gauntlet | Identified an amulet of inaccuracy (You found it on level 1
                  | of the Lair of Beasts)
 18678 | Gauntlet | Identified a +0 giant club
 18716 | Gauntlet | Identified a +1 chain mail of cold resistance (You found it
                  | in a Gauntlet)
 18818 | Gauntlet | Reached skill level 15 in Fighting
 18936 | Gauntlet | Identified a +1 hat of intelligence (You found it in a
                  | Gauntlet)
 18957 | Gauntlet | Identified a +2 trident of venom
 18957 | Gauntlet | Identified a cursed +0 chain mail
 18957 | Gauntlet | Identified a +0 large shield of protection
 18957 | Gauntlet | Identified an uncursed ring of see invisible
 18965 | Gauntlet | Identified a +0 giant club
 18965 | Gauntlet | Identified a +0 giant spiked club
 19204 | Gauntlet | Identified a ring of magical power (You found it in a
                  | Gauntlet)
 19223 | Gauntlet | Identified a +1 plate armour of fire resistance (You found
                  | it in a Gauntlet)
 19243 | Gauntlet | Identified a +0 plate armour of cold resistance (You found
                  | it in a Gauntlet)
 19255 | Gauntlet | Identified 3 potions of invisibility
 19256 | Gauntlet | Identified a potion of magic
 19257 | Gauntlet | Identified 2 potions of ambrosia
 19267 | Gauntlet | Identified a scroll of torment
 19573 | Gauntlet | Identified a scroll of vulnerability
 19574 | Gauntlet | Identified a scroll of noise
 19638 | Lair:6   | Identified a +0 battleaxe (You found it on level 6 of the
                  | Lair of Beasts)
 20215 | Lair:6   | Reached skill level 12 in Dodging
 20240 | Lair:6   | Found a large runed translucent door.
 20337 | Lair:6   | Identified a +0 flail
 20351 | Lair:6   | Identified a +0 mace
 20516 | Lair:6   | Identified +0 steam dragon scales
 20528 | Lair:6   | Reached skill level 13 in Armour
 20674 | Lair:6   | Identified a +0 flail
 20768 | Lair:6   | Found a large runed translucent door.
 21751 | Lair:5   | Identified the Handbook of Weightlessness and Augmentations
 21959 | Lair:4   | Identified a +0 mace
 21959 | Lair:4   | Identified a +0 robe
 21980 | Lair:4   | Found a staircase to the Snake Pit.
 21980 | Lair:4   | Identified a +0 broad axe
 21980 | Lair:4   | Identified a +0 robe
 21987 | Lair:4   | Reached skill level 16 in Maces & Flails
 22054 | Lair:4   | Reached XP level 15. HP: 120/143 MP: 4/14
 22066 | Lair:3   | HP: 33/143 [death yak (19)]
 22463 | Lair:2   | Gained mutation: Armour fits poorly on your strangely
                  | shaped body. [potion of mutation]
 22463 | Lair:2   | Gained mutation: You evolve. [potion of mutation]
 22464 | Lair:2   | Lost mutation: Armour fits poorly on your strangely shaped
                  | body. [potion of mutation]
 22464 | Lair:2   | Lost mutation: You evolve. [potion of mutation]
 22464 | Lair:2   | Gained mutation: Your flesh is heat resistant. (rF+)
                  | [potion of mutation]
 22464 | Lair:2   | Gained mutation: You are somewhat resistant to further
                  | mutation. [potion of mutation]
 22926 | D:12     | Identified a +0 falchion
 22927 | D:12     | Identified a +0 war axe
 22927 | D:12     | Identified a +0 chain mail
 22932 | D:12     | Identified a +0 flail
 22932 | D:12     | Identified a +0 ring mail
 23023 | D:12     | Identified a +0 mace
 23024 | D:12     | Identified a +0 dagger
 23024 | D:12     | Identified a +0 robe
 23027 | D:12     | Identified a +0 war axe
 23110 | D:12     | Got a scorched scale mail
 23121 | D:12     | Identified the cursed +1 scale mail "Laoleesk" {*Slow rF+
                  | Int+3} (You found it on level 12 of the Dungeon)
 23194 | D:12     | Identified a +0 giant spiked club
 23194 | D:12     | Identified a +0 giant spiked club
 23197 | D:12     | Reached skill level 10 in Throwing
 23199 | D:12     | Identified a cursed +0 shortbow
 23200 | D:12     | Identified a +0 shortbow
 23200 | D:12     | Identified a +0 shortbow
 23203 | D:12     | Identified a +0 shortbow
 23204 | D:12     | Identified a +2 shortbow of flaming
 23507 | D:12     | Reached skill level 16 in Fighting
 23530 | D:12     | Identified a ring of protection (You found it on level 12
                  | of the Dungeon)
 23670 | Orc:1    | Entered Level 1 of the Orcish Mines
 23670 | Orc:1    | Identified a +0 dagger
 23670 | Orc:1    | Identified a cursed +0 robe
 23670 | Orc:1    | Identified a +0 club
 23670 | Orc:1    | Identified a +0 chain mail
 23671 | Orc:1    | Identified a +0 dagger
 23671 | Orc:1    | Identified a +0 leather armour
 23672 | Orc:1    | Identified a +0 mace
 23861 | Orc:1    | Identified a +0 trident
 23861 | Orc:1    | Identified a +0 chain mail
 23861 | Orc:1    | Identified a +0 dagger
 23861 | Orc:1    | Identified a +0 robe
 23861 | Orc:1    | Identified a +0 hand axe
 23944 | Orc:2    | Entered Level 2 of the Orcish Mines
 23944 | Orc:2    | Identified a +0 hand axe
 23944 | Orc:2    | Identified a +0 chain mail
 23944 | Orc:2    | Identified a cursed +0 flail
 23944 | Orc:2    | Identified a +0 ring mail
 23944 | Orc:2    | Identified a +0 hand axe
 23948 | Orc:2    | Identified a +0 dagger
 23948 | Orc:2    | Identified a +0 robe
 23948 | Orc:2    | Identified a +0 giant club
 23949 | Orc:2    | Identified a +0 club
 23949 | Orc:2    | Identified a +0 leather armour
 23950 | Orc:2    | Identified a +0 hand axe
 23950 | Orc:2    | Identified a +0 chain mail
 23951 | Orc:2    | Identified a +0 dagger
 23951 | Orc:2    | Identified a +0 leather armour
 23952 | Orc:2    | Identified a +0 scimitar
 23952 | Orc:2    | Identified a cursed +0 plate armour
 23954 | Orc:2    | Identified a +2 hand axe of venom
 24094 | Orc:2    | Identified a +0 club
 24094 | Orc:2    | Identified a +0 leather armour
 24094 | Orc:2    | Identified a +0 hand axe
 24094 | Orc:2    | Identified a +0 chain mail
 24094 | Orc:2    | Identified a +3 war axe
 24094 | Orc:2    | Identified a +0 chain mail
 24094 | Orc:2    | Identified a +0 club
 24094 | Orc:2    | Identified a +1 flail of protection
 24094 | Orc:2    | Identified a +0 ring mail
 24094 | Orc:2    | Identified a +0 leather armour
 24094 | Orc:2    | Identified a +0 club
 24094 | Orc:2    | Identified a +0 flail
 24094 | Orc:2    | Identified a +0 chain mail
 24094 | Orc:2    | Identified a +0 morningstar
 24095 | Orc:2    | Identified a +0 glaive of chopping
 24095 | Orc:2    | Identified a +0 chain mail
 24096 | Orc:2    | Identified a +0 short sword
 24097 | Orc:2    | Identified a +0 dagger
 24097 | Orc:2    | Identified a +0 robe
 24099 | Orc:2    | Identified a +0 dagger
 24099 | Orc:2    | Identified a +0 robe
 24101 | Orc:2    | Identified a +0 dagger
 24101 | Orc:2    | Identified a +0 robe
 24110 | Orc:2    | Identified a +0 giant club
 24122 | Orc:2    | Received a gift from Trog
 24395 | Orc:2    | Identified a +0 club
 24395 | Orc:2    | Identified a +0 scale mail
 24395 | Orc:2    | Identified a +1 dagger of speed
 24395 | Orc:2    | Identified a +0 robe
 24395 | Orc:2    | Identified a +0 halberd
 24395 | Orc:2    | Identified a +0 chain mail
 24421 | Orc:2    | Identified a +0 dagger
 24421 | Orc:2    | Identified a +0 robe
 24422 | Orc:2    | Identified a +0 whip
 24422 | Orc:2    | Identified a +0 hand axe
 24422 | Orc:2    | Identified a +0 plate armour
 24428 | Orc:2    | Identified a +0 mace
 24432 | Orc:2    | Found a staircase to the Elven Halls.
 24469 | Orc:2    | Identified a +0 flail
 24469 | Orc:2    | Identified a +0 plate armour
 24473 | Orc:2    | Identified a +0 long sword
 24473 | Orc:2    | Identified a +0 chain mail
 24474 | Orc:2    | Identified a +0 battleaxe
 24474 | Orc:2    | Identified a +0 leather armour
 24475 | Orc:2    | Identified a +0 dagger
 24475 | Orc:2    | Identified a +0 robe
 24475 | Orc:2    | Identified a +0 dagger
 24475 | Orc:2    | Identified a +0 scale mail
 24475 | Orc:2    | Identified a +0 battleaxe
 24475 | Orc:2    | Identified a +0 plate armour
 24486 | Orc:2    | Identified a +0 mace
 24836 | Orc:2    | Identified a +0 dagger
 24836 | Orc:2    | Identified a +0 robe
 24838 | Orc:2    | Identified a +0 mace
 24978 | Orc:2    | Found a roughly hewn altar of Beogh.
 25029 | Orc:2    | Identified a +0 dagger
 25029 | Orc:2    | Identified a +2 hand axe of venom
 25029 | Orc:2    | Identified a +0 ring mail
 25030 | Orc:2    | Identified a +0 dire flail
 25030 | Orc:2    | Identified a +0 plate armour
 25030 | Orc:2    | Identified a +2 vampiric hand axe
 25072 | Orc:2    | Identified a +0 dagger
 25074 | Orc:2    | Identified a +0 dagger
 25074 | Orc:2    | Identified a +0 robe
 25075 | Orc:2    | Identified a +0 glaive
 25075 | Orc:2    | Identified a +0 chain mail
 25082 | Orc:2    | Identified a +0 long sword
 25082 | Orc:2    | Identified a +0 chain mail
 25082 | Orc:2    | Identified a +0 giant club
 25085 | Orc:2    | Identified a +0 dagger
 25085 | Orc:2    | Identified a +0 robe
 25116 | Orc:2    | Identified a +0 flail
 25116 | Orc:2    | Identified a +0 chain mail
 25119 | Orc:2    | Identified a +0 dagger
 25119 | Orc:2    | Identified a +0 robe
 25119 | Orc:2    | Identified a +0 great mace
 25119 | Orc:2    | Identified a +0 chain mail
 25119 | Orc:2    | Noticed an orc warlord
 25120 | Orc:2    | Identified a +0 mace
 25120 | Orc:2    | Identified a +0 chain mail
 25144 | Orc:2    | Killed an orc warlord
 25351 | Orc:2    | Identified a +0 dagger
 25351 | Orc:2    | Identified a +0 robe
 25351 | Orc:2    | Identified a +0 dagger
 25351 | Orc:2    | Identified a +0 robe
 25351 | Orc:2    | Identified a +0 mace
 25351 | Orc:2    | Identified a +0 chain mail
 25354 | Orc:2    | Identified a +0 whip
 25355 | Orc:2    | Identified a +0 mace
 25356 | Orc:2    | Identified a +0 long sword
 25356 | Orc:2    | Identified a +0 plate armour
 25361 | Orc:2    | Identified a +0 hand axe
 25363 | Orc:2    | Identified a +0 trident
 25363 | Orc:2    | Identified a +0 chain mail
 25365 | Orc:2    | Identified a +1 short sword of venom
 25365 | Orc:2    | Identified a +0 chain mail
 25383 | Orc:2    | Identified a cursed -2 flail
 25384 | Orc:2    | Identified a +0 trident
 25397 | Orc:2    | Identified a +0 dagger
 25397 | Orc:2    | Identified a +0 robe
 25397 | Orc:2    | Noticed Nergalle
 25398 | Orc:2    | Identified a +0 morningstar
 25398 | Orc:2    | Identified a +0 plate armour
 25399 | Orc:2    | Identified a +0 battleaxe
 25399 | Orc:2    | Identified a +0 chain mail
 25399 | Orc:2    | Identified a +0 great sword
 25399 | Orc:2    | Identified a cursed +0 chain mail
 25404 | Orc:2    | Identified a +0 war axe
 25404 | Orc:2    | Identified a +0 plate armour
 25404 | Orc:2    | Identified a +0 great sword
 25404 | Orc:2    | Identified a +0 chain mail
 25433 | Orc:2    | Killed Nergalle
 25460 | Orc:2    | Identified a +0 trident
 25460 | Orc:2    | Identified a +0 chain mail
 25462 | Orc:2    | Identified a +0 dagger
 25473 | Orc:2    | Identified a +3 long sword
 25473 | Orc:2    | Identified a +0 plate armour
 25480 | Orc:2    | Found a roughly hewn altar of Beogh.
 25480 | Orc:2    | Identified a +0 dagger
 25480 | Orc:2    | Identified a +0 robe
 25482 | Orc:2    | Received a gift from Trog
 25487 | Orc:2    | Identified a +0 long sword
 25487 | Orc:2    | Identified a +0 plate armour
 25498 | Orc:2    | Found Lofre Bygre's General Store.
 25523 | Orc:2    | Found Magurrifo's Book Boutique.
 25533 | Orc:2    | Found Xuahom's Antique Weapon Boutique.
 25576 | Orc:2    | Found Dezxiro's Antique Armour Boutique.
 25584 | Orc:2    | Bought a pair of gloves for 112 gold pieces
 25589 | Orc:2    | Identified a +0 pair of gloves (You bought it in a shop on
                  | level 2 of the Orcish Mines)
 25809 | Orc:2    | Identified a +0 dagger
 25809 | Orc:2    | Identified a +0 dagger
 25809 | Orc:2    | Identified a +0 club
 25810 | Orc:2    | Identified a +0 dire flail
 25810 | Orc:2    | Identified a +0 chain mail
 26112 | D:13     | Identified a +0 longbow
 26123 | D:13     | Identified a cursed -1 mace
 26155 | D:13     | Found a gate to the Vaults.
 26155 | D:13     | Identified a +2 battleaxe
 26155 | D:13     | Identified a +0 plate armour
 26155 | D:13     | Identified a +0 great sword
 26155 | D:13     | Identified a +0 plate armour
 26155 | D:13     | Identified a +1 great sword
 26155 | D:13     | Identified a +0 plate armour
 26155 | D:13     | Identified a +2 long sword of venom
 26155 | D:13     | Identified a +0 chain mail
 26155 | D:13     | Identified a cursed -1 glaive
 26155 | D:13     | Identified a +0 chain mail
 26155 | D:13     | Identified a +0 battleaxe
 26155 | D:13     | Identified a cursed +0 plate armour
 26155 | D:13     | Identified a +0 long sword
 26155 | D:13     | Identified a +0 plate armour
 26155 | D:13     | Identified a +1 great sword
 26155 | D:13     | Identified a +0 plate armour
 26522 | D:13     | Identified a +0 mace
 26525 | D:13     | Identified a +0 dagger
 26529 | D:13     | Identified a +0 dagger
 26529 | D:13     | Identified a +0 robe
 26530 | D:13     | Identified a +0 dagger
 26530 | D:13     | Identified a +0 robe
 26538 | D:13     | Identified a cursed -1 shortbow
 26538 | D:13     | Identified a +0 dagger
 26538 | D:13     | Identified a +0 robe
 26538 | D:13     | Noticed Josephine
 26539 | D:13     | Identified a +0 shortbow
 26541 | D:13     | Identified a +0 shortbow
 26543 | D:13     | Identified a +0 shortbow
 26544 | D:13     | Killed Josephine
 26551 | D:13     | Identified a +0 shortbow
 26575 | D:13     | Identified a +0 dagger of draining
 26575 | D:13     | Identified a +0 robe
 26591 | D:13     | Received a gift from Trog
 26902 | D:12     | Identified a +0 battleaxe (You found it on level 12 of the
                  | Dungeon)
 26916 | D:13     | Identified a +0 shortbow
 27142 | D:13     | Identified a +0 shortbow
 27195 | D:13     | Found a stormy altar of Qazlal.
 27207 | D:13     | Identified a +0 giant club
 27207 | D:13     | Identified a +0 giant spiked club
 27309 | D:13     | Identified a +0 longbow
 27401 | D:13     | Identified a +2 antimagic dire flail (Trog gifted it to you
                  | on level 13 of the Dungeon)
 27406 | D:13     | Identified a ring of attention (You found it on level 13 of
                  | the Dungeon)
 27408 | D:13     | Identified a ring of protection from cold (You found it on
                  | level 13 of the Dungeon)
 27425 | D:14     | Identified a +1 scimitar of electrocution
 27426 | D:14     | Noticed Kirke
 27551 | D:14     | Killed Kirke
 27556 | D:14     | Identified a +0 short sword
 27556 | D:14     | Identified a +0 long sword
 27681 | D:14     | Reached skill level 17 in Maces & Flails
 27767 | D:14     | Reached skill level 13 in Dodging
 27852 | D:14     | Identified a +0 shortbow
 27853 | D:14     | Identified a +0 shortbow
 27854 | D:14     | Identified a +0 shortbow
 27855 | D:14     | Identified a +0 shortbow
 27857 | D:14     | Reached skill level 17 in Fighting
 27921 | D:14     | Identified a +0 giant spiked club
 27925 | D:14     | Reached skill level 14 in Armour
 27949 | D:14     | Identified a +0 shortbow
 28054 | D:14     | Identified a +0 longbow
 28057 | D:14     | Identified +0 acid dragon scales
 28061 | D:14     | Identified a +0 dagger
 28061 | D:14     | Identified a +0 robe
 28063 | D:14     | Identified a +0 club
 28063 | D:14     | Identified a +0 leather armour
 28065 | D:14     | Identified a +0 flail
 28065 | D:14     | Identified a +0 club
 28140 | D:14     | Reached XP level 16. HP: 133/155 MP: 5/15
 28317 | D:14     | Identified a +0 longbow
 28317 | D:14     | Identified a +0 flail
 28318 | D:14     | Identified a +2 short sword of draining
 28318 | D:14     | Identified a +0 leather armour
 28321 | D:14     | Identified a +0 dagger
 28321 | D:14     | Identified a +0 robe
 28405 | D:14     | Identified a cursed -2 shortbow
 28406 | D:14     | Identified a +0 longbow
 28410 | D:14     | Identified a +0 shortbow
 28474 | D:14     | Identified a +4 scimitar of flaming
 28563 | D:14     | Identified 2 potions of lignification
 28596 | D:15     | Entered Level 15 of the Dungeon
 28596 | D:15     | Identified a +0 scimitar of flaming
 28627 | D:15     | Reached ****** piety under Trog
 28861 | D:15     | Identified a +0 giant spiked club
 28861 | D:15     | Identified a +0 giant club
 28868 | D:15     | Identified a +0 trident
 28934 | D:15     | Identified a +0 short sword
 28934 | D:15     | Identified a +0 chain mail
 28987 | D:15     | Identified a +0 short sword
 28987 | D:15     | Identified a +0 leather armour
 28994 | D:15     | Identified a +0 short sword
 28999 | D:15     | Identified a +0 short sword
 29003 | D:15     | Identified a +0 short sword
 29003 | D:15     | Identified a +0 ring mail
 29134 | D:15     | Identified a +0 giant club
 29134 | D:15     | Identified a +0 giant club
 29134 | D:15     | Identified a +0 giant club
 29134 | D:15     | Identified a +0 giant club
 29135 | D:15     | Identified a +0 giant club
 29135 | D:15     | Identified a cursed -3 giant spiked club
 29136 | D:15     | Identified a +0 spear
 29136 | D:15     | Identified a +0 robe
 29149 | D:15     | Reached skill level 11 in Throwing
 29171 | D:15     | Found Hecun's Book Emporium.
 29215 | D:15     | Identified a +0 dagger
 29215 | D:15     | Identified a +0 leather armour
 29220 | D:15     | Received a gift from Trog
 29640 | D:15     | Identified a +0 troll leather armour
 29691 | D:15     | Identified a +0 dagger
 29691 | D:15     | Identified a +0 robe
 29720 | D:15     | Found a staircase to the Depths.
 29784 | D:15     | Identified a +0 shortbow
 29784 | D:15     | Identified a +0 shortbow
 29784 | D:15     | Identified a +0 shortbow
 29784 | D:15     | Identified a cursed -2 shortbow
 30163 | D:15     | Identified a +2 antimagic dire flail (Trog gifted it to you
                  | on level 15 of the Dungeon)
 30441 | Temple   | Entered the Ecumenical Temple
 30900 | Swamp:1  | Entered Level 1 of the Swamp
 31661 | Swamp:1  | Identified a +0 spear
 31661 | Swamp:1  | Identified a +0 spear
 31661 | Swamp:1  | Identified a +0 buckler
 32109 | Swamp:2  | Identified +0 swamp dragon scales
 32156 | Swamp:2  | Received a gift from Trog
 32236 | Swamp:2  | Identified a scroll of brand weapon
 32348 | Swamp:2  | Reached skill level 18 in Maces & Flails
 32362 | Swamp:2  | Reached skill level 18 in Fighting
 32421 | Swamp:2  | Received a gift from Trog
 32423 | Swamp:2  | Identified a +5 great mace of protection (Trog gifted it to
                  | you on level 2 of the Swamp)
 32711 | Swamp:2  | Noticed a thorn hunter
 32721 | Swamp:2  | Killed a thorn hunter
 32783 | Swamp:3  | Identified a cursed -3 spear
 32784 | Swamp:3  | Identified a +0 spear
 32784 | Swamp:3  | Identified a +0 buckler
 32986 | Swamp:3  | Identified a +0 quarterstaff
 32986 | Swamp:3  | Identified a cursed +0 robe
 33100 | Swamp:3  | Noticed a thorn hunter
 33107 | Swamp:3  | Paralysed by a hornet for 2 turns
 33115 | Swamp:3  | Killed a thorn hunter
 33363 | Swamp:3  | Identified a +0 spear
 33729 | Swamp:3  | Reached XP level 17. HP: 146/165 MP: 5/16
 34384 | Swamp:3  | Identified a +0 spear
 34384 | Swamp:3  | Identified a +0 buckler
 34398 | Swamp:3  | Identified a +0 quarterstaff
 34398 | Swamp:3  | Identified a +0 robe
 34404 | Swamp:3  | Identified a +0 quarterstaff
 34404 | Swamp:3  | Identified a +0 robe
 34408 | Swamp:3  | Identified a +0 spear
 34408 | Swamp:3  | Identified a +0 buckler
 34439 | Swamp:3  | Identified a +0 war axe
 34439 | Swamp:3  | Identified a +0 animal skin
 34439 | Swamp:3  | Identified a +0 long sword
 34439 | Swamp:3  | Identified a +0 shortbow
 34458 | Swamp:3  | Found the ring of Phasing {EV+8}
 34599 | Swamp:4  | Entered Level 4 of the Swamp
 34716 | Swamp:4  | Received a gift from Trog
 34720 | Swamp:4  | Identified a +2 antimagic halberd (Trog gifted it to you on
                  | level 4 of the Swamp)
 34731 | Swamp:4  | Reached skill level 15 in Armour
 34799 | Swamp:4  | Noticed Aizul
 34811 | Swamp:4  | Killed Aizul
 34882 | Swamp:4  | Identified +0 swamp dragon scales
 34898 | Swamp:4  | Reached skill level 14 in Dodging
 34905 | Swamp:4  | Identified a +0 quarterstaff
 34905 | Swamp:4  | Identified a +0 robe
 34932 | Swamp:4  | Identified +0 swamp dragon scales
 34944 | Swamp:4  | Identified +0 swamp dragon scales
 35148 | Swamp:4  | Identified a cursed -3 spear
 35149 | Swamp:4  | Identified a +0 spear
 35149 | Swamp:4  | Identified a +0 buckler
 35236 | Swamp:4  | Reached skill level 12 in Throwing
 35271 | Swamp:4  | Identified +0 swamp dragon scales
 35304 | Swamp:4  | Identified +0 swamp dragon scales
 35409 | Swamp:4  | Reached skill level 19 in Maces & Flails
 35416 | Swamp:4  | Reached skill level 19 in Fighting
 35468 | Swamp:4  | Got a decaying rune of Zot
 35645 | Swamp:4  | Received a gift from Trog
 35662 | Swamp:4  | Identified +0 swamp dragon scales
 36643 | Snake:1  | Entered Level 1 of the Snake Pit
 36665 | Snake:1  | Identified a cursed -3 mace
 36665 | Snake:1  | Identified a +0 robe
 36665 | Snake:1  | Identified a +4 dagger of venom
 36665 | Snake:1  | Identified a +0 robe
 36718 | Snake:1  | Identified a +0 mace
 36793 | Snake:1  | Identified a +0 hand axe
 36793 | Snake:1  | Identified a +0 shortbow
 36801 | Snake:1  | Received a gift from Trog
 36805 | Snake:1  | Identified a +4 antimagic mace (Trog gifted it to you on
                  | level 1 of the Snake Pit)
 36927 | Snake:1  | Identified a +0 battleaxe
 36929 | Snake:1  | Identified a +0 halberd
 36929 | Snake:1  | Identified a +0 robe
 36930 | Snake:1  | Identified a +0 trident
 36933 | Snake:1  | Identified a +0 trident
 36936 | Snake:1  | Identified a +0 scimitar
 36938 | Snake:1  | Identified a cursed -3 flail
 36938 | Snake:1  | Identified a +0 robe
 36942 | Snake:1  | Identified a +0 spear
 36948 | Snake:1  | Identified a +0 battleaxe
 36952 | Snake:1  | Identified a +0 short sword
 36952 | Snake:1  | Identified a +0 shield
 36981 | Snake:1  | Identified a +0 short sword
 36998 | Snake:1  | Identified a +0 club
 37002 | Snake:1  | Identified a +0 short sword
 37079 | Snake:1  | Identified a +0 dire flail
 37153 | Snake:1  | Identified a +0 war axe
 37153 | Snake:1  | Identified a +0 robe
 37164 | Snake:1  | Identified a +0 war axe
 37171 | Snake:1  | Identified a potion of cancellation
 37187 | Snake:1  | Identified a +0 spear
 37206 | Snake:1  | Identified a +0 halberd
 37213 | Snake:1  | Identified a +0 mace
 37216 | Snake:1  | Identified a +0 robe
 37583 | Snake:2  | Identified a ring of positive energy (You found it on level
                  | 2 of the Snake Pit)
 37669 | Snake:2  | Identified a +0 trident
 37728 | Snake:2  | Identified a +0 dagger of venom
 37728 | Snake:2  | Identified a +0 robe
 37789 | Snake:2  | Reached XP level 18. HP: 121/176 MP: 5/17
 37938 | Snake:2  | Identified a +0 halberd
 37938 | Snake:2  | Identified a +0 robe
 37942 | Snake:2  | Identified a +1 antimagic battleaxe
 37942 | Snake:2  | Identified a cursed -2 robe
 37944 | Snake:2  | Identified a +0 glaive
 37960 | Snake:2  | Identified a +0 halberd
 37972 | Snake:2  | Identified a +1 halberd of flaming
 37974 | Snake:2  | Identified a +0 quarterstaff
 37974 | Snake:2  | Identified a +0 robe
 37986 | Snake:2  | Identified a +0 glaive
 37997 | Snake:2  | Identified a +0 glaive
 38006 | Snake:2  | Identified a +0 halberd
 38042 | Snake:2  | Identified a +0 glaive
 38042 | Snake:2  | Identified a +0 robe
 38204 | Snake:2  | Identified a +0 halberd
 38295 | Snake:2  | Identified a +0 mace
 38295 | Snake:2  | Identified a +0 arbalest of freezing
 38375 | Snake:2  | Identified a +3 scimitar of venom
 38375 | Snake:2  | Identified a +0 robe
 38751 | Snake:3  | Identified a +0 battleaxe
 38751 | Snake:3  | Identified a +0 robe
 38754 | Snake:3  | Identified a +0 long sword
 38754 | Snake:3  | Identified a +0 arbalest
 38757 | Snake:3  | Identified a +0 dire flail
 38757 | Snake:3  | Identified a +0 robe
 38759 | Snake:3  | Identified a +0 broad axe
 38759 | Snake:3  | Identified a +1 shortbow of freezing
 38759 | Snake:3  | Identified a +0 short sword
 38759 | Snake:3  | Identified a +0 robe
 38759 | Snake:3  | Identified a +0 short sword
 38760 | Snake:3  | Received a gift from Trog
 38761 | Snake:3  | Identified a +0 war axe
 38763 | Snake:3  | Identified a +0 war axe
 38783 | Snake:3  | Identified a +0 flail
 38783 | Snake:3  | Identified a +0 robe
 38846 | Snake:3  | Identified a +0 morningstar
 38884 | Snake:3  | Identified a +0 spear
 38884 | Snake:3  | Identified a +0 robe
 38928 | Snake:3  | Identified a +2 mace of protection
 38991 | Snake:3  | Identified a +0 halberd
 39072 | Snake:3  | Identified a +0 morningstar
 39159 | Snake:3  | Identified a +0 shortbow of flaming
 39172 | Snake:3  | Identified a +0 trident
 39173 | Snake:3  | Identified a +0 halberd
 39176 | Snake:3  | Identified a +0 halberd
 39177 | Snake:3  | Identified a +1 short sword of draining
 39199 | Snake:3  | Identified a +2 vampiric halberd
 39200 | Snake:3  | Identified a +0 dagger
 39200 | Snake:3  | Identified a +0 robe
 39209 | Snake:3  | Identified a +0 war axe
 39209 | Snake:3  | Identified a +1 vampiric halberd
 39213 | Snake:3  | Identified a +0 shortbow of flaming
 39237 | Snake:3  | Received a gift from Trog
 39238 | Snake:3  | Identified a +4 dagger of venom
 39238 | Snake:3  | Identified a +0 robe
 39244 | Snake:3  | Identified a cursed -3 battleaxe
 39244 | Snake:3  | Identified a +0 robe
 39257 | Snake:3  | Identified a +0 hand axe
 39257 | Snake:3  | Identified a +0 battleaxe
 39603 | Snake:3  | Identified a +3 great mace of protection (Trog gifted it to
                  | you on level 3 of the Snake Pit)
 39640 | Snake:4  | Entered Level 4 of the Snake Pit
 39640 | Snake:4  | Identified a +0 spear
 39640 | Snake:4  | Identified a +4 halberd of protection
 39640 | Snake:4  | Identified a +0 mace
 39640 | Snake:4  | Identified a +0 robe
 39640 | Snake:4  | Identified a +0 mace
 39640 | Snake:4  | Identified a +0 robe
 39640 | Snake:4  | Identified a +0 glaive
 39640 | Snake:4  | Identified a +1 flail of crushing
 39640 | Snake:4  | Identified a +0 robe
 39641 | Snake:4  | Identified a +0 whip
 39643 | Snake:4  | Identified a cursed -1 war axe
 39846 | Snake:4  | Identified a +1 dagger of venom
 39846 | Snake:4  | Identified a +0 robe
 39848 | Snake:4  | Noticed Kicir's ghost (adept GnFi)
 39848 | Snake:4  | Identified a +3 spear
 39848 | Snake:4  | Identified a +0 robe
 39851 | Snake:4  | Identified a +0 dire flail
 39851 | Snake:4  | Identified a +0 robe
 39852 | Snake:4  | Identified a +1 dagger of venom
 39852 | Snake:4  | Identified a +0 robe
 39859 | Snake:4  | Found a transporter.
 39862 | Snake:4  | Identified a +0 trident
 39865 | Snake:4  | Identified a +0 battleaxe
 39871 | Snake:4  | Identified a +0 club
 39871 | Snake:4  | Identified a +0 robe
 39873 | Snake:4  | Identified a +0 war axe
 39873 | Snake:4  | Identified a +2 scimitar of venom
 39873 | Snake:4  | Identified a +0 robe
 39879 | Snake:4  | Identified a +0 glaive
 40126 | Snake:4  | Found a hazy altar of Hepliaklqana.
 40145 | Snake:4  | Identified a +0 spear
 40145 | Snake:4  | Identified a +0 robe
 40159 | Snake:4  | Reached skill level 16 in Armour
 40189 | Snake:4  | Found a transporter.
 40217 | Snake:4  | HP: 41/178 [something (8)]
 40620 | Snake:4  | Identified a +0 club
 40620 | Snake:4  | Identified a +0 robe
 40621 | Snake:4  | Identified a +0 whip
 40621 | Snake:4  | Identified a +0 robe
 40622 | Snake:4  | Identified a +3 halberd
 40625 | Snake:4  | Identified a +0 battleaxe
 40625 | Snake:4  | Identified a +0 battleaxe
 40634 | Snake:4  | Reached skill level 20 in Fighting
 40634 | Snake:4  | Reached skill level 20 in Maces & Flails
 40641 | Snake:4  | Identified a +0 battleaxe
 40660 | Snake:4  | Identified a cursed -3 battleaxe
 40675 | Snake:4  | Identified a +0 robe
 40675 | Snake:4  | Identified a cursed -2 war axe
 40679 | Snake:4  | Identified a +0 dire flail
 40679 | Snake:4  | Identified a +0 robe
 40679 | Snake:4  | Identified a +0 glaive
 40679 | Snake:4  | Identified a +0 robe
 40679 | Snake:4  | Identified a cursed -1 trident
 40679 | Snake:4  | Identified a +0 robe
 41266 | Snake:4  | Identified a +0 glaive
 41279 | Snake:4  | Identified a +0 flail
 41279 | Snake:4  | Identified a +0 robe
 41389 | Snake:4  | Identified a +0 mace
 41389 | Snake:4  | Identified a +0 robe
 41392 | Snake:4  | Identified a +2 short sword of draining
 41392 | Snake:4  | Identified a +0 robe
 41392 | Snake:4  | Identified a +0 shield
 41393 | Snake:4  | Identified a +0 flail
 41393 | Snake:4  | Identified a +0 robe
 41394 | Snake:4  | Identified a +3 scimitar of venom
 41394 | Snake:4  | Identified a +0 robe
 41395 | Snake:4  | Identified a +0 battleaxe
 41395 | Snake:4  | Identified a +0 robe
 41395 | Snake:4  | Identified a +0 dire flail
 41395 | Snake:4  | Identified a cursed -3 halberd
 41407 | Snake:3  | Reached skill level 15 in Dodging
 41547 | Snake:4  | Identified a +0 war axe
 41547 | Snake:4  | Identified a +0 robe
 41551 | Snake:4  | Identified a +0 short sword
 41551 | Snake:4  | Identified a +0 robe
 41551 | Snake:4  | Identified a +2 large shield of fire resistance
 41553 | Snake:4  | Identified a +0 spear
 41553 | Snake:4  | Identified a +0 whip
 41553 | Snake:4  | Identified a +0 robe
 41560 | Snake:4  | Identified a +0 glaive
 41679 | Snake:4  | Identified a +0 giant club
 41694 | Snake:4  | Reached skill level 13 in Throwing
 41695 | Snake:4  | Identified a +1 scimitar of holy wrath
 41695 | Snake:4  | Identified a +0 shortbow
 41701 | Snake:4  | Identified a +0 battleaxe
 41701 | Snake:4  | Identified a +0 shortbow
 41711 | Snake:4  | Identified a +0 spear
 41711 | Snake:4  | Identified a +0 robe
 41715 | Snake:4  | Identified a +0 scythe
 41715 | Snake:4  | Identified a +0 robe
 41716 | Snake:4  | Identified a +0 long sword
 41865 | Snake:4  | Identified a +0 long sword
 41865 | Snake:4  | Identified a +0 shield
 41890 | Snake:4  | Identified a +0 robe
 41890 | Snake:4  | Identified a +2 dagger of venom
 41890 | Snake:4  | Identified a +0 robe
 41890 | Snake:4  | Identified a +0 mace
 41890 | Snake:4  | Identified a +0 robe
 41890 | Snake:4  | Identified a +0 mace
 41890 | Snake:4  | Identified a +0 robe
 41890 | Snake:4  | Identified a +0 dire flail
 41890 | Snake:4  | Identified a +0 mace
 41890 | Snake:4  | Identified a +0 spear
 41890 | Snake:4  | Identified a +0 robe
 41890 | Snake:4  | Identified a +0 battleaxe
 41890 | Snake:4  | Identified a +0 robe
 41891 | Snake:4  | Identified a +0 spear
 41891 | Snake:4  | Identified a +0 robe
 41891 | Snake:4  | Identified a +0 flail
 41891 | Snake:4  | Identified a +0 robe
 41892 | Snake:4  | Identified a +0 spear
 41892 | Snake:4  | Identified a +0 robe
 41892 | Snake:4  | Identified a +0 whip
 41892 | Snake:4  | Identified a +0 battleaxe
 41895 | Snake:4  | Received a gift from Trog
 42022 | Snake:4  | Identified a +0 dagger of venom
 42022 | Snake:4  | Identified a +0 robe
 42028 | Snake:4  | Identified a +0 robe
 42038 | Snake:4  | Identified a +0 mace
 42038 | Snake:4  | Identified a +0 shield
 42039 | Snake:4  | Identified a +0 mace
 42039 | Snake:4  | Identified a +0 robe
 42065 | Snake:4  | Identified a +0 flail
 42065 | Snake:4  | Identified a +0 robe
 42115 | Snake:4  | Identified a +0 long sword
 42115 | Snake:4  | Identified a +0 robe
 42154 | Snake:4  | Identified a +6 great mace of protection (Trog gifted it to
                  | you on level 4 of the Snake Pit)
 42189 | Snake:4  | Identified a +0 flail
 42189 | Snake:4  | Identified a +0 robe
 42215 | Snake:4  | Identified a +0 glaive
 42215 | Snake:4  | Identified a +0 shortbow
 42215 | Snake:4  | Identified a +0 robe
 42217 | Snake:4  | Identified a +0 mace
 42219 | Snake:4  | Identified a +0 spear
 42219 | Snake:4  | Identified a +0 robe
 42482 | Snake:4  | Identified a +0 long sword
 42482 | Snake:4  | Identified a +0 robe
 42483 | Snake:4  | Identified a +0 dagger of venom
 42483 | Snake:4  | Identified a +0 robe
 42483 | Snake:4  | Identified a +0 flail
 42483 | Snake:4  | Identified a +0 robe
 42491 | Snake:4  | Identified a +0 scimitar
 42491 | Snake:4  | Identified a +0 robe
 42495 | Snake:4  | Identified a cursed -1 long sword
 42516 | Snake:4  | Identified a +0 long sword
 42533 | Snake:4  | Reached XP level 19. HP: 136/187 MP: 18/18
 42794 | Snake:4  | Identified a +0 long sword
 42794 | Snake:4  | Identified a +0 robe
 42797 | Snake:4  | Identified a +0 dagger
 42797 | Snake:4  | Identified a +0 robe
 42856 | Snake:4  | Identified a +3 scimitar of venom
 42856 | Snake:4  | Identified a +0 robe
 42939 | Snake:4  | Identified a +0 mace
 42978 | Snake:4  | Got a serpentine rune of Zot
 43109 | Snake:4  | Identified a +0 war axe
 43109 | Snake:4  | Identified a +0 robe
 43162 | Snake:4  | Identified a +0 flail
 43162 | Snake:4  | Identified a +0 arbalest
 43544 | Vaults:1 | Entered Level 1 of the Vaults
 43563 | Vaults:1 | Received a gift from Trog
 43587 | Vaults:1 | Identified a +4 great mace of crushing (Trog gifted it to
                  | you on level 1 of the Vaults)
 43592 | Vaults:1 | Identified a +0 longbow
 43598 | Vaults:1 | Identified a +0 giant club
 43598 | Vaults:1 | Identified a +0 dire flail
 43598 | Vaults:1 | Identified a +0 giant club
 43599 | Vaults:1 | Identified a cursed -1 giant club
 43600 | Vaults:1 | Identified a +0 giant spiked club
 43600 | Vaults:1 | Identified a +0 dire flail
 43600 | Vaults:1 | Identified a +0 giant club
 43678 | Vaults:1 | Identified a +0 spear
 43678 | Vaults:1 | Identified a +0 robe
 43679 | Vaults:1 | Identified a +0 giant club
 43679 | Vaults:1 | Identified a +0 giant club
 43681 | Vaults:1 | Identified a +0 giant spiked club
 43681 | Vaults:1 | Identified a cursed -1 giant club
 43757 | Vaults:1 | Identified a +0 war axe
 43757 | Vaults:1 | Identified a +0 ring mail
 43844 | Vaults:1 | Identified a +0 shortbow
 43845 | Vaults:1 | Identified a +0 shortbow
 43848 | Vaults:1 | Identified a +0 shortbow
 43860 | Vaults:1 | Identified a cursed +0 dire flail
 43860 | Vaults:1 | Identified a +0 ring mail
 43946 | Vaults:1 | Identified a +0 morningstar of crushing
 43946 | Vaults:1 | Identified a +0 ring mail
 43952 | Vaults:1 | Identified a +0 arbalest
 43952 | Vaults:1 | Identified a +0 long sword
 43952 | Vaults:1 | Identified a +0 arbalest
 43952 | Vaults:1 | Identified a +0 ring mail
 43952 | Vaults:1 | Identified a +0 broad axe
 43952 | Vaults:1 | Identified a +0 plate armour
 43957 | Vaults:1 | Identified a +0 troll leather armour
 43966 | Vaults:1 | Identified a +0 glaive
 43966 | Vaults:1 | Identified a +0 plate armour
 43966 | Vaults:1 | Identified a +0 arbalest
 43968 | Vaults:1 | Identified a +0 arbalest
 43980 | Vaults:1 | Identified a +0 shortbow
 43981 | Vaults:1 | Identified a +0 shortbow
 43992 | Vaults:1 | Reached skill level 21 in Fighting
 43997 | Vaults:1 | Identified a +0 shortbow
 44006 | Vaults:1 | Identified a +0 club
 44006 | Vaults:1 | Identified a +0 robe
 44008 | Vaults:1 | Identified a +0 giant club
 44008 | Vaults:1 | Identified a +0 giant club
 44010 | Vaults:1 | Identified a +0 giant club
 44010 | Vaults:1 | Identified a +0 giant club
 44013 | Vaults:1 | Identified a +0 giant club
 44013 | Vaults:1 | Identified a +0 giant club
 44014 | Vaults:1 | Identified a +0 giant club
 44014 | Vaults:1 | Identified a +0 giant club
 44018 | Vaults:2 | Identified a +0 arbalest
 44018 | Vaults:2 | Identified a +0 arbalest
 44018 | Vaults:2 | Identified a +0 arbalest
 44155 | Vaults:2 | Got jewelled ice dragon scales
 44171 | Vaults:2 | Identified the cursed +1 ice dragon scales "Cazokkapu"
                  | {-Cast rF- rC++ MR+ Str+9} (You found it on level 2 of the
                  | Vaults)
 44175 | Vaults:2 | Identified a scroll of silence
 44254 | Vaults:1 | Identified a +0 arbalest
 44254 | Vaults:1 | Identified a +0 arbalest
 44257 | Vaults:1 | Identified a +1 arbalest of flaming
 44260 | Vaults:1 | Identified a +0 arbalest
 44301 | Vaults:1 | Identified a +0 great mace
 44301 | Vaults:1 | Identified a cursed +0 leather armour
 44311 | Vaults:1 | Identified a +0 troll leather armour
 44333 | Vaults:1 | Identified a +1 battleaxe of chopping
 44333 | Vaults:1 | Identified a +0 chain mail
 44336 | Vaults:1 | Identified a +0 dire flail
 44336 | Vaults:1 | Identified a +0 ring mail
 44336 | Vaults:1 | Identified a +1 mace of draining
 44336 | Vaults:1 | Identified a +0 robe
 44345 | Vaults:1 | Received a gift from Trog
 44447 | Vaults:1 | Identified a +0 great sword
 44447 | Vaults:1 | Identified a +0 plate armour
 44468 | Vaults:1 | Identified a +0 arbalest
 44482 | Vaults:1 | Identified a +0 short sword
 44482 | Vaults:1 | Identified a +0 shortbow
 44482 | Vaults:1 | Identified a +0 leather armour
 44557 | Vaults:1 | Identified a +0 arbalest
 44563 | Vaults:1 | Identified a cursed -2 falchion
 44563 | Vaults:1 | Identified a +0 flail
 44563 | Vaults:1 | Identified a +0 club
 44564 | Vaults:1 | Identified a +0 long sword
 44564 | Vaults:1 | Identified a cursed +0 chain mail
 44565 | Vaults:1 | Identified a +3 flail of holy wrath
 44565 | Vaults:1 | Identified a +0 plate armour
 44565 | Vaults:1 | Identified a +0 mace
 44582 | Vaults:1 | Identified +0 fire dragon scales
 44701 | Vaults:1 | Identified a +0 arbalest
 44747 | Vaults:1 | Identified a +0 arbalest
 44894 | Vaults:1 | Identified a +0 arbalest
 44900 | Vaults:1 | Identified a +0 arbalest
 44903 | Vaults:1 | Identified a +0 arbalest
 44903 | Vaults:1 | Identified a +0 robe
 44906 | Vaults:1 | Reached skill level 17 in Armour
 44925 | Vaults:1 | Identified a +0 war axe
 44925 | Vaults:1 | Identified a +0 scale mail
 44929 | Vaults:1 | Identified a +1 long sword
 44929 | Vaults:1 | Identified a +0 plate armour
 44932 | Vaults:1 | Identified a +0 dagger
 44932 | Vaults:1 | Identified a +0 robe
 44933 | Vaults:1 | Identified a +0 dagger
 44933 | Vaults:1 | Identified a +0 robe
 44941 | Vaults:1 | Received a gift from Trog
 45084 | Vaults:1 | Identified a +0 morningstar
 45084 | Vaults:1 | Identified a +0 scale mail
 45085 | Vaults:1 | Identified a +2 dire flail of protection
 45085 | Vaults:1 | Identified a +0 dire flail
 45089 | Vaults:1 | Identified a +0 morningstar
 45089 | Vaults:1 | Identified a +0 scale mail
 45230 | Vaults:1 | Identified a +0 shortbow
 45231 | Vaults:1 | Identified a +0 shortbow
 45231 | Vaults:1 | Identified a +0 shortbow
 45233 | Vaults:1 | Identified a +0 shortbow
 45235 | Vaults:1 | Identified a +0 shortbow
 45352 | Vaults:1 | Identified a cursed +0 war axe
 45352 | Vaults:1 | Identified a +0 chain mail
 45352 | Vaults:1 | Identified a +0 dire flail
 45352 | Vaults:1 | Identified a +0 chain mail
 45352 | Vaults:1 | Identified a +0 dagger
 45352 | Vaults:1 | Identified a +0 robe
 45352 | Vaults:1 | Identified a +0 hand axe
 45352 | Vaults:1 | Identified a +0 leather armour
 45352 | Vaults:1 | Identified a +0 club
 45352 | Vaults:1 | Identified a +0 short sword
 45352 | Vaults:1 | Identified a +0 chain mail
 45458 | Vaults:1 | Identified a +5 antimagic bardiche (Trog gifted it to you
                  | on level 1 of the Vaults)
 45587 | Vaults:2 | Identified a +0 vampiric demon blade
 45587 | Vaults:2 | Identified a +1 scale mail of fire resistance
 45587 | Vaults:2 | Identified a +2 shield
 45587 | Vaults:2 | Noticed Asterion
 45596 | Vaults:2 | Killed Asterion
 45801 | Vaults:2 | Identified a +0 broad axe
 45801 | Vaults:2 | Identified a +0 chain mail
 45804 | Vaults:2 | Identified a +0 great mace
 45804 | Vaults:2 | Identified a +0 leather armour
 45805 | Vaults:2 | Identified a +0 halberd of flaming
 45805 | Vaults:2 | Identified a +0 ring mail
 45835 | Vaults:2 | Identified a +0 halberd
 45835 | Vaults:2 | Identified a +0 robe
 45835 | Vaults:2 | Identified a +0 battleaxe of freezing
 45835 | Vaults:2 | Identified a +5 great sword of flaming
 45858 | Vaults:2 | Got a pitted lead amulet
 45873 | Vaults:2 | Identified the amulet "Bauczupo" {+Rage rN+ Int+5 Dex+4
                  | Slay+2} (You found it on level 2 of the Vaults)
 45955 | Vaults:2 | Identified a +0 battleaxe
 45955 | Vaults:2 | Identified a +0 arbalest
 45955 | Vaults:2 | Identified a +0 chain mail
 45959 | Vaults:2 | Identified a +0 long sword
 45959 | Vaults:2 | Identified a +0 plate armour
 45970 | Vaults:2 | Identified a +0 club
 45970 | Vaults:2 | Identified a +0 leather armour
 45981 | Vaults:2 | Identified a +0 flail
 45987 | Vaults:2 | Identified a +3 dire flail of protection
 45987 | Vaults:2 | Identified a +0 chain mail
 45987 | Vaults:2 | Identified a cursed -3 flail
 45987 | Vaults:2 | Identified a +0 chain mail
 45987 | Vaults:2 | Identified a +0 flail
 45987 | Vaults:2 | Identified a +0 leather armour
 45988 | Vaults:2 | Identified a +0 mace
 45988 | Vaults:2 | Identified a +0 chain mail
 46009 | Vaults:2 | Identified a +0 arbalest
 46015 | Vaults:2 | Identified a +0 mace
 46015 | Vaults:2 | Identified a +0 leather armour
 46015 | Vaults:2 | Identified a +3 great sword of slicing
 46015 | Vaults:2 | Identified a +0 chain mail
 46028 | Vaults:2 | Identified a +0 giant club
 46062 | Vaults:2 | Identified a +0 long sword
 46062 | Vaults:2 | Identified a +0 shortbow
 46095 | Vaults:2 | Identified a +0 short sword
 46095 | Vaults:2 | Identified a +0 longbow of freezing
 46095 | Vaults:2 | Identified a +0 leather armour
 46095 | Vaults:2 | Identified a +0 dagger
 46095 | Vaults:2 | Identified a +0 leather armour
 46096 | Vaults:2 | Identified a +0 robe
 46096 | Vaults:2 | Identified a +0 giant spiked club
 46096 | Vaults:2 | Identified a +0 giant spiked club
 46096 | Vaults:2 | Identified a +0 dagger
 46096 | Vaults:2 | Identified a +0 longbow
 46096 | Vaults:2 | Identified a +0 leather armour
 46096 | Vaults:2 | Identified a +0 long sword
 46096 | Vaults:2 | Identified a +0 long sword
 46096 | Vaults:2 | Identified a +0 great mace
 46096 | Vaults:2 | Identified a +0 ring mail
 46114 | Vaults:2 | Identified a +0 giant spiked club
 46115 | Vaults:2 | Identified a +0 giant spiked club
 46129 | Vaults:2 | Reached skill level 16 in Dodging
 46130 | Vaults:2 | Received a gift from Trog
 46133 | Vaults:2 | Identified a +0 long sword
 46133 | Vaults:2 | Identified a +0 arbalest
 46133 | Vaults:2 | Identified a +0 ring mail
 46224 | Vaults:2 | Identified a +0 longbow
 46233 | Vaults:2 | Found a staircase to the Crypt.
 46240 | Vaults:2 | Identified a +0 great mace of protection
 46240 | Vaults:2 | Identified a +0 plate armour
 46241 | Vaults:2 | Identified a +0 long sword
 46241 | Vaults:2 | Identified a +0 chain mail
 46241 | Vaults:2 | Identified a cursed -1 long sword
 46241 | Vaults:2 | Identified a +0 plate armour
 46241 | Vaults:2 | Identified a +0 shield
 46241 | Vaults:2 | Identified a +2 morningstar of distortion
 46241 | Vaults:2 | Identified a cursed +0 ring mail
 46263 | Vaults:2 | Identified a +0 dire flail
 46263 | Vaults:2 | Identified a +0 scale mail
 46354 | Vaults:2 | Identified a +0 giant club
 46354 | Vaults:2 | Identified a +0 dire flail
 46360 | Vaults:2 | Reached skill level 14 in Throwing
 46364 | Vaults:2 | Identified a +0 giant club
 46364 | Vaults:2 | Identified a +0 giant club
 46366 | Vaults:2 | Identified a +0 battleaxe
 46366 | Vaults:2 | Identified a +0 robe
 46370 | Vaults:2 | Identified a +0 giant club
 46370 | Vaults:2 | Identified a +0 giant club
 46373 | Vaults:2 | Identified a +0 giant club
 46373 | Vaults:2 | Identified a +0 giant club
 46402 | Vaults:2 | Identified a +0 arbalest of velocity
 46402 | Vaults:2 | Identified +0 acid dragon scales
 46532 | Vaults:2 | Identified a +0 dire flail
 46532 | Vaults:2 | Identified a cursed +0 scale mail
 46535 | Vaults:2 | Identified a +0 longbow
 46535 | Vaults:2 | Identified a +0 short sword
 46535 | Vaults:2 | Identified a +0 leather armour
 46535 | Vaults:2 | Identified a +0 arbalest
 46536 | Vaults:2 | Identified a cursed -1 arbalest
 46615 | Vaults:2 | Got a pair of distressingly furry boots
 46759 | Vaults:2 | Identified a +0 dagger
 46759 | Vaults:2 | Identified a +0 robe
 46760 | Vaults:2 | Reached XP level 20. HP: 198/200 MP: 19/19
 46786 | Vaults:2 | Identified a +0 dagger
 46786 | Vaults:2 | Identified a +0 shortbow
 46786 | Vaults:2 | Identified a cursed +0 leather armour
 46797 | Vaults:2 | Identified a +0 arbalest
 46802 | Vaults:2 | Identified a +0 dagger
 46802 | Vaults:2 | Identified a +0 shortbow
 46802 | Vaults:2 | Identified a +0 leather armour
 46805 | Vaults:2 | Identified a +0 arbalest
 46831 | Vaults:2 | Identified a +0 shortbow
 46837 | Vaults:2 | Identified a +0 trident
 46837 | Vaults:2 | Identified a +0 robe
 46838 | Vaults:2 | Received a gift from Trog
 47123 | Vaults:2 | Identified the cursed +0 pair of boots "Moc Qyul" {Regen+
                  | SInv} (You found it on level 2 of the Vaults)
 47450 | Crypt:1  | Entered Level 1 of the Crypt
 47550 | Vaults:3 | Identified a +0 arbalest
 47576 | Vaults:3 | Identified a +0 great mace
 47576 | Vaults:3 | Identified a +0 ring mail
 47577 | Vaults:3 | Identified a +0 arbalest
 47581 | Vaults:3 | Identified a +0 flail
 47581 | Vaults:3 | Identified a +1 leather armour of poison resistance
 47581 | Vaults:3 | Identified a +0 arbalest
 47581 | Vaults:3 | Identified a +0 morningstar
 47581 | Vaults:3 | Identified a +0 ring mail
 47584 | Vaults:3 | Identified a +1 war axe
 47584 | Vaults:3 | Identified a +0 chain mail
 47585 | Vaults:3 | Identified a +0 arbalest
 47590 | Vaults:3 | Identified a +0 arbalest
 47591 | Vaults:3 | Identified a +0 arbalest
 47611 | Vaults:3 | Reached skill level 22 in Fighting
 47614 | Vaults:3 | Identified a +0 arbalest
 47614 | Vaults:3 | Identified a +0 whip
 47615 | Vaults:3 | Identified a +3 great sword
 47615 | Vaults:3 | Identified a +0 arbalest
 47615 | Vaults:3 | Identified a +0 chain mail
 47615 | Vaults:3 | Identified a +1 battleaxe of freezing
 47619 | Vaults:3 | Identified a +0 long sword
 47619 | Vaults:3 | Identified a +0 scale mail
 47636 | Vaults:3 | Identified a +3 great mace of protection
 47636 | Vaults:3 | Identified a +0 plate armour of poison resistance
 47789 | Vaults:3 | Identified a +0 dagger
 47789 | Vaults:3 | Identified a +0 robe
 47794 | Vaults:3 | Identified a +0 flail
 47794 | Vaults:3 | Identified a +0 ring mail
 47801 | Vaults:3 | Identified a +0 arbalest of velocity
 47955 | Vaults:3 | Identified a +0 arbalest
 48161 | Vaults:3 | Identified a +0 great mace
 48161 | Vaults:3 | Identified a +0 ring mail
 48177 | Vaults:3 | Identified a +0 troll leather armour
 48373 | Vaults:3 | Got a smoking iron amulet
 48395 | Vaults:3 | Identified a +0 dagger
 48395 | Vaults:3 | Identified a +0 robe
 48417 | Vaults:3 | Identified a +0 robe
 48417 | Vaults:3 | Identified a +0 giant club
 48417 | Vaults:3 | Identified a +0 giant spiked club
 48417 | Vaults:3 | Identified a +0 giant spiked club
 48417 | Vaults:3 | Identified a +0 giant club
 48417 | Vaults:3 | Identified a +3 dire flail
 48417 | Vaults:3 | Identified a +0 giant spiked club
 48417 | Vaults:3 | Identified a +0 giant club
 48417 | Vaults:3 | Identified a +0 giant club
 48417 | Vaults:3 | Identified a +0 giant spiked club
 48417 | Vaults:3 | Identified a +0 giant spiked club
 48417 | Vaults:3 | Identified a +0 giant club
 48417 | Vaults:3 | Identified a +0 giant spiked club
 48417 | Vaults:3 | Identified a +0 giant club
 48417 | Vaults:3 | Identified a +0 giant spiked club
 48417 | Vaults:3 | Identified a +0 giant club
 48417 | Vaults:3 | Identified a +0 giant club
 48417 | Vaults:3 | Identified a +0 giant spiked club
 48417 | Vaults:3 | Identified a +0 giant spiked club
 48418 | Vaults:3 | Identified a +0 giant club
 48418 | Vaults:3 | Identified a +0 giant club
 48418 | Vaults:3 | Identified a +0 arbalest
 48419 | Vaults:3 | Identified a +0 short sword
 48419 | Vaults:3 | Identified a +0 leather armour
 48420 | Vaults:3 | Received a gift from Trog
 48423 | Vaults:3 | Identified a +0 arbalest
 48427 | Vaults:3 | Identified a +0 flail
 48427 | Vaults:3 | Identified a +0 robe
 48427 | Vaults:3 | Identified a +0 giant spiked club
 48427 | Vaults:3 | Identified a +0 giant spiked club
 48455 | Vaults:3 | HP: 37/201 [flayed ghost/flay_damage (22)]
 48703 | Vaults:3 | Identified the amulet of Xerchyix {Spirit rF- rN+ Stlth+}
                  | (You found it on level 3 of the Vaults)
 48709 | Vaults:3 | Identified a ring of stealth (You found it on level 3 of
                  | the Vaults)
 48755 | Vaults:3 | Identified a +0 arbalest
 48759 | Vaults:3 | Identified a +0 arbalest
 48765 | Vaults:3 | Identified a +0 arbalest
 48815 | Vaults:3 | Identified a +1 morningstar of flaming (You found it on
                  | level 3 of the Vaults)
 48954 | Vaults:3 | Identified a +0 hand axe
 48954 | Vaults:3 | Identified a +0 chain mail
 48967 | Vaults:3 | Identified a +0 giant club
 48968 | Vaults:3 | Identified a +1 flail of holy wrath
 48974 | Vaults:3 | Identified a +0 dagger
 48974 | Vaults:3 | Identified a +2 robe of cold resistance
 48978 | Vaults:3 | Identified a +0 whip
 48980 | Vaults:3 | Identified a +3 dagger of draining
 48980 | Vaults:3 | Identified a cursed -1 whip
 48980 | Vaults:3 | Identified a +0 short sword
 48980 | Vaults:3 | Identified a +0 leather armour
 48981 | Vaults:3 | Identified a +0 dagger
 48981 | Vaults:3 | Identified a +0 leather armour
 48981 | Vaults:3 | Identified a +3 antimagic broad axe
 48981 | Vaults:3 | Identified a +2 plate armour of fire resistance
 49029 | Vaults:3 | Identified a cursed -2 battleaxe
 49029 | Vaults:3 | Identified a +0 chain mail
 49371 | Vaults:3 | Identified a +0 halberd
 49371 | Vaults:3 | Identified a +0 chain mail
 49388 | Vaults:4 | Identified a +0 giant club
 49388 | Vaults:4 | Identified a +0 giant club
 49388 | Vaults:4 | Identified a +0 great mace
 49388 | Vaults:4 | Identified a +0 ring mail
 49390 | Vaults:4 | Identified a cursed -3 club
 49390 | Vaults:4 | Identified a +0 robe
 49390 | Vaults:4 | Identified a +0 dire flail
 49390 | Vaults:4 | Identified a +0 giant club
 49393 | Vaults:4 | Identified a +0 giant spiked club
 49398 | Vaults:4 | Identified a cursed -3 great mace
 49398 | Vaults:4 | Identified a +0 scale mail
 49399 | Vaults:4 | Received a gift from Trog
 49447 | Vaults:4 | Identified a +4 antimagic great mace (Trog gifted it to you
                  | on level 4 of the Vaults)
 49470 | Vaults:4 | Identified a +2 battleaxe of freezing
 49470 | Vaults:4 | Identified a +0 flail
 49470 | Vaults:4 | Identified a +0 ring mail
 49470 | Vaults:4 | Identified a +0 battleaxe
 49470 | Vaults:4 | Identified a +0 plate armour
 49470 | Vaults:4 | Identified a +0 dire flail
 49470 | Vaults:4 | Identified a +0 ring mail
 49470 | Vaults:4 | Identified a +0 great mace
 49470 | Vaults:4 | Identified a +0 chain mail
 49470 | Vaults:4 | Identified a +0 dire flail
 49470 | Vaults:4 | Identified a +0 plate armour
 49483 | Vaults:4 | Identified a cursed -3 giant club
 49483 | Vaults:4 | Identified a +0 giant spiked club
 49484 | Vaults:4 | Identified a +0 great mace
 49484 | Vaults:4 | Identified a +0 ring mail
 49484 | Vaults:4 | Identified a +4 demon trident
 49484 | Vaults:4 | Identified a +0 plate armour
 49484 | Vaults:4 | Identified a +0 dagger
 49484 | Vaults:4 | Identified a +0 robe
 49484 | Vaults:4 | Identified a +0 scimitar
 49484 | Vaults:4 | Identified a +0 buckler
 49503 | Vaults:4 | Reached skill level 18 in Armour
 49539 | Vaults:4 | Identified a +0 robe
 49539 | Vaults:4 | Identified a +0 giant club
 49539 | Vaults:4 | Identified a +0 giant club
 49539 | Vaults:4 | Identified a +0 giant club
 49539 | Vaults:4 | Identified a +0 giant spiked club
 49539 | Vaults:4 | Identified a +0 giant club
 49539 | Vaults:4 | Identified a +0 giant club
 49544 | Vaults:4 | Identified a +0 giant spiked club
 49642 | Vaults:4 | Identified a +0 arbalest
 49756 | Vaults:4 | Identified a +0 giant club
 49756 | Vaults:4 | Identified a +0 dire flail
 49765 | Vaults:4 | Identified a +0 dire flail
 49765 | Vaults:4 | Identified a cursed -2 giant spiked club
 49765 | Vaults:4 | Identified a +0 giant spiked club
 49765 | Vaults:4 | Identified a +0 giant club
 49765 | Vaults:4 | Identified a cursed -2 halberd
 49765 | Vaults:4 | Identified a +0 robe
 49767 | Vaults:4 | Identified a +0 arbalest
 49768 | Vaults:4 | Identified a +0 giant club
 49773 | Vaults:4 | Identified a +0 giant club
 49773 | Vaults:4 | Identified a +0 great mace
 49774 | Vaults:4 | Identified a +0 giant spiked club
 49774 | Vaults:4 | Identified a +0 giant club
 49776 | Vaults:4 | Identified a +0 arbalest
 49780 | Vaults:4 | Identified a +0 arbalest
 49782 | Vaults:4 | Identified a +3 battleaxe of chopping
 49782 | Vaults:4 | Identified a +0 chain mail of fire resistance
 49916 | Vaults:4 | Identified a +0 battleaxe of freezing
 49934 | Vaults:4 | Identified +0 ice dragon scales
 49955 | Vaults:4 | Reached skill level 21 in Maces & Flails
 49975 | Vaults:4 | Found Bupsoj's Food Emporium.
 49984 | Vaults:4 | Bought a ration for 70 gold pieces
 49984 | Vaults:4 | Bought a ration for 70 gold pieces
 49984 | Vaults:4 | Bought a ration for 70 gold pieces
 49984 | Vaults:4 | Bought a ration for 70 gold pieces
 49984 | Vaults:4 | Bought a ration for 70 gold pieces
 49984 | Vaults:4 | Bought a ration for 70 gold pieces
 49984 | Vaults:4 | Bought a ration for 70 gold pieces
 50019 | Vaults:4 | Identified a +0 long sword
 50019 | Vaults:4 | Identified a +0 leather armour
 50019 | Vaults:4 | Identified a +0 short sword
 50019 | Vaults:4 | Identified a +0 short sword
 50019 | Vaults:4 | Identified a +0 shortbow
 50019 | Vaults:4 | Identified a +0 leather armour
 50019 | Vaults:4 | Identified a +0 short sword
 50023 | Vaults:4 | Received a gift from Trog
 50047 | Vaults:4 | Identified a +2 antimagic dire flail (Trog gifted it to you
                  | on level 4 of the Vaults)
 50279 | Vaults:4 | Identified a +0 long sword
 50279 | Vaults:4 | Identified a +0 long sword
 50283 | Vaults:4 | Identified a +0 long sword
 50284 | Vaults:4 | Identified a +1 vampiric short sword
 50284 | Vaults:4 | Identified a +0 short sword
 50284 | Vaults:4 | Identified a +0 shortbow
 50284 | Vaults:4 | Identified a +0 leather armour
 50356 | Vaults:4 | Identified a +0 great mace of draining
 50356 | Vaults:4 | Identified a +0 scale mail
 50377 | Vaults:4 | Found Ibij's Distillery.
 50377 | Vaults:4 | Identified a +0 flail
 50377 | Vaults:4 | Identified a +0 leather armour
 50377 | Vaults:4 | Identified a +0 dagger
 50377 | Vaults:4 | Identified a +0 shortbow
 50377 | Vaults:4 | Identified a +0 leather armour
 50377 | Vaults:4 | Identified a +0 long sword
 50377 | Vaults:4 | Identified a +0 long sword
 50377 | Vaults:4 | Identified a +1 buckler of protection
 50377 | Vaults:4 | Identified a +0 rapier
 50377 | Vaults:4 | Identified a +0 leather armour
 50457 | Vaults:4 | Bought a potion of heal wounds for 75 gold pieces
 50457 | Vaults:4 | Bought a potion of heal wounds for 75 gold pieces
 50457 | Vaults:4 | Bought a potion of resistance for 150 gold pieces
 50485 | Vaults:4 | Identified a +2 battleaxe of chopping
 50485 | Vaults:4 | Identified a +0 chain mail
 50489 | Vaults:4 | Reached XP level 21. HP: 204/210 MP: 20/20
 50493 | Vaults:4 | Identified a +0 great mace
 50493 | Vaults:4 | Identified a +0 leather armour
 50500 | Vaults:4 | Identified a +0 troll leather armour
 50574 | Vaults:4 | Identified a +0 arbalest
 50575 | Vaults:4 | Identified a +0 arbalest
 50575 | Vaults:4 | Identified a +0 arbalest
 50575 | Vaults:4 | Identified a +0 arbalest
 50701 | Vaults:4 | Identified a +0 long sword
 50701 | Vaults:4 | Identified a +0 scale mail of poison resistance
 50701 | Vaults:4 | Identified a +2 buckler
 50702 | Vaults:4 | Identified a +2 buckler
 50713 | Vaults:4 | Reached skill level 23 in Fighting
 50777 | Vaults:4 | Identified a +1 hat (You found it on level 4 of the Vaults)
 50804 | Vaults:4 | Found a radiant altar of Vehumet.
 50808 | Vaults:4 | Reached skill level 17 in Dodging
 50819 | Vaults:4 | Got a slimy hat
 50833 | Vaults:4 | Identified the cursed +0 hat "Oceuczae" {rElec rCorr Str-5
                  | Dex+4} (You found it on level 4 of the Vaults)
 50841 | Vaults:4 | Identified a +2 dagger of venom
 50841 | Vaults:4 | Identified a +0 robe
 50845 | Vaults:4 | Received a gift from Trog
 50878 | Vaults:4 | Identified a +1 hat (You found it on level 4 of the Vaults)
 50888 | Vaults:4 | Identified a +1 hat of see invisible (You found it on level
                  | 4 of the Vaults)
 50889 | Vaults:4 | Got a shimmering robe
 50942 | Vaults:4 | Identified a +2 hat (You found it on level 4 of the Vaults)
 51097 | Vaults:4 | Identified a +4 battleaxe of pain
 51097 | Vaults:4 | Identified +1 acid dragon scales
 51097 | Vaults:4 | Noticed Margery
 51097 | Vaults:4 | Identified a +3 halberd of pain
 51097 | Vaults:4 | Identified a +0 plate armour
 51097 | Vaults:4 | Identified a +1 antimagic dagger
 51097 | Vaults:4 | Identified a +0 robe
 51097 | Vaults:4 | Identified a +0 demon blade of slicing
 51097 | Vaults:4 | Identified a +0 plate armour
 51104 | Vaults:4 | Killed Margery
 51337 | D:11     | Reached skill level 15 in Throwing
 51425 | Elf:1    | Entered Level 1 of the Elven Halls
 51425 | Elf:1    | Identified a +0 long sword
 51425 | Elf:1    | Identified a +0 scale mail
 51425 | Elf:1    | Identified a +0 short sword
 51425 | Elf:1    | Identified a +0 dagger
 51425 | Elf:1    | Identified a +0 long sword
 51425 | Elf:1    | Identified a cursed +0 leather armour
 51425 | Elf:1    | Identified a +0 scimitar
 51425 | Elf:1    | Identified a +0 ring mail
 51425 | Elf:1    | Identified a +0 buckler of poison resistance
 51425 | Elf:1    | Identified a +0 short sword
 51425 | Elf:1    | Identified a +0 long sword
 51425 | Elf:1    | Identified a +0 long sword
 51425 | Elf:1    | Identified a +0 long sword
 51427 | Elf:1    | Identified a +0 rapier
 51427 | Elf:1    | Identified a +0 ring mail
 51439 | Elf:1    | Received a gift from Trog
 51474 | Elf:1    | Identified a +3 dire flail of protection
 51484 | Elf:1    | Identified a +0 long sword
 51484 | Elf:1    | Identified a +0 leather armour
 51567 | Elf:1    | Identified a +0 dagger
 51577 | Elf:1    | Identified a -3 short sword
 51577 | Elf:1    | Identified a +0 shortbow
 51577 | Elf:1    | Identified a +0 leather armour
 51579 | Elf:1    | Identified a +0 long sword
 51580 | Elf:1    | Identified a +0 long sword
 51580 | Elf:1    | Identified a +0 leather armour
 51581 | Elf:1    | Identified a +0 dagger
 51581 | Elf:1    | Identified a +0 shortbow
 51581 | Elf:1    | Identified a +0 leather armour
 51581 | Elf:1    | Identified a +0 shortbow
 51581 | Elf:1    | Identified a +0 leather armour
 51823 | Elf:1    | Identified a +0 long sword
 51823 | Elf:1    | Identified a +0 long sword
 51823 | Elf:1    | Identified a +0 long sword
 51823 | Elf:1    | Identified a +0 long sword of slicing
 51825 | Elf:1    | Identified a +0 dagger
 51825 | Elf:1    | Identified a +0 leather armour
 51829 | Elf:1    | Identified a +0 rapier
 51829 | Elf:1    | Identified a +0 leather armour
 51832 | Elf:1    | Identified a +0 rapier
 51832 | Elf:1    | Identified a +0 leather armour
 51837 | Elf:1    | Received a gift from Trog
 51844 | Elf:1    | Identified a +0 long sword
 51900 | Elf:1    | Identified Vehumet's Catalogue of Arcane Weapons
 51914 | Elf:1    | Identified a +0 longbow
 51918 | Elf:1    | Identified a +0 long sword
 51918 | Elf:1    | Identified a +0 leather armour
 51924 | Elf:1    | Identified a +0 dagger
 51924 | Elf:1    | Identified a +0 ring mail
 52060 | Elf:1    | Found Gaafuonn's Magic Scroll Shoppe.
 52068 | Elf:1    | Bought a scroll of teleportation for 39 gold pieces
 52068 | Elf:1    | Bought a scroll of teleportation for 39 gold pieces
 52068 | Elf:1    | Bought a scroll of teleportation for 39 gold pieces
 52068 | Elf:1    | Bought a scroll of acquirement for 676 gold pieces
 52080 | Elf:1    | Identified a +4 chain mail of magic resistance (You
                  | acquired it on level 1 of the Elven Halls)
 52128 | Elf:1    | Identified a +1 dire flail of crushing
 52134 | Elf:1    | Received a gift from Trog
 52134 | Elf:1    | Identified a +0 short sword
 52134 | Elf:1    | Identified a +0 longbow
 52134 | Elf:1    | Identified a +1 leather armour of cold resistance
 52137 | Elf:1    | Identified a +0 rapier
 52141 | Elf:1    | Identified a +0 long sword
 52141 | Elf:1    | Identified a +0 ring mail
 52143 | Elf:1    | Identified a +0 rapier
 52145 | Elf:1    | Identified a +0 dagger
 52150 | Elf:1    | Identified a +1 dire flail of holy wrath
 52308 | Elf:1    | Identified a +0 dagger
 52308 | Elf:1    | Identified a +0 shortbow
 52308 | Elf:1    | Identified a cursed +0 leather armour
 52308 | Elf:1    | Identified a +0 scimitar
 52308 | Elf:1    | Identified a +0 longbow
 52308 | Elf:1    | Identified a +0 scimitar
 52308 | Elf:1    | Identified a +0 leather armour
 52309 | Elf:1    | Identified a +0 short sword
 52310 | Elf:1    | Identified a +2 dagger of draining
 52310 | Elf:1    | Identified a +0 leather armour
 52311 | Elf:1    | Identified a +0 long sword
 52311 | Elf:1    | Identified a cursed -2 chain mail
 52367 | Elf:1    | Identified a +1 long sword of holy wrath
 52503 | Elf:1    | Identified a +0 long sword
 52503 | Elf:1    | Identified a +0 ring mail
 52552 | Elf:2    | Identified a +0 long sword
 52553 | Elf:2    | Identified a +3 glaive of chopping
 52566 | Elf:2    | Identified a +0 long sword
 52566 | Elf:2    | Identified a cursed -2 leather armour
 52592 | Elf:2    | Identified a +0 vampiric spear
 52592 | Elf:2    | Identified a +0 longbow
 52592 | Elf:2    | Identified a +0 leather armour
 52597 | Elf:2    | Identified a +0 long sword
 52598 | Elf:2    | Identified a cursed -2 long sword
 52598 | Elf:2    | Identified a +0 scimitar
 52598 | Elf:2    | Identified a +0 leather armour
 52600 | Elf:2    | Identified a +0 dagger
 52633 | Elf:2    | Identified a +0 long sword
 52635 | Elf:2    | Identified a +3 trident of piercing
 52666 | Elf:2    | Identified a +0 rapier
 52666 | Elf:2    | Identified a +0 long sword
 52666 | Elf:2    | Identified a +0 long sword
 52667 | Elf:2    | Identified a +0 long sword
 52669 | Elf:2    | Identified a +0 dagger
 52677 | Elf:2    | Identified a +0 rapier
 52677 | Elf:2    | Identified a +0 leather armour
 52712 | Elf:2    | Identified a +6 dagger
 52715 | Elf:2    | Identified a +0 long sword
 52725 | Elf:2    | Identified a +0 falchion
 52736 | Elf:2    | Identified a +0 falchion
 52743 | Elf:2    | Found a huge runed translucent gate.
 52743 | Elf:2    | Found a huge runed translucent gate.
 52743 | Elf:2    | Found a huge runed translucent gate.
 52743 | Elf:2    | Found a huge runed translucent gate.
 52747 | Elf:2    | Found a huge runed translucent gate.
 52785 | Elf:2    | Identified a +0 short sword of speed
 52785 | Elf:2    | Identified a +0 leather armour
 52824 | Elf:2    | Identified a +0 rapier
 52824 | Elf:2    | Identified a +0 rapier
 52824 | Elf:2    | Identified a +0 leather armour
 52825 | Elf:2    | Identified a +0 shortbow
 52825 | Elf:2    | Identified a +0 leather armour
 52826 | Elf:2    | Identified a +0 short sword
 52826 | Elf:2    | Identified a +0 shortbow
 52826 | Elf:2    | Identified a +0 leather armour
 52830 | Elf:2    | Identified a +0 dagger
 52830 | Elf:2    | Identified a +0 scale mail
 52833 | Elf:2    | Received a gift from Trog
 52889 | Elf:2    | Identified a +0 long sword
 52889 | Elf:2    | Identified a cursed +0 short sword
 52889 | Elf:2    | Identified a +0 longbow
 52889 | Elf:2    | Identified a +0 leather armour
 52891 | Elf:2    | Identified a +0 scimitar
 52891 | Elf:2    | Identified a +0 shortbow
 52891 | Elf:2    | Identified a +0 leather armour
 52891 | Elf:2    | Identified a +0 long sword
 52891 | Elf:2    | Identified a +0 ring mail
 52892 | Elf:2    | Identified a +0 short sword
 52892 | Elf:2    | Identified a +0 ring mail
 52902 | Elf:2    | Received a gift from Trog
 52930 | Elf:2    | Identified a +2 vampiric battleaxe
 52945 | Elf:2    | Identified a +0 short sword
 52945 | Elf:2    | Identified a +1 short sword of venom
 52945 | Elf:2    | Identified a +0 ring mail
 52946 | Elf:2    | Identified a +0 rapier
 52946 | Elf:2    | Identified a +2 vampiric long sword
 52947 | Elf:2    | Identified a +0 short sword
 53029 | Elf:2    | Identified a +0 short sword
 53029 | Elf:2    | Identified a +0 shortbow
 53029 | Elf:2    | Identified a +0 leather armour
 53225 | Elf:2    | Identified a +0 long sword
 53226 | Elf:2    | Identified a +0 rapier
 53226 | Elf:2    | Identified a +0 rapier
 53226 | Elf:2    | Identified a +2 leather armour of cold resistance
 53226 | Elf:2    | Identified a +2 rapier of draining
 53251 | Elf:2    | Identified a +0 shortbow
 53288 | Elf:2    | Identified a +0 short sword
 53289 | Elf:2    | Identified a +0 trident
 53312 | Elf:2    | Identified a +2 trident of protection
 53313 | Elf:2    | Identified a +4 mace of holy wrath
 53316 | Elf:2    | Identified a +4 long sword of holy wrath
 53317 | Elf:2    | Identified a +0 long sword
 53317 | Elf:2    | Identified a +0 chain mail
 53317 | Elf:2    | Identified a +0 buckler
 53319 | Elf:2    | Identified a +2 vampiric halberd
 53319 | Elf:2    | Identified a +0 scimitar
 53319 | Elf:2    | Identified a +0 ring mail
 53320 | Elf:2    | Identified a +2 hand axe of chopping
 53321 | Elf:2    | Identified a +0 short sword
 53321 | Elf:2    | Identified a +2 glaive of venom
 53322 | Elf:2    | Identified a +0 rapier
 53322 | Elf:2    | Identified a +2 antimagic battleaxe
 53323 | Elf:2    | Identified a +0 long sword
 53323 | Elf:2    | Identified a +0 long sword
 53324 | Elf:2    | Identified a +0 rapier
 53324 | Elf:2    | Identified a +0 chain mail
 53325 | Elf:2    | Identified a +0 shortbow
 53325 | Elf:2    | Identified a +2 glaive of pain
 53326 | Elf:2    | Identified a +1 lajatang of distortion
 53364 | Elf:2    | Identified a +8 executioner's axe of freezing
 53767 | Elf:3    | Entered Level 3 of the Elven Halls
 53777 | Elf:3    | Found a shimmering altar of Xom.
 53777 | Elf:3    | Noticed Dataggej's ghost (adept MiBe)
 53779 | Elf:3    | Identified a +0 rapier of chaos
 53780 | Elf:3    | Found a runed translucent door.
 53803 | Elf:3    | Identified a +0 short sword
 53803 | Elf:3    | Identified a +0 shortbow
 53803 | Elf:3    | Identified a cursed +0 leather armour
 53810 | Elf:3    | Reached skill level 1 in Axes
 53811 | Elf:3    | Identified a +0 long sword
 53811 | Elf:3    | Identified a +0 leather armour
 53812 | Elf:3    | Identified a +0 dagger of venom
 53812 | Elf:3    | Identified a +0 scale mail
 53812 | Elf:3    | Identified a +0 long sword of venom
 53812 | Elf:3    | Identified a +1 ring mail of magic resistance
 53813 | Elf:3    | Identified a +0 dagger
 53813 | Elf:3    | Identified a +0 ring mail
 53821 | Elf:3    | Identified a +2 short sword of venom
 53823 | Elf:3    | Reached skill level 2 in Axes
 53874 | Elf:3    | Reached skill level 3 in Axes
 53883 | Elf:3    | Killed Dataggej's ghost
 53883 | Elf:3    | Reached skill level 4 in Axes
 53951 | Elf:3    | Identified a +0 dagger
 53951 | Elf:3    | Identified a +0 long sword
 53951 | Elf:3    | Identified a +2 flail of draining
 53951 | Elf:3    | Identified a +0 long sword
 53951 | Elf:3    | Identified a +0 long sword
 53952 | Elf:3    | Identified a +0 dagger
 53952 | Elf:3    | Identified a +0 shortbow
 53952 | Elf:3    | Identified a +0 leather armour
 53968 | Elf:3    | Received a gift from Trog
 53969 | Elf:3    | Reached skill level 5 in Axes
 53994 | Elf:3    | Identified a +1 antimagic dire flail (Trog gifted it to you
                  | on level 3 of the Elven Halls)
 53999 | Elf:3    | Identified a +0 dagger
 54032 | Elf:3    | Identified a +0 short sword
 54032 | Elf:3    | Identified a +0 shortbow
 54032 | Elf:3    | Identified a +0 leather armour
 54034 | Elf:3    | Identified a +2 long sword of freezing
 54034 | Elf:3    | Identified a +0 plate armour
 54034 | Elf:3    | Identified a +0 shield of reflection
 54034 | Elf:3    | Noticed Donald
 54038 | Elf:3    | Identified a +0 rapier of electrocution
 54040 | Elf:3    | Identified a +0 short sword
 54043 | Elf:3    | Identified a +0 long sword
 54043 | Elf:3    | Identified a +0 long sword
 54043 | Elf:3    | Identified a +0 chain mail
 54044 | Elf:3    | Killed Donald
 54044 | Elf:3    | Reached skill level 6 in Axes
 54048 | Elf:3    | Identified a +0 war axe of freezing
 54051 | Elf:3    | Identified a +0 short sword
 54052 | Elf:3    | Identified a +0 rapier
 54052 | Elf:3    | Identified a +0 chain mail
 54053 | Elf:3    | Identified a +0 short sword
 54053 | Elf:3    | Identified a +0 shortbow
 54055 | Elf:3    | Identified a +0 long sword
 54056 | Elf:3    | Identified a +0 dagger
 54057 | Elf:3    | Identified a +0 short sword
 54058 | Elf:3    | Identified a +0 long sword
 54059 | Elf:3    | Identified a +0 long sword
 54068 | Elf:3    | Reached skill level 7 in Axes
 54068 | Elf:3    | Reached XP level 22. HP: 190/222 MP: 16/21
 54072 | Elf:3    | Identified a +0 rapier
 54077 | Elf:3    | Identified a +0 short sword
 54089 | Elf:3    | Identified a +0 short sword
 54089 | Elf:3    | Identified a +0 leather armour
 54095 | Elf:3    | Reached skill level 8 in Axes
 54098 | Elf:3    | Identified a +2 short sword of speed
 54106 | Elf:3    | Identified a +0 short sword
 54106 | Elf:3    | Identified a +0 shortbow
 54106 | Elf:3    | Identified a +0 leather armour
 54134 | Elf:3    | Identified a +0 short sword
 54134 | Elf:3    | Identified a +0 leather armour
 54134 | Elf:3    | Identified a +0 short sword
 54142 | Elf:3    | Reached skill level 9 in Axes
 54205 | Elf:3    | Identified a +0 longbow
 54205 | Elf:3    | Identified a +0 leather armour
 54205 | Elf:3    | Identified a +0 dagger
 54217 | Elf:3    | Identified a +0 long sword
 54217 | Elf:3    | Identified a cursed +0 ring mail
 54217 | Elf:3    | Identified a +2 long sword of slicing
 54222 | Elf:3    | Identified a +0 dagger
 54225 | Elf:3    | Identified a +2 dagger of flaming
 54249 | Elf:3    | Identified a +0 long sword
 54249 | Elf:3    | Identified a +0 leather armour
 54249 | Elf:3    | Identified a +0 scimitar
 54249 | Elf:3    | Identified a +0 chain mail
 54252 | Elf:3    | Identified a +0 long sword
 54256 | Elf:3    | Reached skill level 10 in Axes
 54257 | Elf:3    | Identified a +0 rapier
 54284 | Elf:3    | Identified a +0 short sword
 54284 | Elf:3    | Identified a +0 shortbow
 54284 | Elf:3    | Identified a +0 leather armour
 54290 | Elf:3    | Received a gift from Trog
 54293 | Elf:3    | Got a bone battleaxe {god gift}
 54456 | Elf:2    | Identified the +6 battleaxe of Trog's Condemnation {holy,
                  | rF+} (Trog gifted it to you on level 3 of the Elven Halls)
 54516 | Elf:3    | Identified a +1 glaive of protection
 54609 | Elf:3    | Identified a +0 short sword
 54609 | Elf:3    | Identified a +0 shortbow
 54609 | Elf:3    | Identified a +0 leather armour
 54619 | Elf:3    | Identified a +0 long sword
 54728 | Elf:3    | Identified a +2 executioner's axe of chopping
 54742 | Elf:3    | Identified a +0 short sword
 54742 | Elf:3    | Identified a -3 shortbow
 54742 | Elf:3    | Identified a +0 leather armour
 54742 | Elf:3    | Identified a +0 long sword
 54742 | Elf:3    | Identified a +0 buckler
 54742 | Elf:3    | Identified a +2 long sword of holy wrath
 54742 | Elf:3    | Identified a +0 ring mail
 54742 | Elf:3    | Identified a +3 rapier
 54742 | Elf:3    | Identified a +1 rapier of freezing
 54742 | Elf:3    | Identified a +0 leather armour
 54742 | Elf:3    | Identified a +0 short sword
 54757 | Elf:3    | Identified a +0 trident
 54760 | Elf:3    | Identified a +0 long sword
 54760 | Elf:3    | Identified a +0 leather armour
 54796 | Elf:3    | Identified a +0 trident
 55080 | Elf:3    | Identified a +0 scimitar
 55080 | Elf:3    | Identified a +0 longbow
 55080 | Elf:3    | Identified a +0 leather armour
 55097 | Elf:3    | Identified the +12 great mace of Distraction {venom, -Tele
                  | rF+ Int+4}
 55097 | Elf:3    | Identified the +3 robe of Xege {rElec Int+2}
 55097 | Elf:3    | Identified the ring "Rugobasa" {*Drain rElec EV+1 Dex+9}
 55097 | Elf:3    | Identified the cursed +2 trident "Buegum" {pierce, Dex+6}
 55097 | Elf:3    | Identified a +0 ring mail
 55097 | Elf:3    | Identified a +2 amulet of reflection
 55099 | Elf:3    | Identified a +0 war axe
 55099 | Elf:3    | Identified a +0 leather armour
 55103 | Elf:3    | Reached skill level 11 in Axes
 55163 | Elf:3    | Identified a +2 rapier of venom
 55163 | Elf:3    | Identified a +0 leather armour
 55178 | Elf:3    | Identified a +0 short sword
 55178 | Elf:3    | Identified a +0 short sword
 55178 | Elf:3    | Identified a +2 chain mail of cold resistance
 55178 | Elf:3    | Identified a cursed ring of teleportation
 55208 | Elf:3    | Identified a +0 longbow
 55208 | Elf:3    | Identified a +0 leather armour
 55260 | Elf:3    | Identified a +4 morningstar of crushing
 55260 | Elf:3    | Identified the ring of Nighad Cuno {rF+ Str-5 Dex+7 SInv}
 55278 | Elf:3    | Identified a +0 great mace
 55278 | Elf:3    | Identified a +0 leather armour
 55281 | Elf:3    | Identified a +2 vampiric demon whip
 55286 | Elf:3    | HP: 50/222 [???[a deep elf demonologist] (39)]
 55419 | Elf:3    | Identified a +0 battleaxe of flaming
 55493 | Elf:3    | Identified a +2 war axe of flaming
 55493 | Elf:3    | Identified a +0 leather armour
 55550 | Elf:3    | Identified a +4 antimagic short sword
 55550 | Elf:3    | Identified a +0 ring mail
 55559 | Elf:3    | Reached skill level 12 in Axes
 55572 | Elf:3    | Identified the +2 quarterstaff of Gugas {pain, *Contam
                  | +Rage rF++}
 55572 | Elf:3    | Identified an uncursed ring of ice
 55664 | Elf:3    | Identified a +1 long sword of flaming
 55664 | Elf:3    | Identified a +0 leather armour
 55677 | Elf:3    | Found the +0 staff of Battle
 55687 | Elf:3    | Found the +0 pair of fencer's gloves {Riposte Dex+3}
 55689 | Elf:3    | Found the +2 ratskin cloak {+Rats rPois rN+ Str-1 Int-1
                  | Dex+1}
 56053 | Depths:1 | Entered Level 1 of the Depths
 56059 | Depths:1 | Identified a +0 flail
 56059 | Depths:1 | Identified a +0 robe
 56061 | Depths:1 | Noticed a juggernaut
 56063 | Depths:1 | Identified a +0 trident
 56063 | Depths:1 | Identified a cursed +0 robe
 56115 | Depths:1 | Identified a +4 arbalest
 56117 | Depths:1 | Identified a +1 battleaxe of freezing
 56125 | D:15     | Killed a juggernaut
 56128 | D:15     | Reached skill level 13 in Axes
 56269 | Depths:1 | Identified a +0 rapier
 56269 | Depths:1 | Identified a +0 animal skin
 56271 | Depths:1 | Identified a cursed -2 dire flail
 56271 | Depths:1 | Identified a +3 dire flail of draining
 56271 | Depths:1 | Identified a +0 arbalest of velocity
 56279 | Depths:1 | Identified +0 ice dragon scales
 56283 | Depths:1 | Identified a cursed +0 buckler
 56524 | Depths:1 | Identified a +3 falchion of electrocution
 56524 | Depths:1 | Identified a +0 animal skin
 56588 | Depths:1 | Got a shimmering leather armour
 56614 | Depths:1 | Identified a +1 halberd of flaming
 56614 | Depths:1 | Identified a cursed +0 plate armour
 56614 | Depths:1 | Identified a +2 halberd of draining
 56614 | Depths:1 | Identified a +0 plate armour
 56614 | Depths:1 | Identified a +0 scimitar of flaming
 56614 | Depths:1 | Identified a +0 plate armour
 56615 | Depths:1 | Identified a +4 war axe
 56615 | Depths:1 | Identified a +0 chain mail
 56615 | Depths:1 | Identified a +2 demon blade
 56615 | Depths:1 | Identified a +0 chain mail
 56615 | Depths:1 | Identified a +4 battleaxe
 56615 | Depths:1 | Identified a +0 chain mail
 56615 | Depths:1 | Identified a +3 great mace
 56615 | Depths:1 | Identified a +0 chain mail
 56713 | Depths:1 | Reached skill level 14 in Axes
 56717 | Depths:1 | Received a gift from Trog
 56893 | Depths:1 | Identified a ring of fire (You found it on level 1 of the
                  | Depths)
 56996 | Depths:1 | Identified a +0 dire flail
 56996 | Depths:1 | Identified a +0 dire flail
 57047 | Depths:1 | Identified a +0 rapier of electrocution
 57047 | Depths:1 | Identified a +0 cloak
 57047 | Depths:1 | Identified a +0 pair of gloves
 57047 | Depths:1 | Noticed Nikola
 57056 | Depths:1 | Killed Nikola
 57094 | Depths:1 | Found a gateway to Hell.
 57122 | Depths:1 | Identified a +0 arbalest
 57137 | Depths:1 | Identified a +0 arbalest
 57142 | Depths:1 | Identified a +0 arbalest
 57143 | Depths:1 | Identified a +0 arbalest
 57148 | Depths:1 | Identified a +0 arbalest of velocity
 57151 | Depths:1 | Received a gift from Trog
 57188 | Depths:1 | Identified a +0 shortbow
 57192 | Depths:1 | Identified a +0 shortbow
 57195 | Depths:1 | Identified a +0 shortbow
 57195 | Depths:1 | Identified a +0 shortbow
 57197 | Depths:1 | Identified a +0 shortbow
 57197 | Depths:1 | Identified a +0 shortbow
 57517 | Depths:1 | Identified a +0 arbalest
 57548 | Depths:1 | Reached skill level 15 in Axes
 57586 | Depths:2 | Identified a +0 buckler
 57592 | Depths:2 | Identified a +0 dire flail
 57592 | Depths:2 | Identified a +0 ring mail
 57600 | Depths:1 | Received a gift from Trog
 57712 | Depths:1 | Identified the +3 leather armour "Zeuclagu" {Stlth+} (You
                  | found it on level 1 of the Depths)
 57742 | Depths:2 | Identified a +0 troll leather armour
 57743 | Depths:2 | Identified a +0 troll leather armour
 57780 | Depths:2 | Identified a +0 flail
 57780 | Depths:2 | Identified a +0 robe
 57780 | Depths:2 | Identified a +0 giant club
 57780 | Depths:2 | Identified a +0 giant club
 57781 | Depths:2 | Identified a +0 giant spiked club
 57781 | Depths:2 | Identified a +0 giant club
 57781 | Depths:2 | Identified a cursed +0 giant spiked club
 57781 | Depths:2 | Identified a +0 giant club
 57781 | Depths:2 | Identified a +0 giant spiked club
 57799 | Depths:2 | Identified a +0 troll leather armour
 57817 | Depths:2 | Reached skill level 16 in Axes
 57901 | Depths:2 | Identified a cursed +0 arbalest
 57903 | Depths:2 | Identified a +1 dire flail of crushing
 57903 | Depths:2 | Identified a +0 plate armour
 57906 | Depths:2 | Received a gift from Trog
 57908 | Depths:2 | Identified a +0 troll leather armour
 57912 | Depths:2 | Identified a +3 dire flail
 57912 | Depths:2 | Identified a +0 dire flail
 57913 | Depths:2 | Identified a +0 troll leather armour
 57913 | Depths:2 | Identified a +2 battleaxe of freezing
 57913 | Depths:2 | Identified a +0 battleaxe
 57913 | Depths:2 | Identified a +0 leather armour
 57914 | Depths:2 | Identified a +2 great mace
 57914 | Depths:2 | Identified a +0 plate armour
 57923 | Depths:2 | Reached XP level 23. HP: 132/228 MP: 22/22
 58010 | Depths:2 | Identified a +0 whip
 58010 | Depths:2 | Identified a +0 robe
 58014 | Depths:2 | Identified a +0 great mace
 58014 | Depths:2 | Identified a +0 dire flail
 58015 | Depths:2 | Identified a +0 long sword
 58027 | Depths:2 | Identified a +0 trident
 58120 | Depths:2 | Identified a cursed +0 trident
 58120 | Depths:2 | Identified a +0 robe
 58132 | Depths:2 | Identified a +0 long sword
 58132 | Depths:2 | Identified a +0 chain mail
 58133 | Depths:2 | Identified a +2 great sword of flaming
 58133 | Depths:2 | Identified a +1 great sword of flaming
 58144 | Depths:2 | Identified a +0 trident
 58148 | Depths:2 | Reached skill level 17 in Axes
 58263 | Depths:2 | Identified a +0 arbalest
 58264 | Depths:2 | Identified a cursed +0 club
 58264 | Depths:2 | Identified a +0 robe
 58264 | Depths:2 | Identified a +0 giant club
 58264 | Depths:2 | Identified a +0 giant spiked club
 58264 | Depths:2 | Identified a +0 giant spiked club
 58264 | Depths:2 | Identified a +0 giant spiked club
 58264 | Depths:2 | Identified a cursed +0 dire flail
 58264 | Depths:2 | Identified a +0 giant spiked club
 58264 | Depths:2 | Identified a +0 giant club
 58264 | Depths:2 | Identified a +0 giant spiked club
 58264 | Depths:2 | Identified a +0 giant club
 58264 | Depths:2 | Identified a +0 dire flail
 58264 | Depths:2 | Identified a +0 dire flail
 58269 | Depths:2 | Identified a +2 vampiric great sword
 58269 | Depths:2 | Identified a +0 scale mail
 58270 | Depths:2 | Identified a +0 buckler
 58270 | Depths:2 | Identified a +0 long sword
 58270 | Depths:2 | Identified a +0 arbalest
 58270 | Depths:2 | Identified a +0 ring mail
 58274 | Depths:2 | Identified a +0 war axe of venom
 58274 | Depths:2 | Identified a +0 chain mail
 58389 | Depths:2 | Found Melemnoq's Jewellery Shoppe.
 58389 | Depths:2 | Found Vysentev's Antique Armour Emporium.
 58391 | Depths:2 | Found Ucida's Armour Shoppe.
 58392 | Depths:2 | Found Wuegesh's Antique Armour Emporium.
 58633 | Depths:2 | Identified a +0 trident
 58633 | Depths:2 | Identified a +0 robe
 58639 | Depths:2 | Identified a +0 halberd
 58639 | Depths:2 | Identified a +0 robe
 58639 | Depths:2 | Identified a +0 giant club
 58639 | Depths:2 | Identified a +0 giant club
 58639 | Depths:2 | Identified a cursed +0 giant club
 58639 | Depths:2 | Identified a +0 giant club
 58639 | Depths:2 | Identified a +1 dire flail of holy wrath
 58645 | Depths:2 | Identified a +0 giant club
 58645 | Depths:2 | Identified a +0 giant club
 58666 | Depths:2 | Identified a +0 great sword
 58666 | Depths:2 | Identified a +0 chain mail
 58673 | Depths:2 | Found a shadowy altar of Dithmenos.
 58675 | Depths:2 | Found the +2 cloak of the Thief {+Fog Slay-2 SInv Stlth+}
 58686 | Depths:2 | Identified a +1 battleaxe of flaming (Trog gifted it to you
                  | on level 2 of the Depths)
 58693 | Depths:2 | Got shimmering shadow dragon scales
 58704 | Depths:2 | Identified the +6 shadow dragon scales of the Desert {Str+6
                  | Dex+4 Stlth++++} (You found it on level 2 of the Depths)
 58832 | Depths:2 | Found a gateway to a ziggurat.
 58895 | Depths:2 | Bought the ring of Pyemud {MR++ AC+3} for 618 gold pieces
 58918 | Depths:3 | Found a one-way gate leading to the halls of Pandemonium.
 58918 | Depths:3 | Identified a +0 great mace
 58918 | Depths:3 | Identified a +0 chain mail
 58941 | Depths:3 | Identified a +0 arbalest
 58948 | Depths:3 | Identified a +0 spear
 58948 | Depths:3 | Identified a +0 robe
 58948 | Depths:3 | Identified a +3 quick blade
 58948 | Depths:3 | Identified a +0 robe
 58948 | Depths:3 | Identified a +2 buckler
 58948 | Depths:3 | Identified a +7 quick blade
 58948 | Depths:3 | Identified a +0 buckler of fire resistance
 58948 | Depths:3 | Noticed the Enchantress
 58949 | Depths:3 | Identified a +3 lajatang of pain
 58949 | Depths:3 | Identified a +0 robe
 58949 | Depths:3 | Identified a +6 antimagic lajatang
 58949 | Depths:3 | Identified a +0 robe
 58949 | Depths:3 | Identified a +0 robe
 58949 | Depths:3 | Identified a +0 dagger
 58949 | Depths:3 | Identified a +0 robe
 58949 | Depths:3 | Identified a +0 buckler
 58949 | Depths:3 | Identified a +0 spear
 58949 | Depths:3 | Identified a +0 dagger
 58949 | Depths:3 | Identified a +0 robe
 58949 | Depths:3 | Identified a +0 robe
 58979 | Depths:3 | Killed the Enchantress
 59138 | Depths:3 | Identified a cursed +0 dire flail
 59138 | Depths:3 | Identified a +0 dire flail
 59145 | Depths:3 | Received a gift from Trog
 59160 | Depths:3 | Identified a +6 great mace of venom (Trog gifted it to you
                  | on level 3 of the Depths)
 59288 | Depths:3 | Identified a +2 great sword of electrocution
 59288 | Depths:3 | Identified a +4 ring mail of fire resistance
 59288 | Depths:3 | Noticed Sojobo
 59317 | Depths:3 | Found Viviorch's Magic Scroll Boutique.
 59320 | Depths:3 | Bought a scroll of magic mapping for 52 gold pieces
 59320 | Depths:3 | Bought a scroll of immolation for 52 gold pieces
 59320 | Depths:3 | Bought a scroll of magic mapping for 52 gold pieces
 59320 | Depths:3 | Bought a scroll of teleportation for 45 gold pieces
 59333 | Depths:3 | Identified a +0 long sword
 59333 | Depths:3 | Identified a +0 scale mail
 59333 | Depths:3 | Identified a +0 buckler of protection
 59360 | Depths:3 | Identified a +1 war axe of chopping
 59360 | Depths:3 | Identified a cursed +0 scale mail
 59360 | Depths:3 | Identified a +0 buckler
 59368 | Depths:3 | Killed Sojobo
 59372 | Depths:3 | Reached skill level 19 in Armour
 59625 | Depths:3 | Identified a +0 arbalest
 59625 | Depths:3 | Identified a cursed +0 arbalest
 59626 | Depths:3 | Identified a +0 arbalest
 59626 | Depths:3 | Identified a +0 arbalest
 59626 | Depths:3 | Identified a +0 arbalest
 59656 | Depths:3 | Identified a +0 dire flail
 59656 | Depths:3 | Identified a +0 great mace
 59718 | Depths:3 | Identified a +0 troll leather armour
 59741 | Depths:3 | Identified a cursed +0 whip
 59741 | Depths:3 | Identified a +0 robe
 59741 | Depths:3 | Identified a +1 dagger of draining
 59741 | Depths:3 | Identified a +0 robe
 59742 | Depths:3 | Identified a +0 dagger
 59742 | Depths:3 | Identified a +0 robe
 59751 | Depths:3 | Reached skill level 18 in Axes
 59754 | Depths:3 | Noticed a caustic shrike
 59765 | Depths:3 | Identified a +0 chain mail
 59766 | Depths:3 | Killed a caustic shrike
 59767 | Depths:3 | Identified the +9 war axe "Kamoiwia" {speed, Str+3 Dex+4}
 59767 | Depths:3 | Identified a +0 plate armour
 59867 | Depths:3 | Identified Dufattod's Almanac of the Mutagenic Voyage
 59868 | Depths:3 | Found a radiant altar of Vehumet.
 59872 | Depths:3 | Identified a +0 robe
 59872 | Depths:3 | Identified an uncursed amulet of the gourmand
 59879 | Depths:3 | Identified a +0 troll leather armour
 59882 | Depths:3 | Identified a +0 arbalest
 59885 | Depths:3 | Identified a +1 great sword of flaming
 59890 | Depths:3 | Reached skill level 24 in Fighting
 59890 | Depths:3 | Identified a +1 broad axe
 59890 | Depths:3 | Identified a +0 chain mail
 59977 | Depths:3 | Identified a +2 mace of holy wrath
 60027 | Depths:3 | Identified a +0 dire flail
 60027 | Depths:3 | Identified a +0 dire flail
 60036 | Depths:3 | Identified +0 fire dragon scales
 60079 | Depths:3 | Identified a +0 dagger
 60079 | Depths:3 | Identified a +0 robe
 60083 | Depths:3 | Received a gift from Trog
 60096 | Depths:3 | Paralysed by a floating eye for 4 turns
 60102 | Depths:3 | Identified +0 fire dragon scales
 60115 | Depths:3 | Identified +0 fire dragon scales
 60195 | Depths:3 | Identified a +0 broad axe of chopping
 60195 | Depths:3 | Identified a +0 animal skin
 60253 | Depths:3 | Identified a +0 halberd
 60253 | Depths:3 | Identified a +0 robe
 60260 | Depths:3 | Received a gift from Trog
 60260 | Depths:3 | Identified a +0 troll leather armour
 60260 | Depths:3 | Identified a +0 troll leather armour
 60262 | Depths:3 | Identified a +0 troll leather armour
 60266 | Depths:3 | Identified a +0 troll leather armour
 60347 | Depths:3 | Identified a +0 arbalest
 60349 | Depths:3 | Identified a +0 war axe
 60349 | Depths:3 | Identified a +0 chain mail
 60355 | Depths:3 | Identified a +0 arbalest
 60356 | Depths:3 | Identified a cursed -3 arbalest
 60358 | Depths:3 | Identified a +0 arbalest
 60367 | Depths:3 | Identified a +0 arbalest
 60372 | Depths:3 | Reached skill level 18 in Dodging
 60372 | Depths:3 | Identified a +0 arbalest
 60374 | Depths:3 | Identified a +0 arbalest
 60424 | Depths:3 | Found a runed translucent gate.
 60424 | Depths:3 | Found a runed translucent gate.
 60424 | Depths:3 | Found a runed translucent gate.
 60424 | Depths:3 | Noticed frimble's ghost (adept DsGl)
 60425 | Depths:3 | Identified a +0 demon trident of electrocution
 60425 | Depths:3 | Identified a +2 demon whip of draining
 60451 | Depths:3 | Received a gift from Trog
 60560 | Depths:3 | Killed frimble's ghost
 60560 | Depths:3 | Received a gift from Trog
 60589 | Depths:3 | Got a pair of encrusted boots
 60600 | Depths:3 | Identified the cursed -6 pair of boots "Vuarres" {Int+4}
                  | (You found it on level 3 of the Depths)
 60640 | Depths:3 | Found a one-way gate to the infinite horrors of the Abyss.
 60663 | Depths:3 | Identified a +0 war axe
 60663 | Depths:3 | Identified a +0 animal skin
 60686 | Depths:3 | Identified +0 fire dragon scales
 60732 | Depths:3 | Found Rizinaeg's Gadget Boutique.
 60733 | Depths:3 | Found Ykkext's Jewellery Emporium.
 60734 | Depths:3 | Found Seozytt's Gadget Boutique.
 60872 | Depths:3 | Identified a +0 arbalest
 60883 | Depths:3 | Identified a cursed -3 whip
 60883 | Depths:3 | Identified a +0 robe
 61047 | Depths:3 | Identified a +0 spear
 61047 | Depths:3 | Identified a +0 robe
 61262 | Depths:4 | Identified a +0 dire flail
 61262 | Depths:4 | Identified a cursed +0 dire flail
 61333 | Depths:4 | Reached skill level 19 in Axes
 61341 | Depths:4 | Identified a +0 shortbow
 61352 | Depths:4 | Identified a +1 great sword of flaming
 61366 | Depths:4 | Received a gift from Trog
 61370 | Depths:4 | Identified +0 storm dragon scales
 61380 | Depths:4 | Identified a +1 battleaxe of draining (Trog gifted it to
                  | you on level 4 of the Depths)
 61412 | Depths:4 | Identified a +0 robe
 61457 | Depths:4 | Noticed a caustic shrike
 61463 | Depths:4 | Killed a caustic shrike
 61463 | Depths:4 | Identified a +0 dire flail
 61463 | Depths:4 | Identified a +0 dire flail
 61482 | Depths:4 | Identified a +0 battleaxe of freezing
 61486 | Depths:4 | Identified a +0 dire flail
 61486 | Depths:4 | Identified a cursed -2 great mace
 61655 | Depths:4 | Reached XP level 24. HP: 237/238 MP: 22/22
 61720 | Depths:4 | Identified a +1 short sword of venom
 61762 | Depths:4 | Found a runed translucent door.
 61766 | Depths:4 | Identified a +0 battleaxe of freezing
 61773 | Depths:4 | Identified a +0 dagger
 61773 | Depths:4 | Identified a +0 robe
 61820 | Depths:4 | Identified a +0 troll leather armour
 61864 | Depths:4 | Identified a +1 arbalest of flaming
 61896 | Depths:4 | Identified a +1 battleaxe of freezing
 61897 | Depths:4 | Identified a +0 arbalest
 61898 | Depths:4 | Identified a +1 arbalest of velocity
 61898 | Depths:4 | Identified a +0 arbalest
 61898 | Depths:4 | Identified a +0 arbalest
 61899 | Depths:4 | Identified a +0 arbalest
 62040 | Depths:4 | Identified a +0 dagger
 62040 | Depths:4 | Identified a cursed -1 robe
 62042 | Depths:4 | Identified the ring "Xogegh" {rC+ Int+5}
 62046 | Depths:4 | Identified a +0 morningstar
 62046 | Depths:4 | Identified a +0 arbalest
 62094 | Depths:4 | Identified a +0 rapier
 62094 | Depths:4 | Identified a +0 leather armour
 62096 | Depths:4 | Identified a +0 dagger
 62096 | Depths:4 | Identified a +0 robe
 62097 | Depths:4 | Identified a +0 dagger
 62097 | Depths:4 | Identified a +1 robe of cold resistance
 62108 | Depths:4 | Identified a +0 dagger
 62108 | Depths:4 | Identified a +2 robe
 62109 | Depths:4 | Identified a +0 war axe
 62109 | Depths:4 | Identified a +0 chain mail
 62128 | Depths:4 | Identified a +0 battleaxe
 62128 | Depths:4 | Identified a +0 chain mail
 62134 | Depths:4 | Identified a +0 mace
 62139 | Depths:4 | Identified a +0 long sword
 62144 | Depths:4 | Identified a +0 long sword
 62187 | Depths:4 | Identified a +0 short sword
 62187 | Depths:4 | Identified a +2 shortbow of freezing
 62187 | Depths:4 | Identified a +0 leather armour
 62194 | Depths:4 | Identified a +0 dagger
 62215 | Depths:4 | Identified a +0 pair of boots (You found it on level 4 of
                  | the Depths)
 62456 | Depths:4 | Identified a +0 arbalest
 62766 | Depths:4 | Identified +0 ice dragon scales
 62821 | Depths:4 | Received a gift from Trog
 63010 | Depths:4 | Identified a +0 falchion of draining
 63010 | Depths:4 | Identified a +1 battleaxe of freezing
 63010 | Depths:4 | Identified a +0 rapier
 63017 | Depths:4 | Identified a +3 halberd
 63017 | Depths:4 | Identified a +0 arbalest
 63017 | Depths:4 | Identified a +0 plate armour
 63020 | Depths:4 | Identified a +0 battleaxe of freezing
 63020 | Depths:4 | Identified a +0 falchion
 63020 | Depths:4 | Identified a +0 arbalest
 63029 | Depths:4 | Identified a +0 war axe
 63029 | Depths:4 | Identified a +2 scale mail of fire resistance
 63029 | Depths:4 | Identified a +0 buckler
 63053 | Depths:4 | Identified a +2 glaive of flaming
 63211 | Depths:4 | Received a gift from Trog
 63218 | Depths:4 | Identified a +5 antimagic battleaxe (Trog gifted it to you
                  | on level 4 of the Depths)
 63280 | Depths:4 | Reached skill level 20 in Axes
 63308 | Depths:4 | Identified +0 gold dragon scales
 63308 | Depths:4 | Reached skill level 20 in Armour
 63428 | Depths:4 | Identified a +0 short sword of draining
 63428 | Depths:4 | Identified a +0 animal skin
 63428 | Depths:4 | Identified an uncursed ring of flight
 63432 | Depths:4 | Identified a +0 troll leather armour
 63448 | Depths:4 | Identified a +1 battleaxe of flaming
 63630 | Depths:4 | Identified a +0 giant club
 63631 | Depths:4 | Identified a +0 giant club
 63641 | Depths:4 | Identified +0 gold dragon scales
 63643 | Depths:4 | Identified a +0 giant club
 63643 | Depths:4 | Identified a +0 giant club
 63648 | Depths:4 | Identified a +0 giant club
 63650 | Depths:4 | Identified a +0 giant spiked club
 63650 | Depths:4 | Identified a +0 giant club
 63655 | Depths:4 | Identified the +4 hand axe of Elufed {freeze, rF+ Dex+2}
 63655 | Depths:4 | Identified a +0 robe
 63664 | Depths:4 | Identified a +0 dire flail
 63664 | Depths:4 | Identified a +0 giant spiked club
 63668 | Depths:4 | Identified +0 gold dragon scales
 63672 | Depths:4 | Identified a +0 halberd
 63672 | Depths:4 | Identified the cursed +1 leather armour of Nikhergh
                  | {Slay+5}
 63803 | Depths:4 | Found the +27 Lear's hauberk
 64046 | Depths:4 | Identified a +0 quarterstaff of distortion
 64046 | Depths:4 | Identified a +0 scale mail
 64298 | Depths:4 | Received a gift from Trog
 64298 | Depths:4 | Reached skill level 19 in Dodging
 64317 | Depths:4 | Identified a +1 antimagic great mace (Trog gifted it to you
                  | on level 4 of the Depths)
 64556 | Depths:5 | Entered Level 5 of the Depths
 64576 | Depths:5 | Identified an amulet of regeneration (You found it on level
                  | 5 of the Depths)
 64796 | Depths:5 | Identified a +1 scimitar of venom
 64796 | Depths:5 | Identified a +3 dire flail
 64844 | Depths:5 | Identified a +0 dagger
 64844 | Depths:5 | Identified a +0 cloak
 64845 | Depths:5 | Found a gate to the Realm of Zot.
 64845 | Depths:5 | Identified a +0 long sword
 64845 | Depths:5 | Identified a +0 cloak
 64845 | Depths:5 | Identified a +0 flail
 64867 | Depths:5 | Identified a +0 mace of holy wrath
 64964 | Depths:5 | Identified a +0 whip
 64964 | Depths:5 | Identified a +1 cloak
 65298 | Depths:5 | Identified a cursed +0 rapier
 65298 | Depths:5 | Identified a +2 cloak
 65305 | Depths:5 | Identified a +0 rapier
 65305 | Depths:5 | Identified a +0 cloak
 65342 | Depths:5 | Found Deotukoc's Book Shop.
 65347 | Depths:5 | Identified a +0 great sword
 65347 | Depths:5 | Identified a +0 ring mail
 65347 | Depths:5 | Identified a +2 battleaxe of freezing
 65349 | Depths:5 | Identified a +1 great sword of flaming
 65642 | Depths:5 | Identified a +2 great sword of flaming
 65643 | Depths:5 | Identified a +0 dire flail
 65643 | Depths:5 | Identified a cursed -3 great mace
 65657 | Depths:5 | Reached skill level 21 in Axes
 65704 | Depths:5 | Found Plog's Assorted Antiques.
 65734 | Depths:5 | Identified a +1 buckler of cold resistance
 65787 | Depths:5 | Identified a +0 arbalest
 65788 | Depths:5 | Found Geev's Distillery.
 65836 | Depths:5 | Bought a potion of heal wounds for 115 gold pieces
 65868 | Depths:5 | Found Uka App's Armour Emporium.
 65868 | Depths:5 | Identified a +0 robe
 65869 | Depths:5 | Identified a +1 antimagic battleaxe
 65869 | Depths:5 | Identified a +0 scale mail
 65871 | Depths:5 | Identified a +0 spear
 65871 | Depths:5 | Identified a +0 hand axe of flaming
 65871 | Depths:5 | Identified a +0 animal skin
 65876 | Depths:5 | Identified a +0 spear
 65896 | Depths:5 | Reached skill level 25 in Fighting
 65922 | Depths:5 | Identified a +0 arbalest
 65970 | Depths:5 | Reached XP level 25. HP: 236/249 MP: 22/22
 65971 | Depths:5 | Identified a +0 arbalest
 66728 | Depths:2 | Bought a pair of glowing gloves for 270 gold pieces
 66738 | Depths:2 | Identified a +1 pair of gloves of strength (You bought it
                  | in a shop on level 2 of the Depths)
 66962 | Vaults:5 | Entered Level 5 of the Vaults
 66962 | Vaults:5 | Identified a +2 great mace
 66962 | Vaults:5 | Identified a +0 plate armour
 66962 | Vaults:5 | Identified a +1 great sword of flaming
 66962 | Vaults:5 | Identified a +0 chain mail of poison resistance
 66962 | Vaults:5 | Identified a +0 long sword
 66962 | Vaults:5 | Identified a +0 leather armour
 66962 | Vaults:5 | Identified a +2 great mace
 66962 | Vaults:5 | Identified a +0 chain mail
 66962 | Vaults:5 | Identified a +0 dire flail
 66962 | Vaults:5 | Identified a +0 chain mail
 66962 | Vaults:5 | Identified a +0 battleaxe
 66962 | Vaults:5 | Identified a +0 plate armour
 66962 | Vaults:5 | Identified a +0 battleaxe
 66962 | Vaults:5 | Identified a +0 plate armour
 66962 | Vaults:5 | Identified a +0 battleaxe
 66962 | Vaults:5 | Identified a +0 plate armour
 66962 | Vaults:5 | Identified a +0 long sword
 66962 | Vaults:5 | Identified a +0 plate armour
 66962 | Vaults:5 | Identified a +0 shield
 66962 | Vaults:5 | Identified a +0 great mace
 66962 | Vaults:5 | Identified a +0 chain mail
 66962 | Vaults:5 | Identified a +0 great mace
 66962 | Vaults:5 | Identified a +0 plate armour
 66962 | Vaults:5 | Identified a +1 long sword of freezing
 66962 | Vaults:5 | Identified a +0 plate armour
 66962 | Vaults:5 | Identified a +0 shield
 66962 | Vaults:5 | Identified a cursed -2 war axe
 66962 | Vaults:5 | Identified a +0 chain mail
 66962 | Vaults:5 | Identified a +0 shield
 66962 | Vaults:5 | Identified a +1 war axe
 66962 | Vaults:5 | Identified a +0 plate armour
 66962 | Vaults:5 | Identified a +0 shield
 66962 | Vaults:5 | Identified a +0 great mace
 66962 | Vaults:5 | Identified a +0 plate armour
 66962 | Vaults:5 | Identified a +2 war axe of chopping
 66962 | Vaults:5 | Identified a +0 chain mail
 66962 | Vaults:5 | Identified a +0 great mace
 66962 | Vaults:5 | Identified a +0 chain mail
 66962 | Vaults:5 | Identified a +0 long sword
 66962 | Vaults:5 | Identified a +0 chain mail
 66962 | Vaults:5 | Identified a +0 war axe
 66962 | Vaults:5 | Identified a +0 chain mail
 66962 | Vaults:5 | Identified a +0 battleaxe
 66962 | Vaults:5 | Identified a +0 chain mail
 66962 | Vaults:5 | Identified a +1 long sword
 66962 | Vaults:5 | Identified a +0 chain mail
 66962 | Vaults:5 | Identified a +0 battleaxe
 66962 | Vaults:5 | Identified a +0 plate armour
 66962 | Vaults:5 | Identified a +0 war axe
 66962 | Vaults:5 | Identified a +0 plate armour
 66962 | Vaults:5 | Identified a +0 battleaxe
 66962 | Vaults:5 | Identified a +0 chain mail
 66962 | Vaults:5 | Identified a +2 halberd of protection
 66962 | Vaults:5 | Identified a +0 plate armour
 66964 | Vaults:5 | Identified a +2 great sword of flaming
 66964 | Vaults:5 | Identified a +0 chain mail
 66965 | Vaults:5 | Identified a +0 hand axe
 66965 | Vaults:5 | Identified a +0 arbalest
 66965 | Vaults:5 | Identified a +0 long sword
 66965 | Vaults:5 | Identified a +0 chain mail
 66966 | Vaults:5 | Identified a +0 morningstar
 66966 | Vaults:5 | Identified a +0 arbalest
 67045 | Vaults:5 | Identified a +0 mace
 67045 | Vaults:5 | Identified a +0 ring mail
 67219 | Vaults:5 | Identified a +0 morningstar
 67219 | Vaults:5 | Identified a +0 ring mail
 67226 | Vaults:5 | Received a gift from Trog
 67236 | Vaults:5 | Identified a +0 morningstar
 67236 | Vaults:5 | Identified a +0 leather armour
 67236 | Vaults:5 | Identified a cursed -1 long sword
 67236 | Vaults:5 | Identified a +0 leather armour
 67236 | Vaults:5 | Identified a +0 dire flail
 67236 | Vaults:5 | Identified a +0 chain mail
 67237 | Vaults:5 | Identified a cursed -2 great mace
 67237 | Vaults:5 | Identified a cursed -1 leather armour
 67255 | Vaults:5 | Identified a +0 short sword
 67284 | Vaults:5 | Identified a +0 long sword
 67284 | Vaults:5 | Identified a +0 ring mail
 67284 | Vaults:5 | Identified a +0 buckler
 67327 | Vaults:5 | Identified a +0 battleaxe of freezing
 67356 | Vaults:5 | Identified a cursed -2 dire flail
 67356 | Vaults:5 | Identified a +0 dire flail
 67380 | Vaults:5 | Identified a +1 flail of draining
 67432 | Vaults:5 | Identified a +0 halberd of flaming
 67432 | Vaults:5 | Identified a +0 arbalest
 67432 | Vaults:5 | Identified a +0 chain mail
 67435 | Vaults:5 | Identified a +1 eudemon blade of holy wrath
 67435 | Vaults:5 | Identified a +0 large shield
 67435 | Vaults:5 | Noticed Mennas
 67461 | Vaults:5 | Killed Mennas
 67504 | Vaults:5 | Identified a +0 arbalest of velocity
 67507 | Vaults:5 | Identified a +0 arbalest
 67508 | Vaults:5 | Identified a +0 arbalest of velocity
 67530 | Vaults:5 | Identified a +0 glaive
 67530 | Vaults:5 | Identified a +0 plate armour
 67563 | Vaults:5 | Identified a +0 great mace
 67563 | Vaults:5 | Identified a +0 chain mail
 67563 | Vaults:5 | Identified a +0 dagger of venom
 67563 | Vaults:5 | Identified a +0 ring mail
 67595 | Vaults:5 | Identified a cursed -1 scimitar
 67595 | Vaults:5 | Identified a +0 leather armour
 67595 | Vaults:5 | Identified a +0 buckler
 67596 | Vaults:5 | Identified a +2 long sword of holy wrath
 67597 | Vaults:5 | Identified a +0 rapier
 67598 | Vaults:5 | Identified a +1 long sword of slicing
 67598 | Vaults:5 | Identified a +0 scale mail
 67604 | Vaults:5 | Reached skill level 21 in Armour
 67604 | Vaults:5 | Identified a +3 scimitar of holy wrath
 67604 | Vaults:5 | Identified a +0 longbow
 67618 | Vaults:5 | Reached skill level 22 in Axes
 67627 | Vaults:5 | Noticed an ancient lich
 67635 | Vaults:5 | Identified the +7 whip "Quank" {antimagic, rElec rF+ MP+9
                  | Dex+3}
 67635 | Vaults:5 | Identified a +0 ring mail
 67635 | Vaults:5 | Identified a +0 buckler
 67639 | Vaults:5 | Killed an ancient lich
 67935 | Vaults:5 | Identified a ring of evasion (You found it on level 5 of
                  | the Vaults)
 68105 | Vaults:5 | Identified a +0 long sword
 68105 | Vaults:5 | Identified a +0 chain mail
 68132 | Vaults:5 | Identified a +0 long sword
 68134 | Vaults:5 | Identified a +1 bardiche
 68134 | Vaults:5 | Identified a +0 ring mail
 68143 | Vaults:5 | Identified a +5 vampiric dagger
 68143 | Vaults:5 | Identified a +0 arbalest
 68143 | Vaults:5 | Identified a +0 robe
 68221 | Vaults:5 | Identified a +4 war axe of flaming (Trog gifted it to you
                  | on level 5 of the Vaults)
 68234 | Vaults:5 | Identified a +1 hat (You found it on level 5 of the Vaults)
 68255 | Vaults:5 | Identified a +1 pair of gloves (You found it on level 5 of
                  | the Vaults)
 68276 | Vaults:5 | Identified a +0 pair of boots of running (You found it on
                  | level 5 of the Vaults)
 68295 | Vaults:5 | Got a silver rune of Zot
 68298 | Vaults:5 | Identified a +0 morningstar
 68312 | Vaults:5 | Identified a +0 short sword
 68315 | Vaults:5 | Identified a +0 great mace
 68315 | Vaults:5 | Identified a +0 ring mail
 68392 | Vaults:5 | Identified a +0 great mace of protection
 68392 | Vaults:5 | Identified a +0 ring mail
 68443 | Vaults:5 | Identified a +0 dire flail
 68443 | Vaults:5 | Identified a +0 dire flail
 68624 | Vaults:5 | Identified a +0 arbalest
 68628 | Vaults:5 | Received a gift from Trog
 68655 | Vaults:5 | Identified a +0 flail
 68655 | Vaults:5 | Identified a cursed +0 ring mail
 68667 | Vaults:5 | Identified a +0 arbalest
 69158 | Vaults:5 | Identified a +0 battleaxe
 69158 | Vaults:5 | Identified a +0 plate armour
 69292 | Vaults:5 | Identified a +3 long sword
 69292 | Vaults:5 | Identified a +2 hand crossbow of flaming
 69292 | Vaults:5 | Identified a +0 plate armour
 69601 | Zot:1    | Entered Level 1 of the Realm of Zot
 69753 | Zot:1    | Identified +0 shadow dragon scales
 69753 | Zot:1    | Reached skill level 20 in Dodging
 69782 | Zot:1    | Received a gift from Trog
 69879 | Zot:1    | Identified a +0 hand axe
 69879 | Zot:1    | Identified a +0 dire flail
 69880 | Zot:1    | Identified a +0 long sword
 69880 | Zot:1    | Identified a +0 cloak
 69881 | Zot:1    | Identified a +0 whip
 69881 | Zot:1    | Identified a +0 cloak
 69881 | Zot:1    | Identified a +0 long sword
 69881 | Zot:1    | Identified a +2 flail of draining
 69882 | Zot:1    | Identified a +0 long sword
 69882 | Zot:1    | Identified a +2 scimitar of holy wrath
 69883 | Zot:1    | Identified a +0 mace
 69883 | Zot:1    | Identified a +0 rapier
 69883 | Zot:1    | Identified a +0 cloak
 69883 | Zot:1    | Identified a cursed +0 long sword
 69885 | Zot:1    | Identified a +3 short sword
 69885 | Zot:1    | Identified a +0 cloak
 69960 | Zot:1    | Reached XP level 26. HP: 234/260 MP: 22/22
 70024 | Zot:1    | Identified a +0 battleaxe
 70030 | Zot:1    | Identified a +0 long sword
 70030 | Zot:1    | Identified a +0 cloak
 70031 | Zot:1    | Identified a +0 whip
 70031 | Zot:1    | Identified a +0 cloak
 70031 | Zot:1    | Identified a +0 dire flail
 70035 | Zot:1    | Reached skill level 23 in Axes
 70164 | Zot:2    | Identified a +0 battleaxe
 70170 | Zot:2    | Identified a +0 scimitar
 70174 | Zot:2    | Identified a +0 trident
 70184 | Zot:2    | Received a gift from Trog
 70202 | Zot:2    | Identified a +1 great mace of protection (Trog gifted it to
                  | you on level 2 of the Realm of Zot)
 70228 | Zot:2    | Identified a +0 scimitar
 70254 | Zot:2    | Identified a +0 rapier
 70254 | Zot:2    | Identified a +0 cloak
 70255 | Zot:2    | Identified a +0 halberd
 70255 | Zot:2    | Identified a +0 long sword
 70255 | Zot:2    | Identified a +0 cloak
 70438 | Zot:2    | Identified a +0 glaive
 70482 | Zot:2    | Identified +0 storm dragon scales
 70538 | Zot:2    | Identified a +0 halberd
 70586 | Zot:2    | Noticed a curse toe
 70592 | Zot:2    | Killed a curse toe
 70617 | Zot:2    | Identified +0 storm dragon scales
 70679 | Zot:2    | Identified a +0 halberd
 70687 | Zot:2    | Identified a +0 halberd
 70700 | Zot:2    | Identified +0 storm dragon scales
 70700 | Zot:2    | Reached skill level 26 in Fighting
 70711 | Zot:2    | Identified a +0 war axe
 70746 | Zot:2    | Identified quicksilver dragon scales
 70774 | Zot:2    | Reached skill level 22 in Armour
 70902 | Zot:3    | Identified a +0 halberd
 70940 | Zot:3    | Identified a +0 war axe
 70940 | Zot:3    | Identified a +0 cloak
 70940 | Zot:3    | Identified a +0 war axe
 70941 | Zot:3    | Identified a +0 glaive
 70948 | Zot:3    | Identified a +0 long sword
 70954 | Zot:3    | Identified a +0 battleaxe
 70958 | Zot:3    | Identified a +0 long sword
 70958 | Zot:3    | Identified a +0 cloak
 70958 | Zot:3    | Reached skill level 24 in Axes
 70987 | Zot:3    | Identified a +2 cloak of invisibility
 71013 | Zot:3    | Got a sparkling wooden ring
 71088 | Zot:3    | Noticed a curse toe
 71091 | Zot:3    | HP: 47/261 [??? (35)]
 71291 | Zot:3    | Killed a curse toe
 71425 | Zot:3    | Identified a +9 club of electrocution
 71428 | Zot:3    | Received a gift from Trog
 71584 | Zot:3    | Noticed a curse toe
 71793 | Zot:3    | Killed a curse toe
 72004 | Zot:3    | Identified a +1 antimagic battleaxe (Trog gifted it to you
                  | on level 3 of the Realm of Zot)
 72131 | Zot:4    | Identified a cursed +0 short sword
 72136 | Zot:4    | Identified +0 gold dragon scales
 72159 | Zot:4    | Identified a +0 flail
 72159 | Zot:4    | Identified a +8 vampiric club
 72159 | Zot:4    | Identified a +0 glaive
 72159 | Zot:4    | Identified a +0 war axe
 72159 | Zot:4    | Identified a +0 halberd
 72159 | Zot:4    | Identified a +0 long sword
 72159 | Zot:4    | Identified a +0 cloak
 72168 | Zot:4    | Identified a +0 short sword
 72176 | Zot:4    | Identified a +0 rapier
 72176 | Zot:4    | Identified a +0 cloak
 72176 | Zot:4    | Identified a +3 battleaxe of draining
 72176 | Zot:4    | Identified a cursed +0 cloak
 72176 | Zot:4    | Identified a +0 halberd
 72211 | Zot:4    | Identified quicksilver dragon scales
 72297 | Zot:4    | Identified a +0 short sword
 72297 | Zot:4    | Identified a +0 cloak
 72298 | Zot:4    | Reached skill level 21 in Dodging
 72302 | Zot:4    | Identified +0 storm dragon scales
 72319 | Zot:4    | Reached XP level 27. HP: 235/270 MP: 11/22
 72382 | Zot:5    | Entered Level 5 of the Realm of Zot
 72422 | Zot:5    | Identified a +0 long sword
 72422 | Zot:5    | Identified a +0 cloak
 72422 | Zot:5    | Identified a cursed -2 battleaxe
 72422 | Zot:5    | Identified a +0 scimitar
 72422 | Zot:5    | Identified a +2 flail of distortion
 72423 | Zot:5    | Identified a +0 long sword
 72425 | Zot:5    | Identified a +1 vampiric halberd
 72426 | Zot:5    | Identified a +0 long sword
 72452 | Zot:5    | Identified a +0 long sword
 72452 | Zot:5    | Identified a +0 cloak
 72588 | Zot:5    | Identified a +0 trident
 72589 | Zot:5    | Identified a +0 hand axe
 72592 | Zot:5    | Identified a +0 dire flail
 72592 | Zot:5    | Identified a +0 war axe
 72593 | Zot:5    | Identified a +0 war axe
 72594 | Zot:5    | Identified a +0 hand axe
 72597 | Zot:5    | Identified a +0 giant spiked club
 72605 | Zot:5    | Received a gift from Trog
 72619 | Zot:5    | Reached skill level 25 in Axes
 72753 | Zot:5    | Noticed an ancient lich
 72767 | Zot:5    | Killed an ancient lich
 72803 | Zot:5    | Identified a +2 long sword of slicing
 72803 | Zot:5    | Identified a +0 cloak
 72805 | Zot:5    | Identified a +0 war axe
 72806 | Zot:5    | Identified a +9 club of holy wrath
 72806 | Zot:5    | Noticed an ancient lich
 72806 | Zot:5    | Identified a +9 club of freezing
 72806 | Zot:5    | Identified a +0 rapier
 72806 | Zot:5    | Identified a +0 cloak
 72806 | Zot:5    | Identified a cursed -1 dagger
 72806 | Zot:5    | Identified a +0 cloak
 72808 | Zot:5    | Killed an ancient lich
 72809 | Zot:5    | Identified a +0 trident
 72815 | Zot:5    | Identified a +8 club of freezing
 72821 | Zot:5    | Reached skill level 23 in Armour
 72833 | Zot:5    | Noticed an orb of fire
 72838 | Zot:5    | Identified a +0 long sword
 72844 | Zot:5    | Gained mutation: You are clumsy. (Dex -2) [an orb of fire]
 72847 | Zot:5    | Received a gift from Trog
 72853 | Zot:5    | Killed an orb of fire
 72914 | Zot:5    | Identified a +0 dire flail of protection
 72915 | Zot:5    | Identified a +0 rapier
 72915 | Zot:5    | Identified a +0 cloak
 72917 | Zot:5    | Identified a +0 whip
 72917 | Zot:5    | Identified a cursed -1 cloak
 72974 | Zot:5    | Noticed an ancient lich
 72986 | Zot:5    | Killed an ancient lich
 72995 | Zot:5    | Identified a +2 war axe of freezing
 72995 | Zot:5    | Identified a +0 cloak
 72995 | Zot:5    | Identified a +0 large shield
 72997 | Zot:5    | Identified a +0 glaive
 72998 | Zot:5    | Identified a +1 cloak of magic resistance
 72998 | Zot:5    | Identified a +0 scimitar
 73026 | Zot:5    | Identified a +0 hand axe
 73034 | Zot:5    | Reached skill level 27 in Fighting
 73040 | Zot:5    | Identified a +0 short sword
 73166 | Zot:5    | Reached skill level 26 in Axes
 73237 | Zot:5    | Got the Orb of Zot
 73420 | Zot:4    | Noticed Uhouhoy the pandemonium lord
 73423 | Zot:4    | Killed Uhouhoy the pandemonium lord
 73514 | Depths:5 | Identified a +2 demon whip of venom
 73514 | Depths:5 | Identified a +0 trident
 73640 | Depths:2 | Identified a +2 trident of pain
 73675 | Depths:1 | Identified a +0 falchion of flaming
 73675 | Depths:1 | Identified a +0 shortbow
 73675 | Depths:1 | Identified a +0 robe
 73689 | D:15     | Identified a +0 demon whip
 73689 | D:15     | Identified a +0 trident of flaming
 73689 | D:15     | Identified a +0 trident
 73714 | D:15     | Identified a +2 whip
 73798 | D:9      | Identified a cursed +0 chain mail
 73798 | D:9      | Identified a +0 dire flail
 73798 | D:9      | Identified a +0 ring mail
 73861 | D:6      | Noticed Ovveju the pandemonium lord
 73866 | D:6      | Reached skill level 22 in Dodging
 73899 | D:6      | Killed Ovveju the pandemonium lord
 73953 | D:2      | Identified a +0 whip
 73953 | D:2      | Identified a +0 robe
 74044 | D:$      | Escaped with the Orb!

Vanquished Creatures
  Mennas (Vaults:5)
  An orb of fire (Zot:5)
  A juggernaut (D:15)
  4 ancient liches
  Sojobo (Depths:3)
  7 caustic shrikes
  Margery (Vaults:4)
  5 Killer Klowns
  3 curse toes
  The ghost of Dataggej the Executioner, an adept MiBe of Trog (Elf:3)
  Nikola (Depths:1)
  11 golden dragons
  A profane servitor (D:14)
  7 electric golems
  2 Tzitzimimeh
  4 liches
  2 pandemonium lords
  19 tentacled monstrosities
  2 Hell Sentinels
  24 Orb Guardians
  2 deep elf blademasters
  Asterion (Vaults:2)
  8 quicksilver dragons
  2 deep elf master archers (Elf:3)
  4 titans (Vaults:5)
  A sphinx (Vaults:5)
  11 death cobs
  The ghost of frimble the Victor of a Thousand Battles, an adept DsGl of Okawaru (Depths:3)
  4 thorn hunters
  9 shadow dragons
  10 tengu reavers
  Donald (Elf:3)
  Kirke (D:14)
  2 draconian monks
  10 nagarajas
  14 storm dragons
  3 draconian knights
  5 fire giants
  3 iron dragons
  6 deep elf sorcerers (Elf:3)
  13 frost giants
  5 draconian scorchers
  A ghost moth (Zot:4)
  2 orc warlords
  11 vault wardens
  Aizul (Swamp:4)
  A balrug (Depths:3)
  10 deep elf elementalists
  5 draconian shifters
  A juggernaut zombie (Depths:3)
  5 draconian stormcallers
  4 draconian annihilators
  3 spriggan defenders (Depths:3)
  3 war gargoyles (Vaults:5)
  14 ironheart preservers
  An entropy weaver (Vaults:2)
  10 very ugly things
  18 stone giants
  7 vampire knights
  12 purple draconians
  11 red draconians
  11 deep elf annihilators
  5 deep elf demonologists
  9 yellow draconians
  9 black draconians
  9 white draconians
  6 green draconians
  A minotaur (Gauntlet)
  4 spark wasps
  2 green deaths
  9 deep elf death magi
  12 ettins
  A blizzard demon (Depths:3)
  20 fire dragons
  8 deep elf high priests
  A great orb of eyes (shapeshifter) (Vaults:5)
  15 great orbs of eyes
  2 jiangshi (Depths:4)
  2 crystal guardians (Vaults:4)
  19 yaktaur captains
  Josephine (D:13)
  24 hydras
  7 rakshasas
  19 naga warriors
  12 ice dragons
  36 vault guards
  3 shambling mangroves
  3 spriggan air magi
  A catoblepas (Lair:3)
  15 centaur warriors
  2 ghost crabs (Swamp:4)
  9 anacondas
  43 two-headed ogres
  2 death knights
  17 ogre magi
  9 alligators
  A satyr (shapeshifter) (Vaults:5)
  26 dancing weapons
  14 death yaks
  6 tengu warriors
  10 deep troll earth magi
  11 deep troll shamans
  A two-headed ogre (shapeshifter) (Vaults:3)
  Urug (D:11)
  2 orc high priests
  A vampire mage (Depths:4)
  9 shock serpents
  7 naga sharpshooters
  7 spriggan berserkers
  30 deep elf knights
  Nergalle (Orc:2)
  3 sun demons
  4 shadow wraiths
  2 sixfirhies
  11 hell knights
  A fire crab (shapeshifter) (Vaults:1)
  4 skeletal warriors
  3 iron trolls (Depths:4)
  3 salamander mystics
  A glowing orange brain (shapeshifter) (Depths:4)
  3 shadow demons (Depths:2)
  5 flayed ghosts
  5 unseen horrors
  10 swamp dragons
  2 glowing orange brains
  4 spriggan druids
  A lindwurm (Lair:6)
  10 naga ritualists
  27 deep trolls
  A tengu zombie (Depths:3)
  20 orc knights
  20 deep elf archers
  14 ironbrand convokers
  A lindwurm (shapeshifter) (Vaults:5)
  2 large abominations (Elf:3)
  2 wizards
  9 necromancers
  15 mana vipers
  4 harpies (Vaults:2)
  3 human zombies
  4 wolf spiders
  6 orc sorcerers
  A wolf spider zombie (D:14)
  89 deep elf magi
  A faun (shapeshifter) (D:15)
  32 ugly things
  21 slime creatures
  A shadow dragon skeleton (D:15)
  5 cyclopes
  A salamander (shapeshifter) (Depths:1)
  32 moths of wrath
  3 manticores
  6 guardian serpents
  11 salamanders
  A rust devil (Depths:3)
  2 frost giant skeletons
  35 black mambas
  2 human skeletons
  3 centaur zombies
  2 gargoyles
  25 naga magi
  3 molten gargoyles (Lair:6)
  An elf zombie (D:15)
  5 vault sentinels
  3 rime drakes (Swamp:4)
  2 torpor snails
  A storm dragon simulacrum (Depths:3)
  15 spiny frogs
  12 komodo dragons
  A yaktaur zombie (Vaults:2)
  A hellion (Zot:5)
  An ice devil (Depths:3)
  4 freezing wraiths
  70 yaktaurs
  A kobold demonologist (D:13)
  2 elf skeletons (Depths:4)
  2 efreet
  A rime drake (shapeshifter) (Depths:1)
  A guardian mummy (D:15)
  A yaktaur skeleton (Vaults:3)
  A hellwing (Depths:3)
  6 trolls
  A wind drake (shapeshifter) (Vaults:2)
  A red devil (Depths:3)
  7 tengu conjurers
  A polar bear (Lair:3)
  A queen bee (Depths:4)
  A troll (shapeshifter) (Depths:4)
  Prince Ribbit (D:8)
  2 hornets (shapeshifter)
  A tengu simulacrum (Vaults:3)
  20 hornets
  10 tyrant leeches
  15 blink frogs
  2 raiju (shapeshifter)
  A dream sheep (Lair:5)
  9 bog bodies
  An ettin zombie (Depths:3)
  9 small abominations
  6 hippogriffs
  4 human simulacra
  8 shadows
  2 air elementals
  A spriggan (shapeshifter) (Elf:3)
  6 wraiths
  14 wyverns
  15 spriggans
  5 fire elementals
  11 water elementals
  2 hogs (D:13)
  A fire bat (shapeshifter) (D:14)
  2 spriggan skeletons
  8 basilisks
  61 yaks
  2 hungry ghosts
  16 vampire mosquitoes
  3 wargs
  A chaos spawn (Depths:3)
  2 steam dragons (Lair:6)
  15 swamp worms
  12 insubstantial wisps
  65 nagas
  A naga (shapeshifter) (Depths:2)
  11 water moccasins
  3 hell hounds (Lair:6)
  5 acid dragons
  2 floating eyes (shapeshifter)
  16 porcupines
  A water moccasin (shapeshifter) (Vaults:3)
  A floating eye (Depths:4)
  A black bear (shapeshifter) (Depths:4)
  6 ice beasts
  10 swamp drakes
  35 orc warriors
  2 sky beasts
  A black bear (D:11)
  3 phantoms
  34 ogres
  2 necrophages
  A tengu (shapeshifter) (Vaults:1)
  6 wolves
  9 boggarts
  37 centaurs
  A big kobold (D:7)
  10 crocodiles
  A wyvern zombie (D:9)
  A glowing shapeshifter simulacrum (Vaults:3)
  4 earth elementals
  19 bullfrogs
  A water moccasin skeleton (D:4)
  5 scorpions
  16 wights
  46 killer bees
  5 electric eels (D:11)
  3 howler monkeys
  4 crimson imps
  5 lava snakes (Lair:6)
  4 bullfrog zombies
  A quasit (D:11)
  8 jellies
  32 orc wizards
  5 hounds
  19 orc priests
  A bullfrog skeleton (D:13)
  7 centaur skeletons
  A gnoll shaman (D:5)
  Ijyb (D:5)
  14 iguanas
  6 worker ants
  A hound skeleton (D:9)
  2 mummies
  2 worker ant zombies
  10 gnolls
  12 adders
  6 shadow imps
  A white imp (Depths:2)
  An ooze (D:4)
  An adder zombie (D:6)
  3 adder skeletons
  A worm (shapeshifter) (Depths:5)
  A worm (D:6)
  A dart slug (D:3)
  3 leopard geckos
  94 orcs
  3 ball pythons
  3 giant cockroaches
  9 goblins
  8 hobgoblins
  19 jackals
  13 kobolds
  2 quokkas
  15 bats
  5 frilled lizards
  3 gnoll skeletons (Ossuary)
  A jackal skeleton (D:9)
  6 kobold skeletons (Ossuary)
  16 orc skeletons (Ossuary)
  A quokka zombie (D:6)
  10 rats
  6 crawling corpses (Elf:3)
  26 plants
2453 creatures vanquished.

Vanquished Creatures (collateral kills)
  the Enchantress (Depths:3)
  2 vault wardens
  A deep elf death mage (Vaults:2)
  A spriggan air mage (Depths:3)
  2 naga warriors (Snake:4)
  A vault guard (Vaults:4)
  An ogre mage (Vaults:2)
  A hell knight (Vaults:4)
  An ironbrand convoker (Vaults:2)
  A deep elf archer (Vaults:2)
  A deep elf mage (Elf:1)
  A necromancer (Vaults:4)
  A salamander (Snake:4)
  2 kobold demonologists (D:11)
  A naga mage (Snake:4)
  2 hornets (Depths:3)
  A spriggan (Depths:3)
  Grum (D:11)
  2 wolves (D:11)
  2 big kobolds (D:11)
  4 small abominations (Gauntlet)
  An orc wizard (D:9)
  A kobold (D:11)
32 creatures vanquished.

Vanquished Creatures (others)
  A draconian shifter (Zot:1)
  A stone giant (Depths:1)
  An ice dragon (Depths:3)
  An alligator (Swamp:4)
  A deep elf knight (D:15)
  A deep elf archer (Elf:3)
  A deep elf mage (Elf:1)
  3 humans (D:14)
  A swamp drake (Swamp:4)
  A boggart (Depths:2)
  An orc (Vaults:1)
  2 kobolds (D:11)
  3 bushes (D:11)
  12 fungi
  18 plants
  4 withered plants (D:15)
52 creatures vanquished.

Grand Total: 2537 creatures vanquished

Levels and vault maps discovered:
D:1:      minmay_arrival_open_corners, layout_basic, minmay_hexomino_p4
D:2:      layout_loops_corners, gammafunk_temple_overflow_wave, first_ration,
          chequers_ecumenical_altar_grove, corexii_item_surrounded_by_moat
D:3:      layout_loops_ring, nicolae_gozag_cash_rules_everything_around_me,
          serial_bayou_pond_b, hangedman_abyss_or_decor_stabs
D:4:      layout_gridville, minmay_temple_entry_arrows,
          gup_ossuary_entry_pyramid, nicolae_ru_great_annihilating_truth
D:5:      layout_layer_cave, serial_shops, shop, shop, shop, shop, uniq_ijyb
D:6:      layout_loops_ring, nrook_loot_triangle
D:7:      layout_basic, serial_shops, nicolae_shop_waterfront, the_bakery,
          lemuel_angel_altar
D:8:      layout_gridville, grunt_temple_overflow_growth_and_decay,
          kennysheep_little_box, uniq_prince_ribbit1
D:9:      layout_basic, overflow_temple_1_default, lemuel_doored_altar,
          serial_shops, nicolae_shop_waterfront, guppyfry_early_elven_hall
D:10:     layout_loops_ring, erik_orc_4, item_on_display_b
D:11:     layout_basic, minmay_lair_entry_grove, hangedman_decor_points,
          uniq_grum, uniq_urug
D:12:     layout_loops_ring
D:13:     layout_cave_pools, erik_vaults_2, grunt_qazlal_sundering,
          uniq_josephine
D:14:     layout_loops_ring, hangedman_decor_lopped, uniq_kirke
D:15:     gammafunk_depths_entry_grave, layout_long_grid, hex_tiny,
          serial_shops, nicolae_shop_stone
Temple:   nicolae_temple_figure_eight
Lair:1:   layout_small_grid
Lair:2:   beast_lair_carwin_large_3, layout_regular_city,
          palyth_hydra_swamp_entry
Lair:3:   wad_woods_structure_01, layout_regular_city
Lair:4:   layout_loops_ring, guppyfry_snake_entry_island, bh_chokoban,
          beast_lair_carwin_3
Lair:5:   dpeg_oklob_gauntlet, layout_gridlike, slime_altar_1,
          hangedman_lair_generics_rect, serial_bayou_shore_b, lemuel_fruit_tree
Lair:6:   cheibrodos_lair_end_hotspot, layout_small_grid, gauntlet_entry_generic
Swamp:1:  layout_falls_marsh, evilmike_swamp_ruin_house_2
Swamp:2:  layout_basic_swamp, evilmike_swamp_ruin_house_4,
          infiniplex_staircase_pool
Swamp:3:  cheibrodos_swamp_heart_of_darkness, layout_basic_swamp,
          evilmike_swamp_ruin_house_6
Swamp:4:  swamp_alternative, layout_basic_swamp, uniq_aizul
Snake:1:  nicolae_snake_hallway, layout_onion_interference
Snake:2:  layout_misc_corridors
Snake:3:  layout_rooms, nicolae_snake_single_loop
Snake:4:  johnstein_snake_rune_scales, layout_misc_corridors,
          gammafunk_ghost_arena, basic_altar, serial_bayou_shore_b
Orc:1:    orc_temple, layout_caves, serial_shops, nicolae_shop_stone,
          bh_open_orc_temple
Orc:2:    grunt_orc_cross, layout_diamond_mine, basic_altar
Elf:1:    minmay_elf_arrival_circle, layout_loops_cross, serial_shops, shop,
          minmay_elf_annihilation, nicolae_elf_glass_and_crystal_pillar_2
Elf:2:    layout_gridlike
Elf:3:    minmay_elf_hall_curves, layout_rooms, ebering_ghost_xom,
          grunt_megastairs_3, uniq_donald
Vaults:1: v_alt_pattern_4, nicolae_vaults_yaktaur_gun_rack,
          grunt_vaults_diagonal, nicolae_vaults_specimen_jars,
          ontoclasm_vaults_shuriken, v_pattern_4, vaults_room_door_hall,
          st_cells, grunt_vaults_funnel, vaults_room_grid, v_misc_25,
          vaults_room_fours, vaults_room_corners, serial_ice_h,
          layout_vaults_omnibox
Vaults:2: v_misc_33, hangedman_vaults_snaps, hangedman_vaults_restitches,
          hangedman_vaults_corner_blocks, vaults_room_door_hall,
          vaults_room_pools, v_alt_pattern_4, v_misc_8, st_check,
          ontoclasm_vaults_tryst, hangedman_vaults_capsules,
          hangedman_vaults_trim, layout_vaults_omnicross, uniq_asterion
Vaults:3: v_misc_23, v_rooms_1, v_misc_19, v_misc_8, vaults_mumra_hex,
          vaults_room_hangedman_quadrants, layout_vaults_omnigrid
Vaults:4: ontoclasm_vaults_ring_small, nicolae_vaults_little_squares_1,
          v_misc_18, v_misc_24, grunt_tower_of_power,
          ontoclasm_vaults_loading_screen, v_misc_10, ontoclasm_vaults_ligature,
          vaults_dpeg_ring, vaults_room_fours, layout_vaults_big_room,
          serial_shops, nicolae_shop_window_shopping, shop_coins, uniq_margery
Vaults:5: uniq_mennas
Crypt:1:  layout_chaotic_city, grunt_crypt_arrival_guarded_gate, uniq_frederick,
          uniq_bai_suzhen
Depths:1: layout_gridville, pf_hell_entry_great_geh, minmay_tree_intersection,
          serial_sigils_hangedman_stare, minmay_holes,
          chequers_serial_rivers_small_a, minmay_pinched_square, uniq_nikola
Depths:2: regret_index_dithmenos_brocken_genspenst, layout_cave_pools,
          enter_ziggurat_b, rand_demon_pan_entry_9, hangedman_coc_ice_floe,
          infiniplex_staircase_pillars_2, minmay_shoptagon
Depths:3: minmay_the_grid_octo_tiled_squarecenter
          [minmay_the_grid_octo_vomiting_pacman, minmay_the_grid_octo_horde,
          minmay_the_grid_octo_thin_diamonds,
          minmay_the_grid_octo_checkerflower,
          minmay_the_grid_square_5x5_megaprize_diamond,
          minmay_the_grid_square_5x5_forky,
          minmay_the_grid_square_5x5_two_walls_b,
          minmay_the_grid_square_5x5_pentomino_r,
          minmay_the_grid_square_5x5_tie], layout_gridlike, abyss_entry,
          nicolae_twisting_strands, pan_entry, serial_shops, kennysheep_mini,
          biasface_ghost_demon_polymorph, hell_entry,
          minmay_staircase_windowed_small, minmay_shop_grove, uniq_sojobo,
          uniq_enchantress
Depths:4: box_level_dp, abyss_entry, hell_entry
Depths:5: evilmike_zot_entry_argh, layout_gridlike, hell_entry, serial_shops,
          nicolae_shop_stone, nicolae_shop_trees, nicolae_shop_statue_plus,
          shop, hangedman_decor_push
Zot:1:    layout_onion, st_small_dragon_hoard_1, st_stairs_12
Zot:2:    kennysheep_ambush_hall, layout_onion_interference, st_stairs_4,
          lemuel_golem_globe
Zot:3:    layout_twisted_circle
Zot:4:    grunt_deathspiral_small, layout_concentric_octagons
Zot:5:    layout_misc_corridors, grunt_ministairs_2

Table legend:
 A = Turns spent in this place as a percentage of turns spent in the entire game.
 B = Non-inter-level travel turns spent in this place as a percentage of non-inter-level travel turns spent in the entire game.
 C = Inter-level travel turns spent in this place as a percentage of turns spent in this place.
 D = Turns resting spent in this place as a percentage of non-inter-level travel turns spent in this place.
 E = Turns spent auto-exploring this place as a percentage of non-inter-level travel turns spent in this place.
 F = Non-inter-level travel turns spent in this place divided by the number of levels of this place that you've seen.
                   A       B       C       D       E      F
               +-------+-------+-------+-------+-------+----------------------
         Total | 100.0 | 100.0 |   5.7 |  25.7 |  33.3 | 1316.9
       Dungeon |  25.6 |  24.4 |  10.1 |  23.4 |  47.9 | 1134.7
        Temple |   0.3 |   0.3 |   5.7 |   0.0 |  98.9 | 183.0
          Lair |  13.0 |  13.2 |   4.7 |  22.8 |  53.5 | 1530.0
         Swamp |   6.7 |   7.0 |   2.7 |  34.0 |  42.2 | 1212.8
     Snake Pit |   9.2 |   9.5 |   2.7 |  38.7 |  33.3 | 1650.2
  Orcish Mines |   3.3 |   3.3 |   5.3 |  41.8 |  29.1 | 1153.0
   Elven Halls |   6.1 |   6.1 |   5.4 |  24.8 |  24.6 | 1412.0
        Vaults |  14.2 |  13.9 |   7.6 |  19.1 |  29.2 | 1943.0
         Crypt |   0.0 |   0.0 |   0.0 |   0.0 |   0.0 |  26.0
        Depths |  14.0 |  14.3 |   3.5 |  18.6 |  12.2 | 2000.0
           Zot |   5.3 |   5.6 |   0.2 |  29.5 |   0.0 | 778.0
       Ossuary |   0.7 |   0.7 |   0.0 |  35.9 |   0.0 | 504.0
      Gauntlet |   1.7 |   1.8 |   0.0 |  46.4 |   1.3 | 1285.0
               +-------+-------+-------+-------+-------+----------------------

Table legend:
 A = Kills in this place as a percentage of kills in entire the game.
 B = Kills by you in this place as a percentage of kills by you in the entire game.
 C = Kills by friends in this place as a percentage of kills by friends in the entire game.
 D = Other kills in this place as a percentage of other kills in the entire game.
 E = Experience gained in this place as a percentage of experience gained in the entire game.
 F = Experience gained in this place divided by the number of levels of this place that you have seen.
                   A       B       C       D       E      F
               +-------+-------+-------+-------+-------+----------------------
         Total | 100.0 | 100.0 | 100.0 | 100.0 | 100.0 | 31619.3
       Dungeon |  22.2 |  22.2 |  28.1 |  12.5 |   6.9 | 7658.1
          Lair |   6.6 |   6.7 |   0.0 |   0.0 |   2.8 | 7791.7
         Swamp |   6.9 |   6.9 |   0.0 |  25.0 |   4.9 | 20680.8
     Snake Pit |   8.8 |   8.8 |  12.5 |   0.0 |   7.0 | 29439.0
  Orcish Mines |   3.7 |   3.7 |   0.0 |   0.0 |   0.8 | 6360.0
   Elven Halls |   7.8 |   7.8 |   3.1 |  25.0 |   9.3 | 52157.3
        Vaults |  18.2 |  18.2 |  28.1 |   0.0 |  21.3 | 71377.0
        Depths |  15.6 |  15.6 |  15.6 |  25.0 |  22.9 | 76590.0
           Zot |   8.2 |   8.3 |   0.0 |  12.5 |  23.7 | 79403.8
       Ossuary |   1.1 |   1.1 |   0.0 |   0.0 |   0.0 | 260.0
      Gauntlet |   0.7 |   0.6 |  12.5 |   0.0 |   0.4 | 7417.0
               +-------+-------+-------+-------+-------+----------------------
